Workbook
Name abc: #REF!
Name abc: #REF!
Name abc: #REF!
Name abc: #REF!
Name abc: #REF!
Name abc: #REF!
Name abs: #REF!
Name abs: #REF!
Name abs: #REF!
Name abs: #REF!
Name abs: #REF!
Name abs: #REF!
Name mistake: #REF!
Name mistake: #REF!
Name mistake: #REF!
Name x: #REF!
Name x: #REF!
Name x: #REF!
Name x: #REF!
Name x: #REF!
Name x: #REF!
Name xxx: #REF!
Name xxx: #REF!
Name xxx: #REF!
Name xxx: #REF!
Name xxx: #REF!
Name xxx: #REF!
Name xxx1: #REF!
Name xxx1: #REF!
Name xxx1: #REF!
Name xxx1: #REF!
Name xxx1: #REF!
Name xxx1: #REF!
Name z: #REF!
Name z: #REF!
Name z: #REF!
Name z: #REF!
Name z: #REF!
Name z: #REF!

Sheet Accueil
B2: Modèle de population de varroas | C2: Modèle de population de varroas | D2: Modèle de population de varroas | E2: Modèle de population de varroas | F2: Modèle de population de varroas | G2: Modèle de population de varroas | H2: Modèle de population de varroas | I2: Modèle de population de varroas | J2: Modèle de population de varroas | K2: Modèle de population de varroas | L2: Modèle de population de varroas | M2: Modèle de population de varroas
B3: Modèle de population de varroas | C3: Modèle de population de varroas | D3: Modèle de population de varroas | E3: Modèle de population de varroas | F3: Modèle de population de varroas | G3: Modèle de population de varroas | H3: Modèle de population de varroas | I3: Modèle de population de varroas | J3: Modèle de population de varroas | K3: Modèle de population de varroas | L3: Modèle de population de varroas | M3: Modèle de population de varroas
B5: Randy Oliver · édition 2026 · traduction française | C5: Randy Oliver · édition 2026 · traduction française | D5: Randy Oliver · édition 2026 · traduction française | E5: Randy Oliver · édition 2026 · traduction française | F5: Randy Oliver · édition 2026 · traduction française | G5: Randy Oliver · édition 2026 · traduction française | H5: Randy Oliver · édition 2026 · traduction française | I5: Randy Oliver · édition 2026 · traduction française | J5: Randy Oliver · édition 2026 · traduction française | K5: Randy Oliver · édition 2026 · traduction française | L5: Randy Oliver · édition 2026 · traduction française | M5: Randy Oliver · édition 2026 · traduction française
B6: Randy Oliver · édition 2026 · traduction française | C6: Randy Oliver · édition 2026 · traduction française | D6: Randy Oliver · édition 2026 · traduction française | E6: Randy Oliver · édition 2026 · traduction française | F6: Randy Oliver · édition 2026 · traduction française | G6: Randy Oliver · édition 2026 · traduction française | H6: Randy Oliver · édition 2026 · traduction française | I6: Randy Oliver · édition 2026 · traduction française | J6: Randy Oliver · édition 2026 · traduction française | K6: Randy Oliver · édition 2026 · traduction française | L6: Randy Oliver · édition 2026 · traduction française | M6: Randy Oliver · édition 2026 · traduction française
B9: Commencez par le modèle principal. Les cellules vertes et les cases jaunes d’intervention conservent le rôle indiqué dans l’original. Les codes de profil et les formules restent ceux du classeur. | C9: Commencez par le modèle principal. Les cellules vertes et les cases jaunes d’intervention conservent le rôle indiqué dans l’original. Les codes de profil et les formules restent ceux du classeur. | D9: Commencez par le modèle principal. Les cellules vertes et les cases jaunes d’intervention conservent le rôle indiqué dans l’original. Les codes de profil et les formules restent ceux du classeur. | E9: Commencez par le modèle principal. Les cellules vertes et les cases jaunes d’intervention conservent le rôle indiqué dans l’original. Les codes de profil et les formules restent ceux du classeur. | F9: Commencez par le modèle principal. Les cellules vertes et les cases jaunes d’intervention conservent le rôle indiqué dans l’original. Les codes de profil et les formules restent ceux du classeur. | G9: Commencez par le modèle principal. Les cellules vertes et les cases jaunes d’intervention conservent le rôle indiqué dans l’original. Les codes de profil et les formules restent ceux du classeur. | H9: Commencez par le modèle principal. Les cellules vertes et les cases jaunes d’intervention conservent le rôle indiqué dans l’original. Les codes de profil et les formules restent ceux du classeur. | I9: Commencez par le modèle principal. Les cellules vertes et les cases jaunes d’intervention conservent le rôle indiqué dans l’original. Les codes de profil et les formules restent ceux du classeur. | J9: Commencez par le modèle principal. Les cellules vertes et les cases jaunes d’intervention conservent le rôle indiqué dans l’original. Les codes de profil et les formules restent ceux du classeur. | K9: Commencez par le modèle principal. Les cellules vertes et les cases jaunes d’intervention conservent le rôle indiqué dans l’original. Les codes de profil et les formules restent ceux du classeur. | L9: Commencez par le modèle principal. Les cellules vertes et les cases jaunes d’intervention conservent le rôle indiqué dans l’original. Les codes de profil et les formules restent ceux du classeur. | M9: Commencez par le modèle principal. Les cellules vertes et les cases jaunes d’intervention conservent le rôle indiqué dans l’original. Les codes de profil et les formules restent ceux du classeur.
B10: Commencez par le modèle principal. Les cellules vertes et les cases jaunes d’intervention conservent le rôle indiqué dans l’original. Les codes de profil et les formules restent ceux du classeur. | C10: Commencez par le modèle principal. Les cellules vertes et les cases jaunes d’intervention conservent le rôle indiqué dans l’original. Les codes de profil et les formules restent ceux du classeur. | D10: Commencez par le modèle principal. Les cellules vertes et les cases jaunes d’intervention conservent le rôle indiqué dans l’original. Les codes de profil et les formules restent ceux du classeur. | E10: Commencez par le modèle principal. Les cellules vertes et les cases jaunes d’intervention conservent le rôle indiqué dans l’original. Les codes de profil et les formules restent ceux du classeur. | F10: Commencez par le modèle principal. Les cellules vertes et les cases jaunes d’intervention conservent le rôle indiqué dans l’original. Les codes de profil et les formules restent ceux du classeur. | G10: Commencez par le modèle principal. Les cellules vertes et les cases jaunes d’intervention conservent le rôle indiqué dans l’original. Les codes de profil et les formules restent ceux du classeur. | H10: Commencez par le modèle principal. Les cellules vertes et les cases jaunes d’intervention conservent le rôle indiqué dans l’original. Les codes de profil et les formules restent ceux du classeur. | I10: Commencez par le modèle principal. Les cellules vertes et les cases jaunes d’intervention conservent le rôle indiqué dans l’original. Les codes de profil et les formules restent ceux du classeur. | J10: Commencez par le modèle principal. Les cellules vertes et les cases jaunes d’intervention conservent le rôle indiqué dans l’original. Les codes de profil et les formules restent ceux du classeur. | K10: Commencez par le modèle principal. Les cellules vertes et les cases jaunes d’intervention conservent le rôle indiqué dans l’original. Les codes de profil et les formules restent ceux du classeur. | L10: Commencez par le modèle principal. Les cellules vertes et les cases jaunes d’intervention conservent le rôle indiqué dans l’original. Les codes de profil et les formules restent ceux du classeur. | M10: Commencez par le modèle principal. Les cellules vertes et les cases jaunes d’intervention conservent le rôle indiqué dans l’original. Les codes de profil et les formules restent ceux du classeur.
B11: Commencez par le modèle principal. Les cellules vertes et les cases jaunes d’intervention conservent le rôle indiqué dans l’original. Les codes de profil et les formules restent ceux du classeur. | C11: Commencez par le modèle principal. Les cellules vertes et les cases jaunes d’intervention conservent le rôle indiqué dans l’original. Les codes de profil et les formules restent ceux du classeur. | D11: Commencez par le modèle principal. Les cellules vertes et les cases jaunes d’intervention conservent le rôle indiqué dans l’original. Les codes de profil et les formules restent ceux du classeur. | E11: Commencez par le modèle principal. Les cellules vertes et les cases jaunes d’intervention conservent le rôle indiqué dans l’original. Les codes de profil et les formules restent ceux du classeur. | F11: Commencez par le modèle principal. Les cellules vertes et les cases jaunes d’intervention conservent le rôle indiqué dans l’original. Les codes de profil et les formules restent ceux du classeur. | G11: Commencez par le modèle principal. Les cellules vertes et les cases jaunes d’intervention conservent le rôle indiqué dans l’original. Les codes de profil et les formules restent ceux du classeur. | H11: Commencez par le modèle principal. Les cellules vertes et les cases jaunes d’intervention conservent le rôle indiqué dans l’original. Les codes de profil et les formules restent ceux du classeur. | I11: Commencez par le modèle principal. Les cellules vertes et les cases jaunes d’intervention conservent le rôle indiqué dans l’original. Les codes de profil et les formules restent ceux du classeur. | J11: Commencez par le modèle principal. Les cellules vertes et les cases jaunes d’intervention conservent le rôle indiqué dans l’original. Les codes de profil et les formules restent ceux du classeur. | K11: Commencez par le modèle principal. Les cellules vertes et les cases jaunes d’intervention conservent le rôle indiqué dans l’original. Les codes de profil et les formules restent ceux du classeur. | L11: Commencez par le modèle principal. Les cellules vertes et les cases jaunes d’intervention conservent le rôle indiqué dans l’original. Les codes de profil et les formules restent ceux du classeur. | M11: Commencez par le modèle principal. Les cellules vertes et les cases jaunes d’intervention conservent le rôle indiqué dans l’original. Les codes de profil et les formules restent ceux du classeur.
B13: Modèle principal | C13: Modèle principal | D13: Modèle principal | E13: Modèle principal | F13: Modèle principal | G13: Simulation saisonnière et interventions | H13: Simulation saisonnière et interventions | I13: Simulation saisonnière et interventions | J13: Simulation saisonnière et interventions | K13: Simulation saisonnière et interventions | L13: Simulation saisonnière et interventions | M13: Simulation saisonnière et interventions
B14: Modèle principal | C14: Modèle principal | D14: Modèle principal | E14: Modèle principal | F14: Modèle principal | G14: Simulation saisonnière et interventions | H14: Simulation saisonnière et interventions | I14: Simulation saisonnière et interventions | J14: Simulation saisonnière et interventions | K14: Simulation saisonnière et interventions | L14: Simulation saisonnière et interventions | M14: Simulation saisonnière et interventions
B15: Paramètres libres | C15: Paramètres libres | D15: Paramètres libres | E15: Paramètres libres | F15: Paramètres libres | G15: Même modèle, avec paramètres modifiables | H15: Même modèle, avec paramètres modifiables | I15: Même modèle, avec paramètres modifiables | J15: Même modèle, avec paramètres modifiables | K15: Même modèle, avec paramètres modifiables | L15: Même modèle, avec paramètres modifiables | M15: Même modèle, avec paramètres modifiables
B16: Paramètres libres | C16: Paramètres libres | D16: Paramètres libres | E16: Paramètres libres | F16: Paramètres libres | G16: Même modèle, avec paramètres modifiables | H16: Même modèle, avec paramètres modifiables | I16: Même modèle, avec paramètres modifiables | J16: Même modèle, avec paramètres modifiables | K16: Même modèle, avec paramètres modifiables | L16: Même modèle, avec paramètres modifiables | M16: Même modèle, avec paramètres modifiables
B17: Densité ajustée | C17: Densité ajustée | D17: Densité ajustée | E17: Densité ajustée | F17: Densité ajustée | G17: Variante avec densité d’abeilles par cadre | H17: Variante avec densité d’abeilles par cadre | I17: Variante avec densité d’abeilles par cadre | J17: Variante avec densité d’abeilles par cadre | K17: Variante avec densité d’abeilles par cadre | L17: Variante avec densité d’abeilles par cadre | M17: Variante avec densité d’abeilles par cadre
... B53: À ouvrir de préférence dans Microsoft Excel, comme le recommande le document original. Les traductions des noms de fonctions s’affichent selon la langue d’Excel. Les noms propres, références bibliographiques et codes techniques utiles sont conservés. | C53: À ouvrir de préférence dans Microsoft Excel, comme le recommande le document original. Les traductions des noms de fonctions s’affichent selon la langue d’Excel. Les noms propres, références bibliographiques et codes techniques utiles sont conservés. | D53: À ouvrir de préférence dans Microsoft Excel, comme le recommande le document original. Les traductions des noms de fonctions s’affichent selon la langue d’Excel. Les noms propres, références bibliographiques et codes techniques utiles sont conservés. | E53: À ouvrir de préférence dans Microsoft Excel, comme le recommande le document original. Les traductions des noms de fonctions s’affichent selon la langue d’Excel. Les noms propres, références bibliographiques et codes techniques utiles sont conservés. | F53: À ouvrir de préférence dans Microsoft Excel, comme le recommande le document original. Les traductions des noms de fonctions s’affichent selon la langue d’Excel. Les noms propres, références bibliographiques et codes techniques utiles sont conservés. | G53: À ouvrir de préférence dans Microsoft Excel, comme le recommande le document original. Les traductions des noms de fonctions s’affichent selon la langue d’Excel. Les noms propres, références bibliographiques et codes techniques utiles sont conservés. | H53: À ouvrir de préférence dans Microsoft Excel, comme le recommande le document original. Les traductions des noms de fonctions s’affichent selon la langue d’Excel. Les noms propres, références bibliographiques et codes techniques utiles sont conservés. | I53: À ouvrir de préférence dans Microsoft Excel, comme le recommande le document original. Les traductions des noms de fonctions s’affichent selon la langue d’Excel. Les noms propres, références bibliographiques et codes techniques utiles sont conservés. | J53: À ouvrir de préférence dans Microsoft Excel, comme le recommande le document original. Les traductions des noms de fonctions s’affichent selon la langue d’Excel. Les noms propres, références bibliographiques et codes techniques utiles sont conservés. | K53: À ouvrir de préférence dans Microsoft Excel, comme le recommande le document original. Les traductions des noms de fonctions s’affichent selon la langue d’Excel. Les noms propres, références bibliographiques et codes techniques utiles sont conservés. | L53: À ouvrir de préférence dans Microsoft Excel, comme le recommande le document original. Les traductions des noms de fonctions s’affichent selon la langue d’Excel. Les noms propres, références bibliographiques et codes techniques utiles sont conservés. | M53: À ouvrir de préférence dans Microsoft Excel, comme le recommande le document original. Les traductions des noms de fonctions s’affichent selon la langue d’Excel. Les noms propres, références bibliographiques et codes techniques utiles sont conservés.

Sheet Modèle principal
DM1: ='Immigration de varroas'!H9 -> 0
AF2: © Randy Oliver 2016 | BP2: Entrées et conversions de l’onglet Profils de colonie | BU2: Valeurs calculées | CH2: Calculs pour le couvain de mâles | CR2: Calculs pour le couvain d’ouvrières | DB2: Taux logarithmique quotidien r potentiel | DC2: Taux reproductif potentiel | DF2: Population de varroas | DI2: Gain de varroas | DK2: Pertes de varroas | DL2: Pertes de varroas | DM2: Gain de varroas | DN2: Pertes de varroas | DR2: Pertes de varroas | DS2: Population de varroas | DV2: Calcul du comptage par lavage à l’alcool, en supposant 315 abeilles par échantillon | EC2: Calcul des pertes de varroas par dérive hors de la ruche | EJ2: Ajustement de r lié au vieillissement des varroas
K3: 100 | L3: 50 | Q3: 50 | R3: 85 | S3: sb | BF3: commentaire | BP3: Dans cette ligne, j’ai placé des notes et des validations des calculs sous forme de commentaires. Ceux qui sont surlignés en rouge demandent un examen plus approfondi → | BR3: commentaire | BT3: commentaire | BW3: commentaire | BY3: commentaire | BZ3: commentaire | CD3: commentaire | CF3: commentaire | CK3: Commentaire | CL3: Commentaire | CM3: commentaire | CN3: commentaire | CU3: Commentaire | CV3: Commentaire | CY3: commentaire | DB3: commentaire | DC3: commentaire | DD3: commentaire | DG3: commentaire | DH3: commentaire | DI3: commentaire | DL3: commentaire | DM3: commentaire | DN3: commentaire | DR3: commentaire | DY3: commentaire | EC3: commentaire | EG3: commentaire | EH3: commentaire | EK3: commentaire | EL3: commentaire
BA4: Date de début de la période | BB4: Population de varroas au début de la période | BC4: Taux logarithmique quotidien net d’accroissement des varroas (r) | BD4: Arrivées de varroas par dérive (immigration) | BE4: =DX4 -> Comptage par lavage à l’alcool d’environ 120 mL de jeunes abeilles (½ tasse dans l’original) | BF4: % estimé de cellules d’ouvrières envahies (effondrement habituel si > 30 %) | BG4: % estimé de varroas phorétiques (pour les calculs d’efficacité des traitements) | BH4: EFFICACITÉ DES TRAITEMENTS (pourcentage approximatif de réduction globale). Remarque : lorsque le pourcentage de couvain infesté approche 30 %, même avec un traitement très efficace, la colonie peut mettre longtemps à se remettre de l’épidémie de virus des ailes déformées (DWV) dans la ruche. Cette récupération dépend largement de la quantité de couvain élevée ; les chances de récupération sont donc plus faibles en fin de saison. | BN4: Les valeurs en vert correspondent aux données choisies par l’utilisateur | BP4: DATE | BQ4: Nombre saisi de cadres couverts d’abeilles adultes | BR4: Nombre calculé d’abeilles adultes | BS4: Nombre de cadres de couvain saisi | BT4: Nombre de cellules de couvain calculé* | BU4: Rapport couvain / abeilles | BV4: Nombre total calculé de nymphes | BW4: Nombre calculé de nymphes d’ouvrières parasitées | BX4: Larves de 8 jours | BY4: Durée approximative de phorésie en jours (d’après Boot) | BZ4: Cycle reproductif moyen du varroa (dans le couvain d’ouvrières) | CA4: % de varroas phorétiques | CB4: % de varroas dans le couvain | CC4: Nombre de varroas dans le couvain | CD4: Cellules de couvain operculé | CE4: % de couvain de mâles saisi, en surface | CF4: % de couvain mâle converti en proportion de cellules | CG4: % estimé des varroas reproducteurs présents dans le couvain mâle | CH4: % de l’ensemble des varroas présents dans le couvain mâle | CI4: Varroas dans le couvain de mâles | CJ4: Nombre moyen de varroas par cellule de mâle operculée | CK4: Pourcentage de cellules de mâles envahies | CL4: Nombre moyen de varroas par cellule de mâle infestée | CM4: Durée moyenne, en jours, du cycle reproductif du varroa dans le couvain mâle | CN4: Ajustement du nombre de filles selon la densité | CO4: R par cycle | CP4: Taux logarithmique quotidien r des varroas dans les cellules de mâles | CQ4: % de l’ensemble des varroas dans le couvain d’ouvrières | CR4: Cellules de couvain d’ouvrières operculé | CS4: Varroas dans le couvain d’ouvrières | CT4: Nombre moyen de varroas par cellule d’ouvrière operculée | CU4: Pourcentage de cellules d’ouvrières envahies | CV4: Nombre moyen de varroas par cellule d’ouvrière envahie | CW4: % estimé de varroas reproducteurs dans le couvain d’ouvrières | CX4: Durée moyenne, en jours, du cycle reproductif du varroa dans le couvain d’ouvrières | CY4: Ajustement du nombre de filles selon la densité | CZ4: R par cycle | DA4: Taux logarithmique quotidien r des varroas en cellules d’ouvrières | DB4: Taux logarithmique quotidien r potentiel dû à la reproduction des varroas dans le couvain (mâles et ouvrières) | DC4: Taux logarithmique quotidien r négatif dû à la mortalité des varroas | DD4: Taux logarithmique quotidien net r dû à la reproduction et à la seule mortalité naturelle | DF4: Total des varroas au début de la période | DG4: Varroas fécondés | DH4: Varroas potentiellement reproducteurs après correction pour le vieillissement | DI4: Gain net de varroas par reproduction | DJ4: Total des varroas après reproduction | DK4: Perte de varroas par mortalité naturelle | DL4: Varroas restants après la mortalité naturelle | DM4: Arrivées de varroas sélectionnées (immigration) | DN4: Nombre (négatif) de varroas emportés par les abeilles qui ne reviennent pas | DO4: Variation nette des varroas par période due à la dérive entrante et sortante | DP4: Total des varroas avant l’effet du traitement | DQ4: % du total des varroas tués par le traitement | DR4: Nombre de varroas éliminés par le traitement | DS4: Varroas restants à la fin de la période | DT4: Taux logarithmique quotidien r net pour la période | DU4: DATE | DV4: Nombre de varroas phorétiques | DW4: Taux d’infestation des abeilles adultes | DX4: Comptage par lavage à l’alcool d’environ 120 mL de jeunes abeilles (½ tasse dans l’original) | DY4: Indicateur arbitraire d’effondrement de la colonie (% de couvain infesté) | DZ4: Indicateur d’effondrement différé (comptage de varroas par lavage) | EA4: Effondrement viral si le comptage par lavage à la mi-octobre dépasse 60 malgré le traitement | EB4: Pour masquer les valeurs du tableau | EC4: Nombre approximatif d’abeilles adultes émergeant par période | ED4: Variation de la population d’abeilles adultes par période | EE4: Mortalité nette des abeilles adultes par période | EF4: Mortalité nette des abeilles adultes par jour | EG4: Coefficient multiplicateur (%) pour les varroas sur les abeilles sortantes | EH4: Perte de varroas par période sur les abeilles sorties qui ne reviennent pas | EJ4: Nouveaux varroas | EK4: Varroas âgés de plus de 75 jours | EL4: % de la population totale de varroas âgés de plus de 75 jours | EP4: Dates pour les hémisphères Nord ou Sud | ES4: Pourcentage calculé de réduction dû à un essaimage emportant 70 % des abeilles | ET4: % de Traynor × 315
BA5: =IF($AC$21="x", EQ5,EP5) -> 40544 | BB5: =IF(EB5>0,"",DF5) -> 100 | BC5: =IF(EB5>0,"",DT5) -> -0.0050125418 | BD5: =IF(EB5>0,"",DM5) -> 0 | BE5: =IF(EB5>0,"",DX5) -> 1.96875 | BF5: =IF(EB5>0,"",IF(BT5<5,"s.o.",CU5)) -> s.o. | BG5: =IF(EB5>0,"",CA5) -> 1 | BO5: Toutes les valeurs sont des moyennes pour chaque période de 15 jours | BP5: =BA5 -> 40544 | BQ5: =IF($BA$32="d",'Profils de colonie'!I31,IF($BA$32="n",'Profils de colonie'!I59,IF($BA$32="p",'Profils de colonie'!I87,IF($BA$32="a",'Profils de colonie'!I115,IF($BA$32="b",'Profils de colonie'!I143,IF($BA$32="c",'Profils de colonie'!I171,IF($BA$32="r",'Profils de colonie'!I199,IF($BA$32="s",'Profils de colonie'!I227,IF($BA$32="f",'Profils de colonie'!I255,"erreur"))))))))) -> 8 | BR5: =BQ5*$BQ$45 -> 16000 | BS5: =IF($BA$32="d",'Profils de colonie'!G31,IF($BA$32="n",'Profils de colonie'!G59,IF($BA$32="p",'Profils de colonie'!G87,IF($BA$32="a",'Profils de colonie'!G115,IF($BA$32="b",'Profils de colonie'!G143,IF($BA$32="c",'Profils de colonie'!G171,IF($BA$32="r",'Profils de colonie'!G199,IF($BA$32="s",'Profils de colonie'!G227,IF($BA$32="f",'Profils de colonie'!G255,"erreur"))))))))) -> 0 | BT5: =IF(BS5=0,1,$BQ$44*BS5) -> 1 | BU5: =IF(BR5=0,0,BT5/BR5) -> 6.25e-05 | BV5: =BT5*12/20 -> 0.6 | BW5: =CU5*BV5 -> 0 | BX5: =BT5/20 -> 0.05 | BY5: =IF(BU5=0,0.001,(-$BQ$43*LN(BU5))+$BQ$42) -> 53.40172 | BZ5: =BY5+12 -> 65.40172 | CA5: =IF(BS5=0,1,BY5/BZ5) -> 1 | CB5: =1-CA5 -> 0 | CC5: =DF5*CB5 -> 0 | CD5: =0.6*BT5 -> 0.6 | CE5: =IF($BA$32="d",'Profils de colonie'!K31,IF($BA$32="n",'Profils de colonie'!K59,IF($BA$32="p",'Profils de colonie'!K87,IF($BA$32="a",'Profils de colonie'!K115,IF($BA$32="b",'Profils de colonie'!K143,IF($BA$32="c",'Profils de colonie'!K171,IF($BA$32="r",'Profils de colonie'!K199,IF($BA$32="s",'Profils de colonie'!K199,IF($BA$32="f",'Profils de colonie'!K255,"erreur"))))))))) -> 0 | CF5: =CE5*16/25 -> 0 | CG5: =CF5*$BQ$43 -> 0 | CH5: =CG5*CB5 -> 0 | CI5: =CG5*CC5 -> 0 | CJ5: =IF(CF5=0,0,CI5/(CD5*CF5)) -> 0 | CK5: =1-(POISSON(0,CJ5,FALSE)) -> 0 | CL5: =IF(CK5=0,0,CJ5/CK5) -> 0 | CM5: =BY5+15 -> 68.40172 | CN5: 1 | CO5: =(1+($BQ$32*CN5))*$BQ$47 -> 4.275 | CP5: =LN(CO5)/14.75 -> 0.098493837 | CQ5: =1-CA5-CH5 -> 0 | CR5: =(1-CF5)*CD5 -> 0.6 | CS5: =CC5-CI5 -> 0 | CT5: =CS5/CR5 -> 0 | CU5: =1-(POISSON(0,CT5,FALSE)) -> 0 | CV5: =CT5/(CU5+0.000001) -> 0 | CW5: =1-CG5 -> 1 | CX5: =BY5+12 -> 65.40172 | CY5: 1 | CZ5: =(1+($BQ$30*CY5))*$BQ$47 -> 2.258625 | DA5: =IF(DF5>2*CR5,0,LN(CZ5)/12.5) -> 0 | DB5: =(CH5*CP5+CQ5*DA5) -> 0 | DC5: =IF(BU5>0.25,$BW$39,$BW$38) -> -0.0050125418 | DD5: =DB5+DC5 -> -0.0050125418 | DF5: =IF(OR($BA$32="n",$BA$32="p"),0,BA33) -> 100 | DG5: =DF5*$BQ$31 -> 70 | DH5: =DG5 -> 70 | DI5: =DH5*EXP(DB5*$BQ$37)-DH5 -> 0 | DJ5: =DF5+DI5 -> 100 | DK5: =DJ5-DL5 -> 7.3399167 | DL5: =DJ5*EXP((IF(BU5>0.25,$BW$39,$BW$38)*$BQ$37)) -> 92.660083 | DM5: ='Immigration de varroas'!E12 -> 0 | DP5: =DL5+DO5 -> 92.660083 | DQ5: =EK$33 -> 0 | DR5: =DP5*DQ5 -> 0 | DS5: =DP5-DR5 -> 92.660083 | DT5: =LN(DS5/DF5)/$BQ$37 -> -0.0050125418 | DU5: =BA5 -> 40544 | DV5: =DF5*CA5 -> 100 | DW5: =IF(BR5=0,0.001,DV5/BR5) -> 0.00625 | DX5: =DW5*315 -> 1.96875 | EJ5: =DF5 -> 100 | EK5: 0 | EL5: 0.5 | EP5: 40544 | EQ5: 42917
BA6: =IF($AC$21="x", EQ6,EP6) -> 40558 | BB6: =IF(EB6>0,"",DF6) -> 92.660083 | BC6: =IF(EB6>0,"",DT6) -> 0.005223327 | BD6: =IF(EB6>0,"",DM6) -> 0 | BE6: =IF(EB6>0,"",DX6) -> 1.1011522 | BF6: =IF(EB6>0,"",IF(BT6<5,"s.o.",CU6)) -> 0.052958779 | BG6: =IF(EB6>0,"",CA6) -> 0.60362064 | BH6: 0.95 | BI6: Acaricide de synthèse à haute efficacité (par exemple, amitraz appliqué pendant plusieurs semaines) | BP6: =BA6 -> 40558 | BQ6: =IF($BA$32="d",'Profils de colonie'!I32,IF($BA$32="n",'Profils de colonie'!I60,IF($BA$32="p",'Profils de colonie'!I88,IF($BA$32="a",'Profils de colonie'!I116,IF($BA$32="b",'Profils de colonie'!I144,IF($BA$32="c",'Profils de colonie'!I172,IF($BA$32="r",'Profils de colonie'!I200,IF($BA$32="s",'Profils de colonie'!I228,IF($BA$32="f",'Profils de colonie'!I256,"erreur"))))))))) -> 8 | BR6: =BQ6*$BQ$45 -> 16000 | BS6: =IF($BA$32="d",'Profils de colonie'!G32,IF($BA$32="n",'Profils de colonie'!G60,IF($BA$32="p",'Profils de colonie'!G88,IF($BA$32="a",'Profils de colonie'!G116,IF($BA$32="b",'Profils de colonie'!G144,IF($BA$32="c",'Profils de colonie'!G172,IF($BA$32="r",'Profils de colonie'!G200,IF($BA$32="s",'Profils de colonie'!G228,IF($BA$32="f",'Profils de colonie'!G256,"erreur"))))))))) -> 0.25 | BT6: =IF(BS6=0,1,$BQ$44*BS6) -> 1125 | BU6: =IF(BR6=0,0,BT6/BR6) -> 0.0703125 | BV6: =BT6*12/20 -> 675 | BW6: =CU6*BV6 -> 35.747176 | BX6: =BT6/20 -> 56.25 | BY6: =IF(BU6=0,0.001,(-$BQ$43*LN(BU6))+$BQ$42) -> 18.274028 | BZ6: =BY6+12 -> 30.274028 | CA6: =IF(BS6=0,1,BY6/BZ6) -> 0.60362064 | CB6: =1-CA6 -> 0.39637936 | CC6: =DF6*CB6 -> 36.728544 | CD6: =0.6*BT6 -> 675 | CE6: =IF($BA$32="d",'Profils de colonie'!K32,IF($BA$32="n",'Profils de colonie'!K60,IF($BA$32="p",'Profils de colonie'!K88,IF($BA$32="a",'Profils de colonie'!K116,IF($BA$32="b",'Profils de colonie'!K144,IF($BA$32="c",'Profils de colonie'!K172,IF($BA$32="r",'Profils de colonie'!K200,IF($BA$32="s",'Profils de colonie'!K200,IF($BA$32="f",'Profils de colonie'!K256,"erreur"))))))))) -> 0 | CF6: =CE6*16/25 -> 0 | CG6: =CF6*$BQ$43 -> 0 | CH6: =CG6*CB6 -> 0 | CI6: =CG6*CC6 -> 0 | CJ6: =IF(CF6=0,0,CI6/(CD6*CF6)) -> 0 | CK6: =1-(POISSON(0,CJ6,FALSE)) -> 0 | CL6: =IF(CK6=0,0,CJ6/CK6) -> 0 | CM6: =BY6+15 -> 33.274028 | CN6: 1 | CO6: =(1+($BQ$32*CN6))*$BQ$47 -> 4.275 | CP6: =LN(CO6)/14.75 -> 0.098493837 | CQ6: =1-CA6-CH6 -> 0.39637936 | CR6: =(1-CF6)*CD6 -> 675 | CS6: =CC6-CI6 -> 36.728544 | CT6: =CS6/CR6 -> 0.054412658 | CU6: =1-(POISSON(0,CT6,FALSE)) -> 0.052958779 | CV6: =CT6/(CU6+0.000001) -> 1.0274336 | CW6: =1-CG6 -> 1 | CX6: =BY6+12 -> 30.274028 | CY6: 1 | CZ6: =(1+($BQ$30*CY6))*$BQ$47 -> 2.258625 | DA6: =IF(DF6>2*CR6,0,LN(CZ6)/12.5) -> 0.065180498 | DB6: =(CH6*CP6+CQ6*DA6) -> 0.025836204 | DC6: =IF(BU6>0.25,$BW$39,$BW$38) -> -0.0050125418 | DD6: =DB6+DC6 -> 0.020823662 | DF6: =IF(OR($BA$32="n",$BA$32="p"),0,DS5) -> 92.660083 | DG6: =DF6*$BQ$31 -> 64.862058 | DH6: =DG6*(1-EL5) -> 32.431029 | DI6: =DH6*EXP(DB6*$BQ$37)-DH6 -> 15.60932 | DJ6: =DF6+DI6 -> 108.2694 | DK6: =DJ6-DL6 -> 7.946884 | DL6: =DJ6*EXP((IF(BU6>0.25,$BW$39,$BW$38)*$BQ$37)) -> 100.32252 | DM6: ='Immigration de varroas'!E13 -> 0 | DN6: =IF(EH6>DV6*EG6,-DV6*EG6,-EH6) -> -0.0014354305 | DO6: =DM6+DN6 -> -0.0014354305 | DP6: =DL6+DO6 -> 100.32108 | DQ6: =EL$33 -> 0 | DR6: =DP6*DQ6 -> 0 | DS6: =DP6-DR6 -> 100.32108 | DT6: =LN(DS6/DF6)/$BQ$37 -> 0.005223327 | DU6: =BA6 -> 40558 | DV6: =DF6*CA6 -> 55.931539 | DW6: =IF(BR6=0,0.001,DV6/BR6) -> 0.0034957212 | DX6: =DW6*315 -> 1.1011522 | EC6: =BT5*0.9/20*$BQ$37 -> 0.684375 | ED6: =BR6-BR5 -> 0 | EE6: =EC6-ED6 -> 0.684375 | EF6: =EE6/$BQ$37 -> 0.045 | EG6: =IF(DW6>0.15,1,$BQ$36) -> 0.6 | EH6: =EE6*EG6*DW6 -> 0.0014354305 | EJ6: =DI6 -> 15.60932 | EK6: 0 | EL6: =EK$60 -> 0 | EP6: 40558 | EQ6: 42931 | ET6: 5.67
BA7: =IF($AC$21="x", EQ7,EP7) -> 40575 | BB7: =IF(EB7>0,"",DF7) -> 100.32108 | BC7: =IF(EB7>0,"",DT7) -> 0.014156209 | BD7: =IF(EB7>0,"",DM7) -> 0 | BE7: =IF(EB7>0,"",DX7) -> 1.1545713 | BF7: =IF(EB7>0,"",IF(BT7<5,"s.o.",CU7)) -> 0.04569755 | BG7: =IF(EB7>0,"",CA7) -> 0.58457197 | BP7: =BA7 -> 40575 | BQ7: =IF($BA$32="d",'Profils de colonie'!I33,IF($BA$32="n",'Profils de colonie'!I61,IF($BA$32="p",'Profils de colonie'!I89,IF($BA$32="a",'Profils de colonie'!I117,IF($BA$32="b",'Profils de colonie'!I145,IF($BA$32="c",'Profils de colonie'!I173,IF($BA$32="r",'Profils de colonie'!I201,IF($BA$32="s",'Profils de colonie'!I229,IF($BA$32="f",'Profils de colonie'!I257,"erreur"))))))))) -> 8 | BR7: =BQ7*$BQ$45 -> 16000 | BS7: =IF($BA$32="d",'Profils de colonie'!G33,IF($BA$32="n",'Profils de colonie'!G61,IF($BA$32="p",'Profils de colonie'!G89,IF($BA$32="a",'Profils de colonie'!G117,IF($BA$32="b",'Profils de colonie'!G145,IF($BA$32="c",'Profils de colonie'!G173,IF($BA$32="r",'Profils de colonie'!G201,IF($BA$32="s",'Profils de colonie'!G229,IF($BA$32="f",'Profils de colonie'!G257,"erreur"))))))))) -> 0.33 | BT7: =IF(BS7=0,1,$BQ$44*BS7) -> 1485 | BU7: =IF(BR7=0,0,BT7/BR7) -> 0.0928125 | BV7: =BT7*12/20 -> 891 | BW7: =CU7*BV7 -> 40.716517 | BX7: =BT7/20 -> 74.25 | BY7: =IF(BU7=0,0.001,(-$BQ$43*LN(BU7))+$BQ$42) -> 16.88587 | BZ7: =BY7+12 -> 28.88587 | CA7: =IF(BS7=0,1,BY7/BZ7) -> 0.58457197 | CB7: =1-CA7 -> 0.41542803 | CC7: =DF7*CB7 -> 41.67619 | CD7: =0.6*BT7 -> 891 | CE7: =IF($BA$32="d",'Profils de colonie'!K33,IF($BA$32="n",'Profils de colonie'!K61,IF($BA$32="p",'Profils de colonie'!K89,IF($BA$32="a",'Profils de colonie'!K117,IF($BA$32="b",'Profils de colonie'!K145,IF($BA$32="c",'Profils de colonie'!K173,IF($BA$32="r",'Profils de colonie'!K201,IF($BA$32="s",'Profils de colonie'!K201,IF($BA$32="f",'Profils de colonie'!K257,"erreur"))))))))) -> 0 | CF7: =CE7*16/25 -> 0 | CG7: =CF7*$BQ$43 -> 0 | CH7: =CG7*CB7 -> 0 | CI7: =CG7*CC7 -> 0 | CJ7: =IF(CF7=0,0,CI7/(CD7*CF7)) -> 0 | CK7: =1-(POISSON(0,CJ7,FALSE)) -> 0 | CL7: =IF(CK7=0,0,CJ7/CK7) -> 0 | CM7: =BY7+15 -> 31.88587 | CN7: 1 | CO7: =(1+($BQ$32*CN7))*$BQ$47 -> 4.275 | CP7: =LN(CO7)/14.75 -> 0.098493837 | CQ7: =1-CA7-CH7 -> 0.41542803 | CR7: =(1-CF7)*CD7 -> 891 | CS7: =CC7-CI7 -> 41.67619 | CT7: =CS7/CR7 -> 0.046774624 | CU7: =1-(POISSON(0,CT7,FALSE)) -> 0.04569755 | CV7: =CT7/(CU7+0.000001) -> 1.0235472 | CW7: =1-CG7 -> 1 | CX7: =BY7+12 -> 28.88587 | CY7: 1 | CZ7: =(1+($BQ$30*CY7))*$BQ$47 -> 2.258625 | DA7: =IF(DF7>2*CR7,0,LN(CZ7)/12.5) -> 0.065180498 | DB7: =(CH7*CP7+CQ7*DA7) -> 0.027077806 | DC7: =IF(BU7>0.25,$BW$39,$BW$38) -> -0.0050125418 | DD7: =DB7+DC7 -> 0.022065264 | DF7: =IF(OR($BA$32="n",$BA$32="p"),0,DS6) -> 100.32108 | DG7: =DF7*$BQ$31 -> 70.224758 | DH7: =DG7*(1-EL6) -> 70.224758 | DI7: =DH7*EXP(DB7*$BQ$37)-DH7 -> 35.782676 | DJ7: =DF7+DI7 -> 136.10376 | DK7: =DJ7-DL7 -> 9.9899026 | DL7: =DJ7*EXP((IF(BU7>0.25,$BW$39,$BW$38)*$BQ$37)) -> 126.11386 | DM7: ='Immigration de varroas'!E14 -> 0 | DN7: =IF(EH7>DV7*EG7,-DV7*EG7,-EH7) -> -1.6931995 | DO7: =DM7+DN7 -> -1.6931995 | DP7: =DL7+DO7 -> 124.42066 | DQ7: =EM$33 -> 0 | DR7: =DP7*DQ7 -> 0 | DS7: =DP7-DR7 -> 124.42066 | DT7: =LN(DS7/DF7)/$BQ$37 -> 0.014156209 | DU7: =BA7 -> 40575 | DV7: =DF7*CA7 -> 58.644893 | DW7: =IF(BR7=0,0.001,DV7/BR7) -> 0.0036653058 | DX7: =DW7*315 -> 1.1545713 | DY7: =IF((BS7<0.25),DY6,IF(DY6=100,100,IF(CU5>$AI$52,100,""))) | DZ7: =IF(DZ6=100,100,IF(BT7<100,IF((DX5+DX6)>$AI$53,100,""),"")) | EB7: =SUM(DY7:EA7) -> 0 | EC7: =BT6*0.9/20*$BQ$37 -> 769.92188 | ED7: =BR7-BR6 -> 0 | EE7: =EC7-ED7 -> 769.92188 | EF7: =EE7/$BQ$37 -> 50.625 | EG7: =IF(DW7>0.15,1,$BQ$36) -> 0.6 | EH7: =EE7*EG7*DW7 -> 1.6931995 | EJ7: =DI7 -> 35.782676 | EK7: 0 | EL7: =EL$60 -> 0 | EP7: 40575 | EQ7: 42948
BA8: =IF($AC$21="x", EQ8,EP8) -> 40589 | BB8: =IF(EB8>0,"",DF8) -> 124.42066 | BC8: =IF(EB8>0,"",DT8) -> 0.015990546 | BD8: =IF(EB8>0,"",DM8) -> 0 | BE8: =IF(EB8>0,"",DX8) -> 1.4063098 | BF8: =IF(EB8>0,"",IF(BT8<5,"s.o.",CU8)) -> 0.030114048 | BG8: =IF(EB8>0,"",CA8) -> 0.50234953 | BH8: 0.9 | BI8: Deux traitements de 50 g d’Apiguard à 10 jours d’intervalle, dans une rehausse | BP8: =BA8 -> 40589 | BQ8: =IF($BA$32="d",'Profils de colonie'!I34,IF($BA$32="n",'Profils de colonie'!I62,IF($BA$32="p",'Profils de colonie'!I90,IF($BA$32="a",'Profils de colonie'!I118,IF($BA$32="b",'Profils de colonie'!I146,IF($BA$32="c",'Profils de colonie'!I174,IF($BA$32="r",'Profils de colonie'!I202,IF($BA$32="s",'Profils de colonie'!I230,IF($BA$32="f",'Profils de colonie'!I258,"erreur"))))))))) -> 7 | BR8: =BQ8*$BQ$45 -> 14000 | BS8: =IF($BA$32="d",'Profils de colonie'!G34,IF($BA$32="n",'Profils de colonie'!G62,IF($BA$32="p",'Profils de colonie'!G90,IF($BA$32="a",'Profils de colonie'!G118,IF($BA$32="b",'Profils de colonie'!G146,IF($BA$32="c",'Profils de colonie'!G174,IF($BA$32="r",'Profils de colonie'!G202,IF($BA$32="s",'Profils de colonie'!G230,IF($BA$32="f",'Profils de colonie'!G258,"erreur"))))))))) -> 0.75 | BT8: =IF(BS8=0,1,$BQ$44*BS8) -> 3375 | BU8: =IF(BR8=0,0,BT8/BR8) -> 0.24107143 | BV8: =BT8*12/20 -> 2025 | BW8: =CU8*BV8 -> 60.980947 | BX8: =BT8/20 -> 168.75 | BY8: =IF(BU8=0,0.001,(-$BQ$43*LN(BU8))+$BQ$42) -> 12.11331 | BZ8: =BY8+12 -> 24.11331 | CA8: =IF(BS8=0,1,BY8/BZ8) -> 0.50234953 | CB8: =1-CA8 -> 0.49765047 | CC8: =DF8*CB8 -> 61.917998 | CD8: =0.6*BT8 -> 2025 | CE8: =IF($BA$32="d",'Profils de colonie'!K34,IF($BA$32="n",'Profils de colonie'!K62,IF($BA$32="p",'Profils de colonie'!K90,IF($BA$32="a",'Profils de colonie'!K118,IF($BA$32="b",'Profils de colonie'!K146,IF($BA$32="c",'Profils de colonie'!K174,IF($BA$32="r",'Profils de colonie'!K202,IF($BA$32="s",'Profils de colonie'!K202,IF($BA$32="f",'Profils de colonie'!K258,"erreur"))))))))) -> 0 | CF8: =CE8*16/25 -> 0 | CG8: =CF8*$BQ$43 -> 0 | CH8: =CG8*CB8 -> 0 | CI8: =CG8*CC8 -> 0 | CJ8: =IF(CF8=0,0,CI8/(CD8*CF8)) -> 0 | CK8: =1-(POISSON(0,CJ8,FALSE)) -> 0 | CL8: =IF(CK8=0,0,CJ8/CK8) -> 0 | CM8: =BY8+15 -> 27.11331 | CN8: 1 | CO8: =(1+($BQ$32*CN8))*$BQ$47 -> 4.275 | CP8: =LN(CO8)/14.75 -> 0.098493837 | CQ8: =1-CA8-CH8 -> 0.49765047 | CR8: =(1-CF8)*CD8 -> 2025 | CS8: =CC8-CI8 -> 61.917998 | CT8: =CS8/CR8 -> 0.030576789 | CU8: =1-(POISSON(0,CT8,FALSE)) -> 0.030114048 | CV8: =CT8/(CU8+0.000001) -> 1.0153326 | CW8: =1-CG8 -> 1 | CX8: =BY8+12 -> 24.11331 | CY8: 1 | CZ8: =(1+($BQ$30*CY8))*$BQ$47 -> 2.258625 | DA8: =IF(DF8>2*CR8,0,LN(CZ8)/12.5) -> 0.065180498 | DB8: =(CH8*CP8+CQ8*DA8) -> 0.032437105 | DC8: =IF(BU8>0.25,$BW$39,$BW$38) -> -0.0050125418 | DD8: =DB8+DC8 -> 0.027424563 | DF8: =IF(OR($BA$32="n",$BA$32="p"),0,DS7) -> 124.42066 | DG8: =DF8*$BQ$31 -> 87.09446 | DH8: =DG8*(1-EL7) -> 87.09446 | DI8: =DH8*EXP(DB8*$BQ$37)-DH8 -> 55.543202 | DJ8: =DF8+DI8 -> 179.96386 | DK8: =DJ8-DL8 -> 13.209197 | DL8: =DJ8*EXP((IF(BU8>0.25,$BW$39,$BW$38)*$BQ$37)) -> 166.75466 | DM8: ='Immigration de varroas'!E15 -> 0 | DN8: =IF(EH8>DV8*EG8,-DV8*EG8,-EH8) -> -8.0797104 | DO8: =DM8+DN8 -> -8.0797104 | DP8: =DL8+DO8 -> 158.67495 | DQ8: =EN$33 -> 0 | DR8: =DP8*DQ8 -> 0 | DS8: =DP8-DR8 -> 158.67495 | DT8: =LN(DS8/DF8)/$BQ$37 -> 0.015990546 | DU8: =BA8 -> 40589 | DV8: =DF8*CA8 -> 62.502659 | DW8: =IF(BR8=0,0.001,DV8/BR8) -> 0.0044644757 | DX8: =DW8*315 -> 1.4063098 | DY8: =IF((BS8<0.25),DY7,IF(DY7=100,100,IF(CU6>$AI$52,100,""))) | DZ8: =IF(DZ7=100,100,IF(BT8<100,IF((DX6+DX7)>$AI$53,100,""),"")) | EB8: =SUM(DY8:EA8) -> 0 | EC8: =BT7*0.9/20*$BQ$37 -> 1016.2969 | ED8: =BR8-BR7 -> -2000 | EE8: =EC8-ED8 -> 3016.2969 | EF8: =EE8/$BQ$37 -> 198.33185 | EG8: =IF(DW8>0.15,1,$BQ$36) -> 0.6 | EH8: =EE8*EG8*DW8 -> 8.0797104 | EJ8: =DI8 -> 55.543202 | EK8: 0 | EL8: =EM$60 -> 0 | EP8: 40589 | EQ8: 42962 | ET8: 6.3
BA9: =IF($AC$21="x", EQ9,EP9) -> 40603 | BB9: =IF(EB9>0,"",DF9) -> 158.67495 | BC9: =IF(EB9>0,"",DT9) -> 0.018623555 | BD9: =IF(EB9>0,"",DM9) -> 0 | BE9: =IF(EB9>0,"",DX9) -> 1.680774 | BF9: =IF(EB9>0,"",IF(BT9<5,"s.o.",CU9)) -> 0.030622765 | BG9: =IF(EB9>0,"",CA9) -> 0.47078046 | BP9: =BA9 -> 40603 | BQ9: =IF($BA$32="d",'Profils de colonie'!I35,IF($BA$32="n",'Profils de colonie'!I63,IF($BA$32="p",'Profils de colonie'!I91,IF($BA$32="a",'Profils de colonie'!I119,IF($BA$32="b",'Profils de colonie'!I147,IF($BA$32="c",'Profils de colonie'!I175,IF($BA$32="r",'Profils de colonie'!I203,IF($BA$32="s",'Profils de colonie'!I231,IF($BA$32="f",'Profils de colonie'!I259,"erreur"))))))))) -> 7 | BR9: =BQ9*$BQ$45 -> 14000 | BS9: =IF($BA$32="d",'Profils de colonie'!G35,IF($BA$32="n",'Profils de colonie'!G63,IF($BA$32="p",'Profils de colonie'!G91,IF($BA$32="a",'Profils de colonie'!G119,IF($BA$32="b",'Profils de colonie'!G147,IF($BA$32="c",'Profils de colonie'!G175,IF($BA$32="r",'Profils de colonie'!G203,IF($BA$32="s",'Profils de colonie'!G231,IF($BA$32="f",'Profils de colonie'!G259,"erreur"))))))))) -> 1 | BT9: =IF(BS9=0,1,$BQ$44*BS9) -> 4500 | BU9: =IF(BR9=0,0,BT9/BR9) -> 0.32142857 | BV9: =BT9*12/20 -> 2700 | BW9: =CU9*BV9 -> 82.681464 | BX9: =BT9/20 -> 225 | BY9: =IF(BU9=0,0.001,(-$BQ$43*LN(BU9))+$BQ$42) -> 10.6749 | BZ9: =BY9+12 -> 22.6749 | CA9: =IF(BS9=0,1,BY9/BZ9) -> 0.47078046 | CB9: =1-CA9 -> 0.52921954 | CC9: =DF9*CB9 -> 83.973885 | CD9: =0.6*BT9 -> 2700 | CE9: =IF($BA$32="d",'Profils de colonie'!K35,IF($BA$32="n",'Profils de colonie'!K63,IF($BA$32="p",'Profils de colonie'!K91,IF($BA$32="a",'Profils de colonie'!K119,IF($BA$32="b",'Profils de colonie'!K147,IF($BA$32="c",'Profils de colonie'!K175,IF($BA$32="r",'Profils de colonie'!K203,IF($BA$32="s",'Profils de colonie'!K203,IF($BA$32="f",'Profils de colonie'!K259,"erreur"))))))))) -> 0 | CF9: =CE9*16/25 -> 0 | CG9: =CF9*$BQ$43 -> 0 | CH9: =CG9*CB9 -> 0 | CI9: =CG9*CC9 -> 0 | CJ9: =IF(CF9=0,0,CI9/(CD9*CF9)) -> 0 | CK9: =1-(POISSON(0,CJ9,FALSE)) -> 0 | CL9: =IF(CK9=0,0,CJ9/CK9) -> 0 | CM9: =BY9+15 -> 25.6749 | CN9: 1 | CO9: =(1+($BQ$32*CN9))*$BQ$47 -> 4.275 | CP9: =LN(CO9)/14.75 -> 0.098493837 | CQ9: =1-CA9-CH9 -> 0.52921954 | CR9: =(1-CF9)*CD9 -> 2700 | CS9: =CC9-CI9 -> 83.973885 | CT9: =CS9/CR9 -> 0.031101439 | CU9: =1-(POISSON(0,CT9,FALSE)) -> 0.030622765 | CV9: =CT9/(CU9+0.000001) -> 1.0155982 | CW9: =1-CG9 -> 1 | CX9: =BY9+12 -> 22.6749 | CY9: 1 | CZ9: =(1+($BQ$30*CY9))*$BQ$47 -> 2.258625 | DA9: =IF(DF9>2*CR9,0,LN(CZ9)/12.5) -> 0.065180498 | DB9: =(CH9*CP9+CQ9*DA9) -> 0.034494793 | DC9: =IF(BU9>0.25,$BW$39,$BW$38) -> -0.0050125418 | DD9: =DB9+DC9 -> 0.029482251 | DF9: =IF(OR($BA$32="n",$BA$32="p"),0,DS8) -> 158.67495 | DG9: =DF9*$BQ$31 -> 111.07247 | DH9: =DG9*(1-EL8) -> 111.07247 | DI9: =DH9*EXP(DB9*$BQ$37)-DH9 -> 76.617437 | DJ9: =DF9+DI9 -> 235.29239 | DK9: =DJ9-DL9 -> 17.270265 | DL9: =DJ9*EXP((IF(BU9>0.25,$BW$39,$BW$38)*$BQ$37)) -> 218.02212 | DM9: ='Immigration de varroas'!E16 -> 0 | DN9: =IF(EH9>DV9*EG9,-DV9*EG9,-EH9) -> -7.3946553 | DO9: =DM9+DN9 -> -7.3946553 | DP9: =DL9+DO9 -> 210.62747 | DQ9: =EO$33 -> 0 | DR9: =DP9*DQ9 -> 0 | DS9: =DP9-DR9 -> 210.62747 | DT9: =LN(DS9/DF9)/$BQ$37 -> 0.018623555 | DU9: =BA9 -> 40603 | DV9: =DF9*CA9 -> 74.701067 | DW9: =IF(BR9=0,0.001,DV9/BR9) -> 0.0053357905 | DX9: =DW9*315 -> 1.680774 | DY9: =IF((BS9<0.25),DY8,IF(DY8=100,100,IF(CU7>$AI$52,100,""))) | DZ9: =IF(DZ8=100,100,IF(BT9<100,IF((DX7+DX8)>$AI$53,100,""),"")) | EB9: =SUM(DY9:EA9) -> 0 | EC9: =BT8*0.9/20*$BQ$37 -> 2309.7656 | ED9: =BR9-BR8 -> 0 | EE9: =EC9-ED9 -> 2309.7656 | EF9: =EE9/$BQ$37 -> 151.875 | EG9: =IF(DW9>0.15,1,$BQ$36) -> 0.6 | EH9: =EE9*EG9*DW9 -> 7.3946553 | EJ9: =DI9 -> 76.617437 | EK9: 0 | EL9: =EN$60 -> 0 | EP9: 40603 | EQ9: 42979
BA10: =IF($AC$21="x", EQ10,EP10) -> 40617 | BB10: =IF(EB10>0,"",DF10) -> 210.62747 | BC10: =IF(EB10>0,"",DT10) -> 0.023321869 | BD10: =IF(EB10>0,"",DM10) -> 0 | BE10: =IF(EB10>0,"",DX10) -> 1.930632 | BF10: =IF(EB10>0,"",IF(BT10<5,"s.o.",CU10)) -> 0.025065615 | BG10: =IF(EB10>0,"",CA10) -> 0.34918468 | BH10: 0.9 | BI10: Traitement puissant à l’acide formique (diffusion progressive ou traitement flash intensif) | BP10: =BA10 -> 40617 | BQ10: =IF($BA$32="d",'Profils de colonie'!I36,IF($BA$32="n",'Profils de colonie'!I64,IF($BA$32="p",'Profils de colonie'!I92,IF($BA$32="a",'Profils de colonie'!I120,IF($BA$32="b",'Profils de colonie'!I148,IF($BA$32="c",'Profils de colonie'!I176,IF($BA$32="r",'Profils de colonie'!I204,IF($BA$32="s",'Profils de colonie'!I232,IF($BA$32="f",'Profils de colonie'!I260,"erreur"))))))))) -> 6 | BR10: =BQ10*$BQ$45 -> 12000 | BS10: =IF($BA$32="d",'Profils de colonie'!G36,IF($BA$32="n",'Profils de colonie'!G64,IF($BA$32="p",'Profils de colonie'!G92,IF($BA$32="a",'Profils de colonie'!G120,IF($BA$32="b",'Profils de colonie'!G148,IF($BA$32="c",'Profils de colonie'!G176,IF($BA$32="r",'Profils de colonie'!G204,IF($BA$32="s",'Profils de colonie'!G232,IF($BA$32="f",'Profils de colonie'!G260,"erreur"))))))))) -> 2 | BT10: =IF(BS10=0,1,$BQ$44*BS10) -> 9000 | BU10: =IF(BR10=0,0,BT10/BR10) -> 0.75 | BV10: =BT10*12/20 -> 5400 | BW10: =CU10*BV10 -> 135.35432 | BX10: =BT10/20 -> 450 | BY10: =IF(BU10=0,0.001,(-$BQ$43*LN(BU10))+$BQ$42) -> 6.4384104 | BZ10: =BY10+12 -> 18.43841 | CA10: =IF(BS10=0,1,BY10/BZ10) -> 0.34918468 | CB10: =1-CA10 -> 0.65081532 | CC10: =DF10*CB10 -> 137.07958 | CD10: =0.6*BT10 -> 5400 | CE10: =IF($BA$32="d",'Profils de colonie'!K36,IF($BA$32="n",'Profils de colonie'!K64,IF($BA$32="p",'Profils de colonie'!K92,IF($BA$32="a",'Profils de colonie'!K120,IF($BA$32="b",'Profils de colonie'!K148,IF($BA$32="c",'Profils de colonie'!K176,IF($BA$32="r",'Profils de colonie'!K204,IF($BA$32="s",'Profils de colonie'!K204,IF($BA$32="f",'Profils de colonie'!K260,"erreur"))))))))) -> 0 | CF10: =CE10*16/25 -> 0 | CG10: =CF10*$BQ$43 -> 0 | CH10: =CG10*CB10 -> 0 | CI10: =CG10*CC10 -> 0 | CJ10: =IF(CF10=0,0,CI10/(CD10*CF10)) -> 0 | CK10: =1-(POISSON(0,CJ10,FALSE)) -> 0 | CL10: =IF(CK10=0,0,CJ10/CK10) -> 0 | CM10: =BY10+15 -> 21.43841 | CN10: 1 | CO10: =(1+($BQ$32*CN10))*$BQ$47 -> 4.275 | CP10: =LN(CO10)/14.75 -> 0.098493837 | CQ10: =1-CA10-CH10 -> 0.65081532 | CR10: =(1-CF10)*CD10 -> 5400 | CS10: =CC10-CI10 -> 137.07958 | CT10: =CS10/CR10 -> 0.025385108 | CU10: =1-(POISSON(0,CT10,FALSE)) -> 0.025065615 | CV10: =CT10/(CU10+0.000001) -> 1.0127059 | CW10: =1-CG10 -> 1 | CX10: =BY10+12 -> 18.43841 | CY10: 1 | CZ10: =(1+($BQ$30*CY10))*$BQ$47 -> 2.258625 | DA10: =IF(DF10>2*CR10,0,LN(CZ10)/12.5) -> 0.065180498 | DB10: =(CH10*CP10+CQ10*DA10) -> 0.042420467 | DC10: =IF(BU10>0.25,$BW$39,$BW$38) -> -0.0050125418 | DD10: =DB10+DC10 -> 0.037407925 | DF10: =IF(OR($BA$32="n",$BA$32="p"),0,DS9) -> 210.62747 | DG10: =DF10*$BQ$31 -> 147.43923 | DH10: =DG10*(1-EL9) -> 147.43923 | DI10: =DH10*EXP(DB10*$BQ$37)-DH10 -> 133.61867 | DJ10: =DF10+DI10 -> 344.24613 | DK10: =DJ10-DL10 -> 25.267379 | DL10: =DJ10*EXP((IF(BU10>0.25,$BW$39,$BW$38)*$BQ$37)) -> 318.97875 | DM10: ='Immigration de varroas'!E17 -> 0 | DN10: =IF(EH10>DV10*EG10,-DV10*EG10,-EH10) -> -18.680013 | DO10: =DM10+DN10 -> -18.680013 | DP10: =DL10+DO10 -> 300.29874 | DQ10: =EP$33 -> 0 | DR10: =DP10*DQ10 -> 0 | DS10: =DP10-DR10 -> 300.29874 | DT10: =LN(DS10/DF10)/$BQ$37 -> 0.023321869 | DU10: =BA10 -> 40617 | DV10: =DF10*CA10 -> 73.547885 | DW10: =IF(BR10=0,0.001,DV10/BR10) -> 0.0061289904 | DX10: =DW10*315 -> 1.930632 | DY10: =IF((BS10<0.25),DY9,IF(DY9=100,100,IF(CU8>$AI$52,100,""))) | DZ10: =IF(DZ9=100,100,IF(BT10<100,IF((DX8+DX9)>$AI$53,100,""),"")) | EB10: =SUM(DY10:EA10) -> 0 | EC10: =BT9*0.9/20*$BQ$37 -> 3079.6875 | ED10: =BR10-BR9 -> -2000 | EE10: =EC10-ED10 -> 5079.6875 | EF10: =EE10/$BQ$37 -> 334.00685 | EG10: =IF(DW10>0.15,1,$BQ$36) -> 0.6 | EH10: =EE10*EG10*DW10 -> 18.680013 | EJ10: =DI10 -> 133.61867 | EK10: =EP$58 -> 68.664309 | EL10: =EO$60 -> 0 | EP10: 40617 | EQ10: 42993 | ET10: 10.08
BA11: =IF($AC$21="x", EQ11,EP11) -> 40634 | BB11: =IF(EB11>0,"",DF11) -> 300.29874 | BC11: =IF(EB11>0,"",DT11) -> 0.03018934 | BD11: =IF(EB11>0,"",DM11) -> 0 | BE11: =IF(EB11>0,"",DX11) -> 2.1188048 | BF11: =IF(EB11>0,"",IF(BT11<5,"s.o.",CU11)) -> 0.02467664 | BG11: =IF(EB11>0,"",CA11) -> 0.26878691 | BP11: =BA11 -> 40634 | BQ11: =IF($BA$32="d",'Profils de colonie'!I37,IF($BA$32="n",'Profils de colonie'!I65,IF($BA$32="p",'Profils de colonie'!I93,IF($BA$32="a",'Profils de colonie'!I121,IF($BA$32="b",'Profils de colonie'!I149,IF($BA$32="c",'Profils de colonie'!I177,IF($BA$32="r",'Profils de colonie'!I205,IF($BA$32="s",'Profils de colonie'!I233,IF($BA$32="f",'Profils de colonie'!I261,"erreur"))))))))) -> 6 | BR11: =BQ11*$BQ$45 -> 12000 | BS11: =IF($BA$32="d",'Profils de colonie'!G37,IF($BA$32="n",'Profils de colonie'!G65,IF($BA$32="p",'Profils de colonie'!G93,IF($BA$32="a",'Profils de colonie'!G121,IF($BA$32="b",'Profils de colonie'!G149,IF($BA$32="c",'Profils de colonie'!G177,IF($BA$32="r",'Profils de colonie'!G205,IF($BA$32="s",'Profils de colonie'!G233,IF($BA$32="f",'Profils de colonie'!G261,"erreur"))))))))) -> 3 | BT11: =IF(BS11=0,1,$BQ$44*BS11) -> 13500 | BU11: =IF(BR11=0,0,BT11/BR11) -> 1.125 | BV11: =BT11*12/20 -> 8100 | BW11: =CU11*BV11 -> 199.88079 | BX11: =BT11/20 -> 675 | BY11: =IF(BU11=0,0.001,(-$BQ$43*LN(BU11))+$BQ$42) -> 4.4110848 | BZ11: =BY11+12 -> 16.411085 | CA11: =IF(BS11=0,1,BY11/BZ11) -> 0.26878691 | CB11: =1-CA11 -> 0.73121309 | CC11: =DF11*CB11 -> 219.58237 | CD11: =0.6*BT11 -> 8100 | CE11: =IF($BA$32="d",'Profils de colonie'!K37,IF($BA$32="n",'Profils de colonie'!K65,IF($BA$32="p",'Profils de colonie'!K93,IF($BA$32="a",'Profils de colonie'!K121,IF($BA$32="b",'Profils de colonie'!K149,IF($BA$32="c",'Profils de colonie'!K177,IF($BA$32="r",'Profils de colonie'!K205,IF($BA$32="s",'Profils de colonie'!K205,IF($BA$32="f",'Profils de colonie'!K261,"erreur"))))))))) -> 0.03 | CF11: =CE11*16/25 -> 0.0192 | CG11: =CF11*$BQ$43 -> 0.096 | CH11: =CG11*CB11 -> 0.070196456 | CI11: =CG11*CC11 -> 21.079907 | CJ11: =IF(CF11=0,0,CI11/(CD11*CF11)) -> 0.13554467 | CK11: =1-(POISSON(0,CJ11,FALSE)) -> 0.12675985 | CL11: =IF(CK11=0,0,CJ11/CK11) -> 1.0693029 | CM11: =BY11+15 -> 19.411085 | CN11: 1 | CO11: =(1+($BQ$32*CN11))*$BQ$47 -> 4.275 | CP11: =LN(CO11)/14.75 -> 0.098493837 | CQ11: =1-CA11-CH11 -> 0.66101663 | CR11: =(1-CF11)*CD11 -> 7944.48 | CS11: =CC11-CI11 -> 198.50246 | CT11: =CS11/CR11 -> 0.024986212 | CU11: =1-(POISSON(0,CT11,FALSE)) -> 0.02467664 | CV11: =CT11/(CU11+0.000001) -> 1.0125041 | CW11: =1-CG11 -> 0.904 | CX11: =BY11+12 -> 16.411085 | CY11: 1 | CZ11: =(1+($BQ$30*CY11))*$BQ$47 -> 2.258625 | DA11: =IF(DF11>2*CR11,0,LN(CZ11)/12.5) -> 0.065180498 | DB11: =(CH11*CP11+CQ11*DA11) -> 0.049999311 | DC11: =IF(BU11>0.25,$BW$39,$BW$38) -> -0.0050125418 | DD11: =DB11+DC11 -> 0.04498677 | DF11: =IF(OR($BA$32="n",$BA$32="p"),BA33,DS10) -> 300.29874 | DG11: =DF11*$BQ$31 -> 210.20912 | DH11: =IF(OR($BA$32="n",$BA$32="p"),(DG11*(1-0.5)),(DG11*(1-EL10))) -> 210.20912 | DI11: =DH11*EXP(DB11*$BQ$37)-DH11 -> 239.45866 | DJ11: =DF11+DI11 -> 539.7574 | DK11: =DJ11-DL11 -> 39.617743 | DL11: =DJ11*EXP((IF(BU11>0.25,$BW$39,$BW$38)*$BQ$37)) -> 500.13965 | DM11: ='Immigration de varroas'!E18 -> 0 | DN11: =IF(EH11>DV11*EG11,-DV11*EG11,-EH11) -> -24.85812 | DO11: =DM11+DN11 -> -24.85812 | DP11: =DL11+DO11 -> 475.28153 | DQ11: =EQ$33 -> 0 | DR11: =DP11*DQ11 -> 0 | DS11: =DP11-DR11 -> 475.28153 | DT11: =LN(DS11/DF11)/$BQ$37 -> 0.03018934 | DU11: =BA11 -> 40634 | DV11: =DF11*CA11 -> 80.716372 | DW11: =IF(BR11=0,0.001,DV11/BR11) -> 0.0067263643 | DX11: =DW11*315 -> 2.1188048 | DY11: =IF((BS11<0.25),DY10,IF(DY10=100,100,IF(CU9>$AI$52,100,""))) | DZ11: =IF(DZ10=100,100,IF(BT11<100,IF((DX9+DX10)>$AI$53,100,""),"")) | EB11: =SUM(DY11:EA11) -> 0 | EC11: =BT10*0.9/20*$BQ$37 -> 6159.375 | ED11: =BR11-BR10 -> 0 | EE11: =EC11-ED11 -> 6159.375 | EF11: =EE11/$BQ$37 -> 405 | EG11: =IF(DW11>0.15,1,$BQ$36) -> 0.6 | EH11: =EE11*EG11*DW11 -> 24.85812 | EJ11: =DI11 -> 239.45866 | EK11: =EQ$58 -> 74.408914 | EL11: =IF(OR($BA$32="n",$BA$32="p"),0.15,EP60) -> 0.19007352 | EP11: 40634 | EQ11: 43009
BA12: =IF($AC$21="x", EQ12,EP12) -> 40648 | BB12: =IF(EB12>0,"",DF12) -> 475.28153 | BC12: =IF(EB12>0,"",DT12) -> 0.030616146 | BD12: =IF(EB12>0,"",DM12) -> 0 | BE12: =IF(EB12>0,"",DX12) -> 2.0159762 | BF12: =IF(EB12>0,"",IF(BT12<5,"s.o.",CU12)) -> 0.02294169 | BG12: =IF(EB12>0,"",CA12) -> 0.21544871 | BH12: 0.5 | BI12: Traitement unique, de faible intensité, à l’acide formique pour une réduction rapide | BP12: =BA12 -> 40648 | BQ12: =IF($BA$32="d",'Profils de colonie'!I38,IF($BA$32="n",'Profils de colonie'!I66,IF($BA$32="p",'Profils de colonie'!I94,IF($BA$32="a",'Profils de colonie'!I122,IF($BA$32="b",'Profils de colonie'!I150,IF($BA$32="c",'Profils de colonie'!I178,IF($BA$32="r",'Profils de colonie'!I206,IF($BA$32="s",'Profils de colonie'!I234,IF($BA$32="f",'Profils de colonie'!I262,"erreur"))))))))) -> 8 | BR12: =BQ12*$BQ$45 -> 16000 | BS12: =IF($BA$32="d",'Profils de colonie'!G38,IF($BA$32="n",'Profils de colonie'!G66,IF($BA$32="p",'Profils de colonie'!G94,IF($BA$32="a",'Profils de colonie'!G122,IF($BA$32="b",'Profils de colonie'!G150,IF($BA$32="c",'Profils de colonie'!G178,IF($BA$32="r",'Profils de colonie'!G206,IF($BA$32="s",'Profils de colonie'!G234,IF($BA$32="f",'Profils de colonie'!G262,"erreur"))))))))) -> 5 | BT12: =IF(BS12=0,1,$BQ$44*BS12) -> 22500 | BU12: =IF(BR12=0,0,BT12/BR12) -> 1.40625 | BV12: =BT12*12/20 -> 13500 | BW12: =CU12*BV12 -> 309.71282 | BX12: =BT12/20 -> 1125 | BY12: =IF(BU12=0,0.001,(-$BQ$43*LN(BU12))+$BQ$42) -> 3.2953671 | BZ12: =BY12+12 -> 15.295367 | CA12: =IF(BS12=0,1,BY12/BZ12) -> 0.21544871 | CB12: =1-CA12 -> 0.78455129 | CC12: =DF12*CB12 -> 372.88274 | CD12: =0.6*BT12 -> 13500 | CE12: =IF($BA$32="d",'Profils de colonie'!K38,IF($BA$32="n",'Profils de colonie'!K66,IF($BA$32="p",'Profils de colonie'!K94,IF($BA$32="a",'Profils de colonie'!K122,IF($BA$32="b",'Profils de colonie'!K150,IF($BA$32="c",'Profils de colonie'!K178,IF($BA$32="r",'Profils de colonie'!K206,IF($BA$32="s",'Profils de colonie'!K206,IF($BA$32="f",'Profils de colonie'!K262,"erreur"))))))))) -> 0.06 | CF12: =CE12*16/25 -> 0.0384 | CG12: =CF12*$BQ$43 -> 0.192 | CH12: =CG12*CB12 -> 0.15063385 | CI12: =CG12*CC12 -> 71.593486 | CJ12: =IF(CF12=0,0,CI12/(CD12*CF12)) -> 0.13810472 | CK12: =1-(POISSON(0,CJ12,FALSE)) -> 0.12899252 | CL12: =IF(CK12=0,0,CJ12/CK12) -> 1.0706413 | CM12: =BY12+15 -> 18.295367 | CN12: 1 | CO12: =(1+($BQ$32*CN12))*$BQ$47 -> 4.275 | CP12: =LN(CO12)/14.75 -> 0.098493837 | CQ12: =1-CA12-CH12 -> 0.63391744 | CR12: =(1-CF12)*CD12 -> 12981.6 | CS12: =CC12-CI12 -> 301.28926 | CT12: =CS12/CR12 -> 0.023208946 | CU12: =1-(POISSON(0,CT12,FALSE)) -> 0.02294169 | CV12: =CT12/(CU12+0.000001) -> 1.0116053 | CW12: =1-CG12 -> 0.808 | CX12: =BY12+12 -> 15.295367 | CY12: 1 | CZ12: =(1+($BQ$30*CY12))*$BQ$47 -> 2.258625 | DA12: =IF(DF12>2*CR12,0,LN(CZ12)/12.5) -> 0.065180498 | DB12: =(CH12*CP12+CQ12*DA12) -> 0.05615556 | DC12: =IF(BU12>0.25,$BW$39,$BW$38) -> -0.0050125418 | DD12: =DB12+DC12 -> 0.051143018 | DF12: =DS11 -> 475.28153 | DG12: =DF12*$BQ$31 -> 332.69707 | DH12: =IF(OR($BA$32="n",$BA$32="p"),(DG12*(1-0.25)),(DG12*(1-EL11))) -> 269.46017 | DI12: =DH12*EXP(DB12*$BQ$37)-DH12 -> 363.52884 | DJ12: =DF12+DI12 -> 838.81038 | DK12: =DJ12-DL12 -> 61.567983 | DL12: =DJ12*EXP((IF(BU12>0.25,$BW$39,$BW$38)*$BQ$37)) -> 777.2424 | DM12: ='Immigration de varroas'!E19 -> 0 | DN12: =IF(EH12>DV12*EG12,-DV12*EG12,-EH12) -> -20.117763 | DO12: =DM12+DN12 -> -20.117763 | DP12: =DL12+DO12 -> 757.12463 | DQ12: =ER$33 -> 0 | DR12: =DP12*DQ12 -> 0 | DS12: =DP12-DR12 -> 757.12463 | DT12: =LN(DS12/DF12)/$BQ$37 -> 0.030616146 | DU12: =BA12 -> 40648 | DV12: =DF12*CA12 -> 102.39879 | DW12: =IF(BR12=0,0.001,DV12/BR12) -> 0.0063999245 | DX12: =DW12*315 -> 2.0159762 | DY12: =IF((BS12<0.25),DY11,IF(DY11=100,100,IF(CU10>$AI$52,100,""))) | DZ12: =IF(DZ11=100,100,IF(BT12<100,IF((DX10+DX11)>$AI$53,100,""),"")) | EB12: =SUM(DY12:EA12) -> 0 | EC12: =BT11*0.9/20*$BQ$37 -> 9239.0625 | ED12: =BR12-BR11 -> 4000 | EE12: =EC12-ED12 -> 5239.0625 | EF12: =EE12/$BQ$37 -> 344.4863 | EG12: =IF(DW12>0.15,1,$BQ$36) -> 0.6 | EH12: =EE12*EG12*DW12 -> 20.117763 | EJ12: =DI12 -> 363.52884 | EK12: =ER$58 -> 93.589327 | EL12: =EQ$60 -> 0.12950948 | EP12: 40648 | EQ12: 43023 | ES12: 0.62 | ET12: 7.875
BA13: =IF($AC$21="x", EQ13,EP13) -> 40664 | BB13: =IF(EB13>0,"",DF13) -> 757.12463 | BC13: =IF(EB13>0,"",DT13) -> 0.02995822 | BD13: =IF(EB13>0,"",DM13) -> 0 | BE13: =IF(EB13>0,"",DX13) -> 2.6979622 | BF13: =IF(EB13>0,"",IF(BT13<5,"s.o.",CU13)) -> 0.029066464 | BG13: =IF(EB13>0,"",CA13) -> 0.24887462 | BP13: =BA13 -> 40664 | BQ13: =IF($BA$32="d",'Profils de colonie'!I39,IF($BA$32="n",'Profils de colonie'!I67,IF($BA$32="p",'Profils de colonie'!I95,IF($BA$32="a",'Profils de colonie'!I123,IF($BA$32="b",'Profils de colonie'!I151,IF($BA$32="c",'Profils de colonie'!I179,IF($BA$32="r",'Profils de colonie'!I207,IF($BA$32="s",'Profils de colonie'!I235,IF($BA$32="f",'Profils de colonie'!I263,"erreur"))))))))) -> 11 | BR13: =BQ13*$BQ$45 -> 22000 | BS13: =IF($BA$32="d",'Profils de colonie'!G39,IF($BA$32="n",'Profils de colonie'!G67,IF($BA$32="p",'Profils de colonie'!G95,IF($BA$32="a",'Profils de colonie'!G123,IF($BA$32="b",'Profils de colonie'!G151,IF($BA$32="c",'Profils de colonie'!G179,IF($BA$32="r",'Profils de colonie'!G207,IF($BA$32="s",'Profils de colonie'!G235,IF($BA$32="f",'Profils de colonie'!G263,"erreur"))))))))) -> 6 | BT13: =IF(BS13=0,1,$BQ$44*BS13) -> 27000 | BU13: =IF(BR13=0,0,BT13/BR13) -> 1.2272727 | BV13: =BT13*12/20 -> 16200 | BW13: =CU13*BV13 -> 470.87671 | BX13: =BT13/20 -> 1350 | BY13: =IF(BU13=0,0.001,(-$BQ$43*LN(BU13))+$BQ$42) -> 3.9760279 | BZ13: =BY13+12 -> 15.976028 | CA13: =IF(BS13=0,1,BY13/BZ13) -> 0.24887462 | CB13: =1-CA13 -> 0.75112538 | CC13: =DF13*CB13 -> 568.69553 | CD13: =0.6*BT13 -> 16200 | CE13: =IF($BA$32="d",'Profils de colonie'!K39,IF($BA$32="n",'Profils de colonie'!K67,IF($BA$32="p",'Profils de colonie'!K95,IF($BA$32="a",'Profils de colonie'!K123,IF($BA$32="b",'Profils de colonie'!K151,IF($BA$32="c",'Profils de colonie'!K179,IF($BA$32="r",'Profils de colonie'!K207,IF($BA$32="s",'Profils de colonie'!K207,IF($BA$32="f",'Profils de colonie'!K263,"erreur"))))))))) -> 0.06 | CF13: =CE13*16/25 -> 0.0384 | CG13: =CF13*$BQ$43 -> 0.192 | CH13: =CG13*CB13 -> 0.14421607 | CI13: =CG13*CC13 -> 109.18954 | CJ13: =IF(CF13=0,0,CI13/(CD13*CF13)) -> 0.17552331 | CK13: =1-(POISSON(0,CJ13,FALSE)) -> 0.16098216 | CL13: =IF(CK13=0,0,CJ13/CK13) -> 1.0903277 | CM13: =BY13+15 -> 18.976028 | CN13: 1 | CO13: =(1+($BQ$32*CN13))*$BQ$47 -> 4.275 | CP13: =LN(CO13)/14.75 -> 0.098493837 | CQ13: =1-CA13-CH13 -> 0.6069093 | CR13: =(1-CF13)*CD13 -> 15577.92 | CS13: =CC13-CI13 -> 459.50598 | CT13: =CS13/CR13 -> 0.029497262 | CU13: =1-(POISSON(0,CT13,FALSE)) -> 0.029066464 | CV13: =CT13/(CU13+0.000001) -> 1.0147862 | CW13: =1-CG13 -> 0.808 | CX13: =BY13+12 -> 15.976028 | CY13: 1 | CZ13: =(1+($BQ$30*CY13))*$BQ$47 -> 2.258625 | DA13: =IF(DF13>2*CR13,0,LN(CZ13)/12.5) -> 0.065180498 | DB13: =(CH13*CP13+CQ13*DA13) -> 0.053763045 | DC13: =IF(BU13>0.25,$BW$39,$BW$38) -> -0.0050125418 | DD13: =DB13+DC13 -> 0.048750503 | DF13: =DS12 -> 757.12463 | DG13: =DF13*$BQ$31 -> 529.98724 | DH13: =DG13*(1-EL12) -> 461.34887 | DI13: =DH13*EXP(DB13*$BQ$37)-DH13 -> 583.68109 | DJ13: =DF13+DI13 -> 1340.8057 | DK13: =DJ13-DL13 -> 98.414023 | DL13: =DJ13*EXP((IF(BU13>0.25,$BW$39,$BW$38)*$BQ$37)) -> 1242.3917 | DM13: ='Immigration de varroas'!E20 -> 0 | DN13: =IF(EH13>DV13*EG13,-DV13*EG13,-EH13) -> -48.298342 | DO13: =DM13+DN13 -> -48.298342 | DP13: =DL13+DO13 -> 1194.0934 | DQ13: =ES$33 -> 0 | DR13: =DP13*DQ13 -> 0 | DS13: =DP13-DR13 -> 1194.0934 | DT13: =LN(DS13/DF13)/$BQ$37 -> 0.02995822 | DU13: =BA13 -> 40664 | DV13: =DF13*CA13 -> 188.42911 | DW13: =IF(BR13=0,0.001,DV13/BR13) -> 0.0085649595 | DX13: =DW13*315 -> 2.6979622 | DY13: =IF((BS13<0.25),DY12,IF(DY12=100,100,IF(CU11>$AI$52,100,""))) | DZ13: =IF(DZ12=100,100,IF(BT13<100,IF((DX11+DX12)>$AI$53,100,""),"")) | EB13: =SUM(DY13:EA13) -> 0 | EC13: =BT12*0.9/20*$BQ$37 -> 15398.438 | ED13: =BR13-BR12 -> 6000 | EE13: =EC13-ED13 -> 9398.4375 | EF13: =EE13/$BQ$37 -> 617.97945 | EG13: =IF(DW13>0.15,1,$BQ$36) -> 0.6 | EH13: =EE13*EG13*DW13 -> 48.298342 | EJ13: =DI13 -> 583.68109 | EK13: =ES$58 -> 124.94891 | EL13: =ER$60 -> 0.10439899 | EP13: 40664 | EQ13: 43040 | ES13: 0.6
BA14: =IF($AC$21="x", EQ14,EP14) -> 40678 | BB14: =IF(EB14>0,"",DF14) -> 1194.0934 | BC14: =IF(EB14>0,"",DT14) -> 0.027897519 | BD14: =IF(EB14>0,"",DM14) -> 0 | BE14: =IF(EB14>0,"",DX14) -> 3.7530574 | BF14: =IF(EB14>0,"",IF(BT14<5,"s.o.",CU14)) -> 0.039266212 | BG14: =IF(EB14>0,"",CA14) -> 0.29933509 | BH14: 15-45% | BI14: Un seul dégouttement ou une seule sublimation d’acide oxalique dans une ruche contenant du couvain, proportionnellement au % de varroas phorétiques. 30–75 % si deux applications sont réalisées pendant la période. | BP14: =BA14 -> 40678 | BQ14: =IF($BA$32="d",'Profils de colonie'!I40,IF($BA$32="n",'Profils de colonie'!I68,IF($BA$32="p",'Profils de colonie'!I96,IF($BA$32="a",'Profils de colonie'!I124,IF($BA$32="b",'Profils de colonie'!I152,IF($BA$32="c",'Profils de colonie'!I180,IF($BA$32="r",'Profils de colonie'!I208,IF($BA$32="s",'Profils de colonie'!I236,IF($BA$32="f",'Profils de colonie'!I264,"erreur"))))))))) -> 15 | BR14: =BQ14*$BQ$45 -> 30000 | BS14: =IF($BA$32="d",'Profils de colonie'!G40,IF($BA$32="n",'Profils de colonie'!G68,IF($BA$32="p",'Profils de colonie'!G96,IF($BA$32="a",'Profils de colonie'!G124,IF($BA$32="b",'Profils de colonie'!G152,IF($BA$32="c",'Profils de colonie'!G180,IF($BA$32="r",'Profils de colonie'!G208,IF($BA$32="s",'Profils de colonie'!G236,IF($BA$32="f",'Profils de colonie'!G264,"erreur"))))))))) -> 6.5 | BT14: =IF(BS14=0,1,$BQ$44*BS14) -> 29250 | BU14: =IF(BR14=0,0,BT14/BR14) -> 0.975 | BV14: =BT14*12/20 -> 17550 | BW14: =CU14*BV14 -> 689.12202 | BX14: =BT14/20 -> 1462.5 | BY14: =IF(BU14=0,0.001,(-$BQ$43*LN(BU14))+$BQ$42) -> 5.126589 | BZ14: =BY14+12 -> 17.126589 | CA14: =IF(BS14=0,1,BY14/BZ14) -> 0.29933509 | CB14: =1-CA14 -> 0.70066491 | CC14: =DF14*CB14 -> 836.65932 | CD14: =0.6*BT14 -> 17550 | CE14: =IF($BA$32="d",'Profils de colonie'!K40,IF($BA$32="n",'Profils de colonie'!K68,IF($BA$32="p",'Profils de colonie'!K96,IF($BA$32="a",'Profils de colonie'!K124,IF($BA$32="b",'Profils de colonie'!K152,IF($BA$32="c",'Profils de colonie'!K180,IF($BA$32="r",'Profils de colonie'!K208,IF($BA$32="s",'Profils de colonie'!K208,IF($BA$32="f",'Profils de colonie'!K264,"erreur"))))))))) -> 0.06 | CF14: =CE14*16/25 -> 0.0384 | CG14: =CF14*$BQ$43 -> 0.192 | CH14: =CG14*CB14 -> 0.13452766 | CI14: =CG14*CC14 -> 160.63859 | CJ14: =IF(CF14=0,0,CI14/(CD14*CF14)) -> 0.23836448 | CK14: =1-(POISSON(0,CJ14,FALSE)) -> 0.21208454 | CL14: =IF(CK14=0,0,CJ14/CK14) -> 1.1239126 | CM14: =BY14+15 -> 20.126589 | CN14: 1 | CO14: =(1+($BQ$32*CN14))*$BQ$47 -> 4.275 | CP14: =LN(CO14)/14.75 -> 0.098493837 | CQ14: =1-CA14-CH14 -> 0.56613725 | CR14: =(1-CF14)*CD14 -> 16876.08 | CS14: =CC14-CI14 -> 676.02073 | CT14: =CS14/CR14 -> 0.040057924 | CU14: =1-(POISSON(0,CT14,FALSE)) -> 0.039266212 | CV14: =CT14/(CU14+0.000001) -> 1.0201367 | CW14: =1-CG14 -> 0.808 | CX14: =BY14+12 -> 17.126589 | CY14: 1 | CZ14: =(1+($BQ$30*CY14))*$BQ$47 -> 2.258625 | DA14: =IF(DF14>2*CR14,0,LN(CZ14)/12.5) -> 0.065180498 | DB14: =(CH14*CP14+CQ14*DA14) -> 0.050151253 | DC14: =IF(BU14>0.25,$BW$39,$BW$38) -> -0.0050125418 | DD14: =DB14+DC14 -> 0.045138712 | DF14: =DS13 -> 1194.0934 | DG14: =DF14*$BQ$31 -> 835.86535 | DH14: =DG14*(1-EL13) -> 748.60186 | DI14: =DH14*EXP(DB14*$BQ$37)-DH14 -> 856.47072 | DJ14: =DF14+DI14 -> 2050.5641 | DK14: =DJ14-DL14 -> 150.5097 | DL14: =DJ14*EXP((IF(BU14>0.25,$BW$39,$BW$38)*$BQ$37)) -> 1900.0544 | DM14: ='Immigration de varroas'!E21 -> 0 | DN14: =IF(EH14>DV14*EG14,-DV14*EG14,-EH14) -> -74.904771 | DO14: =DM14+DN14 -> -74.904771 | DP14: =DL14+DO14 -> 1825.1496 | DQ14: =ET$33 -> 0 | DR14: =DP14*DQ14 -> 0 | DS14: =DP14-DR14 -> 1825.1496 | DT14: =LN(DS14/DF14)/$BQ$37 -> 0.027897519 | DU14: =BA14 -> 40678 | DV14: =DF14*CA14 -> 357.43404 | DW14: =IF(BR14=0,0.001,DV14/BR14) -> 0.011914468 | DX14: =DW14*315 -> 3.7530574 | DY14: =IF((BS14<0.25),DY13,IF(DY13=100,100,IF(CU12>$AI$52,100,""))) | DZ14: =IF(DZ13=100,100,IF(BT14<100,IF((DX12+DX13)>$AI$53,100,""),"")) | EB14: =SUM(DY14:EA14) -> 0 | EC14: =BT13*0.9/20*$BQ$37 -> 18478.125 | ED14: =BR14-BR13 -> 8000 | EE14: =EC14-ED14 -> 10478.125 | EF14: =EE14/$BQ$37 -> 688.9726 | EG14: =IF(DW14>0.15,1,$BQ$36) -> 0.6 | EH14: =EE14*EG14*DW14 -> 74.904771 | EJ14: =DI14 -> 856.47072 | EK14: =ET$58 -> 168.50757 | EL14: =ES$60 -> 0.088290146 | EP14: 40678 | EQ14: 43054 | ES14: 0.58 | ET14: 10.08
BA15: =IF($AC$21="x", EQ15,EP15) -> 40695 | BB15: =IF(EB15>0,"",DF15) -> 1825.1496 | BC15: =IF(EB15>0,"",DT15) -> 0.025961722 | BD15: =IF(EB15>0,"",DM15) -> 0 | BE15: =IF(EB15>0,"",DX15) -> 5.0083107 | BF15: =IF(EB15>0,"",IF(BT15<5,"s.o.",CU15)) -> 0.054516972 | BG15: =IF(EB15>0,"",CA15) -> 0.33102884 | BP15: =BA15 -> 40695 | BQ15: =IF($BA$32="d",'Profils de colonie'!I41,IF($BA$32="n",'Profils de colonie'!I69,IF($BA$32="p",'Profils de colonie'!I97,IF($BA$32="a",'Profils de colonie'!I125,IF($BA$32="b",'Profils de colonie'!I153,IF($BA$32="c",'Profils de colonie'!I181,IF($BA$32="r",'Profils de colonie'!I209,IF($BA$32="s",'Profils de colonie'!I237,IF($BA$32="f",'Profils de colonie'!I265,"erreur"))))))))) -> 19 | BR15: =BQ15*$BQ$45 -> 38000 | BS15: =IF($BA$32="d",'Profils de colonie'!G41,IF($BA$32="n",'Profils de colonie'!G69,IF($BA$32="p",'Profils de colonie'!G97,IF($BA$32="a",'Profils de colonie'!G125,IF($BA$32="b",'Profils de colonie'!G153,IF($BA$32="c",'Profils de colonie'!G181,IF($BA$32="r",'Profils de colonie'!G209,IF($BA$32="s",'Profils de colonie'!G237,IF($BA$32="f",'Profils de colonie'!G265,"erreur"))))))))) -> 7 | BT15: =IF(BS15=0,1,$BQ$44*BS15) -> 31500 | BU15: =IF(BR15=0,0,BT15/BR15) -> 0.82894737 | BV15: =BT15*12/20 -> 18900 | BW15: =CU15*BV15 -> 1030.3708 | BX15: =BT15/20 -> 1575 | BY15: =IF(BU15=0,0.001,(-$BQ$43*LN(BU15))+$BQ$42) -> 5.9379931 | BZ15: =BY15+12 -> 17.937993 | CA15: =IF(BS15=0,1,BY15/BZ15) -> 0.33102884 | CB15: =1-CA15 -> 0.66897116 | CC15: =DF15*CB15 -> 1220.9725 | CD15: =0.6*BT15 -> 18900 | CE15: =IF($BA$32="d",'Profils de colonie'!K41,IF($BA$32="n",'Profils de colonie'!K69,IF($BA$32="p",'Profils de colonie'!K97,IF($BA$32="a",'Profils de colonie'!K125,IF($BA$32="b",'Profils de colonie'!K153,IF($BA$32="c",'Profils de colonie'!K181,IF($BA$32="r",'Profils de colonie'!K209,IF($BA$32="s",'Profils de colonie'!K209,IF($BA$32="f",'Profils de colonie'!K265,"erreur"))))))))) -> 0.05 | CF15: =CE15*16/25 -> 0.032 | CG15: =CF15*$BQ$43 -> 0.16 | CH15: =CG15*CB15 -> 0.10703539 | CI15: =CG15*CC15 -> 195.35559 | CJ15: =IF(CF15=0,0,CI15/(CD15*CF15)) -> 0.32300859 | CK15: =1-(POISSON(0,CJ15,FALSE)) -> 0.27603236 | CL15: =IF(CK15=0,0,CJ15/CK15) -> 1.1701838 | CM15: =BY15+15 -> 20.937993 | CN15: 1 | CO15: =(1+($BQ$32*CN15))*$BQ$47 -> 4.275 | CP15: =LN(CO15)/14.75 -> 0.098493837 | CQ15: =1-CA15-CH15 -> 0.56193577 | CR15: =(1-CF15)*CD15 -> 18295.2 | CS15: =CC15-CI15 -> 1025.6169 | CT15: =CS15/CR15 -> 0.056059341 | CU15: =1-(POISSON(0,CT15,FALSE)) -> 0.054516972 | CV15: =CT15/(CU15+0.000001) -> 1.0282727 | CW15: =1-CG15 -> 0.84 | CX15: =BY15+12 -> 17.937993 | CY15: 1 | CZ15: =(1+($BQ$30*CY15))*$BQ$47 -> 2.258625 | DA15: =IF(DF15>2*CR15,0,LN(CZ15)/12.5) -> 0.065180498 | DB15: =(CH15*CP15+CQ15*DA15) -> 0.047169579 | DC15: =IF(BU15>0.25,$BW$39,$BW$38) -> -0.0050125418 | DD15: =DB15+DC15 -> 0.042157037 | DF15: =DS14 -> 1825.1496 | DG15: =DF15*$BQ$31 -> 1277.6047 | DH15: =DG15*(1-EL14) -> 1164.8048 | DI15: =DH15*EXP(DB15*$BQ$37)-DH15 -> 1221.9252 | DJ15: =DF15+DI15 -> 3047.0748 | DK15: =DJ15-DL15 -> 223.65275 | DL15: =DJ15*EXP((IF(BU15>0.25,$BW$39,$BW$38)*$BQ$37)) -> 2823.422 | DM15: ='Immigration de varroas'!E22 -> 0 | DN15: =IF(EH15>DV15*EG15,-DV15*EG15,-EH15) -> -114.64709 | DO15: =DM15+DN15 -> -114.64709 | DP15: =DL15+DO15 -> 2708.7749 | DQ15: =EU$33 -> 0 | DR15: =DP15*DQ15 -> 0 | DS15: =DP15-DR15 -> 2708.7749 | DT15: =LN(DS15/DF15)/$BQ$37 -> 0.025961722 | DU15: =BA15 -> 40695 | DV15: =DF15*CA15 -> 604.17716 | DW15: =IF(BR15=0,0.001,DV15/BR15) -> 0.015899399 | DX15: =DW15*315 -> 5.0083107 | DY15: =IF((BS15<0.25),DY14,IF(DY14=100,100,IF(CU13>$AI$52,100,""))) | DZ15: =IF(DZ14=100,100,IF(BT15<100,IF((DX13+DX14)>$AI$53,100,""),"")) | EB15: =SUM(DY15:EA15) -> 0 | EC15: =BT14*0.9/20*$BQ$37 -> 20017.969 | ED15: =BR15-BR14 -> 8000 | EE15: =EC15-ED15 -> 12017.969 | EF15: =EE15/$BQ$37 -> 790.2226 | EG15: =IF(DW15>0.15,1,$BQ$36) -> 0.6 | EH15: =EE15*EG15*DW15 -> 114.64709 | EJ15: =DI15 -> 1221.9252 | EK15: =EU$58 -> 248.05072 | EL15: =ET$60 -> 0.077682839 | EP15: 40695 | EQ15: 43070 | ES15: 0.57
BA16: =IF($AC$21="x", EQ16,EP16) -> 40709 | BB16: =IF(EB16>0,"",DF16) -> 2708.7749 | BC16: =IF(EB16>0,"",DT16) -> 0.023324877 | BD16: =IF(EB16>0,"",DM16) -> 0 | BE16: =IF(EB16>0,"",DX16) -> 7.1712817 | BF16: =IF(EB16>0,"",IF(BT16<5,"s.o.",CU16)) -> 0.080942913 | BG16: =IF(EB16>0,"",CA16) -> 0.36979921 | BH16: 80-95% | BI16: Acide oxalique par dégouttement ou sublimation, en l’absence de couvain | BP16: =BA16 -> 40709 | BQ16: =IF($BA$32="d",'Profils de colonie'!I42,IF($BA$32="n",'Profils de colonie'!I70,IF($BA$32="p",'Profils de colonie'!I98,IF($BA$32="a",'Profils de colonie'!I126,IF($BA$32="b",'Profils de colonie'!I154,IF($BA$32="c",'Profils de colonie'!I182,IF($BA$32="r",'Profils de colonie'!I210,IF($BA$32="s",'Profils de colonie'!I238,IF($BA$32="f",'Profils de colonie'!I266,"erreur"))))))))) -> 22 | BR16: =BQ16*$BQ$45 -> 44000 | BS16: =IF($BA$32="d",'Profils de colonie'!G42,IF($BA$32="n",'Profils de colonie'!G70,IF($BA$32="p",'Profils de colonie'!G98,IF($BA$32="a",'Profils de colonie'!G126,IF($BA$32="b",'Profils de colonie'!G154,IF($BA$32="c",'Profils de colonie'!G182,IF($BA$32="r",'Profils de colonie'!G210,IF($BA$32="s",'Profils de colonie'!G238,IF($BA$32="f",'Profils de colonie'!G266,"erreur"))))))))) -> 6.5 | BT16: =IF(BS16=0,1,$BQ$44*BS16) -> 29250 | BU16: =IF(BR16=0,0,BT16/BR16) -> 0.66477273 | BV16: =BT16*12/20 -> 17550 | BW16: =CU16*BV16 -> 1420.5481 | BX16: =BT16/20 -> 1462.5 | BY16: =IF(BU16=0,0.001,(-$BQ$43*LN(BU16))+$BQ$42) -> 7.0415503 | BZ16: =BY16+12 -> 19.04155 | CA16: =IF(BS16=0,1,BY16/BZ16) -> 0.36979921 | CB16: =1-CA16 -> 0.63020079 | CC16: =DF16*CB16 -> 1707.0721 | CD16: =0.6*BT16 -> 17550 | CE16: =IF($BA$32="d",'Profils de colonie'!K42,IF($BA$32="n",'Profils de colonie'!K70,IF($BA$32="p",'Profils de colonie'!K98,IF($BA$32="a",'Profils de colonie'!K126,IF($BA$32="b",'Profils de colonie'!K154,IF($BA$32="c",'Profils de colonie'!K182,IF($BA$32="r",'Profils de colonie'!K210,IF($BA$32="s",'Profils de colonie'!K210,IF($BA$32="f",'Profils de colonie'!K266,"erreur"))))))))) -> 0.05 | CF16: =CE16*16/25 -> 0.032 | CG16: =CF16*$BQ$43 -> 0.16 | CH16: =CG16*CB16 -> 0.10083213 | CI16: =CG16*CC16 -> 273.13154 | CJ16: =IF(CF16=0,0,CI16/(CD16*CF16)) -> 0.48634533 | CK16: =1-(POISSON(0,CJ16,FALSE)) -> 0.38513056 | CL16: =IF(CK16=0,0,CJ16/CK16) -> 1.2628064 | CM16: =BY16+15 -> 22.04155 | CN16: 1 | CO16: =(1+($BQ$32*CN16))*$BQ$47 -> 4.275 | CP16: =LN(CO16)/14.75 -> 0.098493837 | CQ16: =1-CA16-CH16 -> 0.52936866 | CR16: =(1-CF16)*CD16 -> 16988.4 | CS16: =CC16-CI16 -> 1433.9406 | CT16: =CS16/CR16 -> 0.08440704 | CU16: =1-(POISSON(0,CT16,FALSE)) -> 0.080942913 | CV16: =CT16/(CU16+0.000001) -> 1.0427843 | CW16: =1-CG16 -> 0.84 | CX16: =BY16+12 -> 19.04155 | CY16: 1 | CZ16: =(1+($BQ$30*CY16))*$BQ$47 -> 2.258625 | DA16: =IF(DF16>2*CR16,0,LN(CZ16)/12.5) -> 0.065180498 | DB16: =(CH16*CP16+CQ16*DA16) -> 0.044435856 | DC16: =IF(BU16>0.25,$BW$39,$BW$38) -> -0.0050125418 | DD16: =DB16+DC16 -> 0.039423314 | DF16: =DS15 -> 2708.7749 | DG16: =DF16*$BQ$31 -> 1896.1425 | DH16: =DG16*(1-EL15) -> 1748.8447 | DI16: =DH16*EXP(DB16*$BQ$37)-DH16 -> 1688.6768 | DJ16: =DF16+DI16 -> 4397.4517 | DK16: =DJ16-DL16 -> 322.76929 | DL16: =DJ16*EXP((IF(BU16>0.25,$BW$39,$BW$38)*$BQ$37)) -> 4074.6824 | DM16: ='Immigration de varroas'!E23 -> 0 | DN16: =IF(EH16>DV16*EG16,-DV16*EG16,-EH16) -> -212.51325 | DO16: =DM16+DN16 -> -212.51325 | DP16: =DL16+DO16 -> 3862.1692 | DQ16: =EV$33 -> 0 | DR16: =DP16*DQ16 -> 0 | DS16: =DP16-DR16 -> 3862.1692 | DT16: =LN(DS16/DF16)/$BQ$37 -> 0.023324877 | DU16: =BA16 -> 40709 | DV16: =DF16*CA16 -> 1001.7028 | DW16: =IF(BR16=0,0.001,DV16/BR16) -> 0.022765974 | DX16: =DW16*315 -> 7.1712817 | DY16: =IF((BS16<0.25),DY15,IF(DY15=100,100,IF(CU14>$AI$52,100,""))) | DZ16: =IF(DZ15=100,100,IF(BT16<100,IF((DX14+DX15)>$AI$53,100,""),"")) | EB16: =SUM(DY16:EA16) -> 0 | EC16: =BT15*0.9/20*$BQ$37 -> 21557.812 | ED16: =BR16-BR15 -> 6000 | EE16: =EC16-ED16 -> 15557.812 | EF16: =EE16/$BQ$37 -> 1022.9795 | EG16: =IF(DW16>0.15,1,$BQ$36) -> 0.6 | EH16: =EE16*EG16*DW16 -> 212.51325 | EJ16: =DI16 -> 1688.6768 | EK16: =EV$58 -> 394.50679 | EL16: =EU$60 -> 0.0767013 | EP16: 40709 | EQ16: 43084 | ES16: 0.55 | ET16: 5.985
BA17: =IF($AC$21="x", EQ17,EP17) -> 40725 | BB17: =IF(EB17>0,"",DF17) -> 3862.1692 | BC17: =IF(EB17>0,"",DT17) -> 0.021774004 | BD17: =IF(EB17>0,"",DM17) -> 0 | BE17: =IF(EB17>0,"",DX17) -> 10.043953 | BF17: =IF(EB17>0,"",IF(BT17<5,"s.o.",CU17)) -> 0.11741284 | BG17: =IF(EB17>0,"",CA17) -> 0.39628172 | BP17: =BA17 -> 40725 | BQ17: =IF($BA$32="d",'Profils de colonie'!I43,IF($BA$32="n",'Profils de colonie'!I71,IF($BA$32="p",'Profils de colonie'!I99,IF($BA$32="a",'Profils de colonie'!I127,IF($BA$32="b",'Profils de colonie'!I155,IF($BA$32="c",'Profils de colonie'!I183,IF($BA$32="r",'Profils de colonie'!I211,IF($BA$32="s",'Profils de colonie'!I239,IF($BA$32="f",'Profils de colonie'!I267,"erreur"))))))))) -> 24 | BR17: =BQ17*$BQ$45 -> 48000 | BS17: =IF($BA$32="d",'Profils de colonie'!G43,IF($BA$32="n",'Profils de colonie'!G71,IF($BA$32="p",'Profils de colonie'!G99,IF($BA$32="a",'Profils de colonie'!G127,IF($BA$32="b",'Profils de colonie'!G155,IF($BA$32="c",'Profils de colonie'!G183,IF($BA$32="r",'Profils de colonie'!G211,IF($BA$32="s",'Profils de colonie'!G239,IF($BA$32="f",'Profils de colonie'!G267,"erreur"))))))))) -> 6 | BT17: =IF(BS17=0,1,$BQ$44*BS17) -> 27000 | BU17: =IF(BR17=0,0,BT17/BR17) -> 0.5625 | BV17: =BT17*12/20 -> 16200 | BW17: =CU17*BV17 -> 1902.088 | BX17: =BT17/20 -> 1350 | BY17: =IF(BU17=0,0.001,(-$BQ$43*LN(BU17))+$BQ$42) -> 7.8768207 | BZ17: =BY17+12 -> 19.876821 | CA17: =IF(BS17=0,1,BY17/BZ17) -> 0.39628172 | CB17: =1-CA17 -> 0.60371828 | CC17: =DF17*CB17 -> 2331.6621 | CD17: =0.6*BT17 -> 16200 | CE17: =IF($BA$32="d",'Profils de colonie'!K43,IF($BA$32="n",'Profils de colonie'!K71,IF($BA$32="p",'Profils de colonie'!K99,IF($BA$32="a",'Profils de colonie'!K127,IF($BA$32="b",'Profils de colonie'!K155,IF($BA$32="c",'Profils de colonie'!K183,IF($BA$32="r",'Profils de colonie'!K211,IF($BA$32="s",'Profils de colonie'!K211,IF($BA$32="f",'Profils de colonie'!K267,"erreur"))))))))) -> 0.05 | CF17: =CE17*16/25 -> 0.032 | CG17: =CF17*$BQ$43 -> 0.16 | CH17: =CG17*CB17 -> 0.096594925 | CI17: =CG17*CC17 -> 373.06594 | CJ17: =IF(CF17=0,0,CI17/(CD17*CF17)) -> 0.71964881 | CK17: =1-(POISSON(0,CJ17,FALSE)) -> 0.51307677 | CL17: =IF(CK17=0,0,CJ17/CK17) -> 1.4026143 | CM17: =BY17+15 -> 22.876821 | CN17: 1 | CO17: =(1+($BQ$32*CN17))*$BQ$47 -> 4.275 | CP17: =LN(CO17)/14.75 -> 0.098493837 | CQ17: =1-CA17-CH17 -> 0.50712335 | CR17: =(1-CF17)*CD17 -> 15681.6 | CS17: =CC17-CI17 -> 1958.5962 | CT17: =CS17/CR17 -> 0.12489773 | CU17: =1-(POISSON(0,CT17,FALSE)) -> 0.11741284 | CV17: =CT17/(CU17+0.000001) -> 1.0637394 | CW17: =1-CG17 -> 0.84 | CX17: =BY17+12 -> 19.876821 | CY17: 1 | CZ17: =(1+($BQ$30*CY17))*$BQ$47 -> 2.258625 | DA17: =IF(DF17>2*CR17,0,LN(CZ17)/12.5) -> 0.065180498 | DB17: =(CH17*CP17+CQ17*DA17) -> 0.042568557 | DC17: =IF(BU17>0.25,$BW$39,$BW$38) -> -0.0050125418 | DD17: =DB17+DC17 -> 0.037556016 | DF17: =DS16 -> 3862.1692 | DG17: =DF17*$BQ$31 -> 2703.5184 | DH17: =DG17*(1-EL16) -> 2496.1551 | DI17: =DH17*EXP(DB17*$BQ$37)-DH17 -> 2272.9009 | DJ17: =DF17+DI17 -> 6135.0701 | DK17: =DJ17-DL17 -> 450.30904 | DL17: =DJ17*EXP((IF(BU17>0.25,$BW$39,$BW$38)*$BQ$37)) -> 5684.7611 | DM17: ='Immigration de varroas'!E24 -> 0 | DN17: =IF(EH17>DV17*EG17,-DV17*EG17,-EH17) -> -306.44518 | DO17: =DM17+DN17 -> -306.44518 | DP17: =DL17+DO17 -> 5378.3159 | DQ17: =EW$33 -> 0 | DR17: =DP17*DQ17 -> 0 | DS17: =DP17-DR17 -> 5378.3159 | DT17: =LN(DS17/DF17)/$BQ$37 -> 0.021774004 | DU17: =BA17 -> 40725 | DV17: =DF17*CA17 -> 1530.5071 | DW17: =IF(BR17=0,0.001,DV17/BR17) -> 0.031885564 | DX17: =DW17*315 -> 10.043953 | DY17: =IF((BS17<0.25),DY16,IF(DY16=100,100,IF(CU15>$AI$52,100,""))) | DZ17: =IF(DZ16=100,100,IF(BT17<100,IF((DX15+DX16)>$AI$53,100,""),"")) | EB17: =SUM(DY17:EA17) -> 0 | EC17: =BT16*0.9/20*$BQ$37 -> 20017.969 | ED17: =BR17-BR16 -> 4000 | EE17: =EC17-ED17 -> 16017.969 | EF17: =EE17/$BQ$37 -> 1053.2363 | EG17: =IF(DW17>0.15,1,$BQ$36) -> 0.6 | EH17: =EE17*EG17*DW17 -> 306.44518 | EJ17: =DI17 -> 2272.9009 | EK17: =EW$58 -> 615.54682 | EL17: =EV$60 -> 0.084144944 | EP17: 40725 | EQ17: 43101 | ES17: 0.55
BA18: =IF($AC$21="x", EQ18,EP18) -> 40739 | BB18: =IF(EB18>0,"",DF18) -> 5378.3159 | BC18: =IF(EB18>0,"",DT18) -> 0.019460598 | BD18: =IF(EB18>0,"",DM18) -> 0 | BE18: =IF(EB18>0,"",DX18) -> 14.514571 | BF18: =IF(EB18>0,"",IF(BT18<5,"s.o.",CU18)) -> 0.17931904 | BG18: =IF(EB18>0,"",CA18) -> 0.42836832 | BH18: 0.25 | BI18: Un seul saupoudrage de sucre, au mieux, en supposant la chute de 50 % des varroas phorétiques* | BP18: =BA18 -> 40739 | BQ18: =IF($BA$32="d",'Profils de colonie'!I44,IF($BA$32="n",'Profils de colonie'!I72,IF($BA$32="p",'Profils de colonie'!I100,IF($BA$32="a",'Profils de colonie'!I128,IF($BA$32="b",'Profils de colonie'!I156,IF($BA$32="c",'Profils de colonie'!I184,IF($BA$32="r",'Profils de colonie'!I212,IF($BA$32="s",'Profils de colonie'!I240,IF($BA$32="f",'Profils de colonie'!I268,"erreur"))))))))) -> 25 | BR18: =BQ18*$BQ$45 -> 50000 | BS18: =IF($BA$32="d",'Profils de colonie'!G44,IF($BA$32="n",'Profils de colonie'!G72,IF($BA$32="p",'Profils de colonie'!G100,IF($BA$32="a",'Profils de colonie'!G128,IF($BA$32="b",'Profils de colonie'!G156,IF($BA$32="c",'Profils de colonie'!G184,IF($BA$32="r",'Profils de colonie'!G212,IF($BA$32="s",'Profils de colonie'!G240,IF($BA$32="f",'Profils de colonie'!G268,"erreur"))))))))) -> 5 | BT18: =IF(BS18=0,1,$BQ$44*BS18) -> 22500 | BU18: =IF(BR18=0,0,BT18/BR18) -> 0.45 | BV18: =BT18*12/20 -> 13500 | BW18: =CU18*BV18 -> 2420.8071 | BX18: =BT18/20 -> 1125 | BY18: =IF(BU18=0,0.001,(-$BQ$43*LN(BU18))+$BQ$42) -> 8.9925385 | BZ18: =BY18+12 -> 20.992538 | CA18: =IF(BS18=0,1,BY18/BZ18) -> 0.42836832 | CB18: =1-CA18 -> 0.57163168 | CC18: =DF18*CB18 -> 3074.4158 | CD18: =0.6*BT18 -> 13500 | CE18: =IF($BA$32="d",'Profils de colonie'!K44,IF($BA$32="n",'Profils de colonie'!K72,IF($BA$32="p",'Profils de colonie'!K100,IF($BA$32="a",'Profils de colonie'!K128,IF($BA$32="b",'Profils de colonie'!K156,IF($BA$32="c",'Profils de colonie'!K184,IF($BA$32="r",'Profils de colonie'!K212,IF($BA$32="s",'Profils de colonie'!K212,IF($BA$32="f",'Profils de colonie'!K268,"erreur"))))))))) -> 0.05 | CF18: =CE18*16/25 -> 0.032 | CG18: =CF18*$BQ$43 -> 0.16 | CH18: =CG18*CB18 -> 0.091461068 | CI18: =CG18*CC18 -> 491.90652 | CJ18: =IF(CF18=0,0,CI18/(CD18*CF18)) -> 1.1386725 | CK18: =1-(POISSON(0,CJ18,FALSE)) -> 0.67975614 | CL18: =IF(CK18=0,0,CJ18/CK18) -> 1.6751191 | CM18: =BY18+15 -> 23.992538 | CN18: 1 | CO18: =(1+($BQ$32*CN18))*$BQ$47 -> 4.275 | CP18: =LN(CO18)/14.75 -> 0.098493837 | CQ18: =1-CA18-CH18 -> 0.48017061 | CR18: =(1-CF18)*CD18 -> 13068 | CS18: =CC18-CI18 -> 2582.5092 | CT18: =CS18/CR18 -> 0.19762085 | CU18: =1-(POISSON(0,CT18,FALSE)) -> 0.17931904 | CV18: =CT18/(CU18+0.000001) -> 1.1020567 | CW18: =1-CG18 -> 0.84 | CX18: =BY18+12 -> 20.992538 | CY18: 1 | CZ18: =(1+($BQ$30*CY18))*$BQ$47 -> 2.258625 | DA18: =IF(DF18>2*CR18,0,LN(CZ18)/12.5) -> 0.065180498 | DB18: =(CH18*CP18+CQ18*DA18) -> 0.040306111 | DC18: =IF(BU18>0.25,$BW$39,$BW$38) -> -0.0050125418 | DD18: =DB18+DC18 -> 0.035293569 | DF18: =DS17 -> 5378.3159 | DG18: =DF18*$BQ$31 -> 3764.8211 | DH18: =DG18*(1-EL17) -> 3448.0305 | DI18: =DH18*EXP(DB18*$BQ$37)-DH18 -> 2916.8278 | DJ18: =DF18+DI18 -> 8295.1437 | DK18: =DJ18-DL18 -> 608.85664 | DL18: =DJ18*EXP((IF(BU18>0.25,$BW$39,$BW$38)*$BQ$37)) -> 7686.2871 | DM18: ='Immigration de varroas'!E25 -> 0 | DN18: =IF(EH18>DV18*EG18,-DV18*EG18,-EH18) -> -455.56746 | DO18: =DM18+DN18 -> -455.56746 | DP18: =DL18+DO18 -> 7230.7196 | DQ18: =EX$33 -> 0 | DR18: =DP18*DQ18 -> 0 | DS18: =DP18-DR18 -> 7230.7196 | DT18: =LN(DS18/DF18)/$BQ$37 -> 0.019460598 | DU18: =BA18 -> 40739 | DV18: =DF18*CA18 -> 2303.9002 | DW18: =IF(BR18=0,0.001,DV18/BR18) -> 0.046078003 | DX18: =DW18*315 -> 14.514571 | DY18: =IF((BS18<0.25),DY17,IF(DY17=100,100,IF(CU16>$AI$52,100,""))) | DZ18: =IF(DZ17=100,100,IF(BT18<100,IF((DX16+DX17)>$AI$53,100,""),"")) | EB18: =SUM(DY18:EA18) -> 0 | EC18: =BT17*0.9/20*$BQ$37 -> 18478.125 | ED18: =BR18-BR17 -> 2000 | EE18: =EC18-ED18 -> 16478.125 | EF18: =EE18/$BQ$37 -> 1083.4932 | EG18: =IF(DW18>0.15,1,$BQ$36) -> 0.6 | EH18: =EE18*EG18*DW18 -> 455.56746 | EJ18: =DI18 -> 2916.8278 | EK18: =EX$58 -> 971.74272 | EL18: =EW$60 -> 0.092958565 | EP18: 40739 | EQ18: 43115 | ES18: 0.56 | ET18: 11.655
BA19: =IF($AC$21="x", EQ19,EP19) -> 40756 | BB19: =IF(EB19>0,"",DF19) -> 7230.7196 | BC19: =IF(EB19>0,"",DT19) -> 0.01857197 | BD19: =IF(EB19>0,"",DM19) -> 0 | BE19: =IF(EB19>0,"",DX19) -> 20.151157 | BF19: =IF(EB19>0,"",IF(BT19<5,"s.o.",CU19)) -> 0.25022298 | BG19: =IF(EB19>0,"",CA19) -> 0.44236211 | BP19: =BA19 -> 40756 | BQ19: =IF($BA$32="d",'Profils de colonie'!I45,IF($BA$32="n",'Profils de colonie'!I73,IF($BA$32="p",'Profils de colonie'!I101,IF($BA$32="a",'Profils de colonie'!I129,IF($BA$32="b",'Profils de colonie'!I157,IF($BA$32="c",'Profils de colonie'!I185,IF($BA$32="r",'Profils de colonie'!I213,IF($BA$32="s",'Profils de colonie'!I241,IF($BA$32="f",'Profils de colonie'!I269,"erreur"))))))))) -> 25 | BR19: =BQ19*$BQ$45 -> 50000 | BS19: =IF($BA$32="d",'Profils de colonie'!G45,IF($BA$32="n",'Profils de colonie'!G73,IF($BA$32="p",'Profils de colonie'!G101,IF($BA$32="a",'Profils de colonie'!G129,IF($BA$32="b",'Profils de colonie'!G157,IF($BA$32="c",'Profils de colonie'!G185,IF($BA$32="r",'Profils de colonie'!G213,IF($BA$32="s",'Profils de colonie'!G241,IF($BA$32="f",'Profils de colonie'!G269,"erreur"))))))))) -> 4.5 | BT19: =IF(BS19=0,1,$BQ$44*BS19) -> 20250 | BU19: =IF(BR19=0,0,BT19/BR19) -> 0.405 | BV19: =BT19*12/20 -> 12150 | BW19: =CU19*BV19 -> 3040.2091 | BX19: =BT19/20 -> 1012.5 | BY19: =IF(BU19=0,0.001,(-$BQ$43*LN(BU19))+$BQ$42) -> 9.5193411 | BZ19: =BY19+12 -> 21.519341 | CA19: =IF(BS19=0,1,BY19/BZ19) -> 0.44236211 | CB19: =1-CA19 -> 0.55763789 | CC19: =DF19*CB19 -> 4032.1232 | CD19: =0.6*BT19 -> 12150 | CE19: =IF($BA$32="d",'Profils de colonie'!K45,IF($BA$32="n",'Profils de colonie'!K73,IF($BA$32="p",'Profils de colonie'!K101,IF($BA$32="a",'Profils de colonie'!K129,IF($BA$32="b",'Profils de colonie'!K157,IF($BA$32="c",'Profils de colonie'!K185,IF($BA$32="r",'Profils de colonie'!K213,IF($BA$32="s",'Profils de colonie'!K213,IF($BA$32="f",'Profils de colonie'!K269,"erreur"))))))))) -> 0.05 | CF19: =CE19*16/25 -> 0.032 | CG19: =CF19*$BQ$43 -> 0.16 | CH19: =CG19*CB19 -> 0.089222063 | CI19: =CG19*CC19 -> 645.13972 | CJ19: =IF(CF19=0,0,CI19/(CD19*CF19)) -> 1.65931 | CK19: =1-(POISSON(0,CJ19,FALSE)) -> 0.80972977 | CL19: =IF(CK19=0,0,CJ19/CK19) -> 2.0492145 | CM19: =BY19+15 -> 24.519341 | CN19: 1 | CO19: =(1+($BQ$32*CN19))*$BQ$47 -> 4.275 | CP19: =LN(CO19)/14.75 -> 0.098493837 | CQ19: =1-CA19-CH19 -> 0.46841583 | CR19: =(1-CF19)*CD19 -> 11761.2 | CS19: =CC19-CI19 -> 3386.9835 | CT19: =CS19/CR19 -> 0.28797942 | CU19: =1-(POISSON(0,CT19,FALSE)) -> 0.25022298 | CV19: =CT19/(CU19+0.000001) -> 1.1508866 | CW19: =1-CG19 -> 0.84 | CX19: =BY19+12 -> 21.519341 | CY19: 1 | CZ19: =(1+($BQ$30*CY19))*$BQ$47 -> 2.258625 | DA19: =IF(DF19>2*CR19,0,LN(CZ19)/12.5) -> 0.065180498 | DB19: =(CH19*CP19+CQ19*DA19) -> 0.0393194 | DC19: =IF(BU19>0.25,$BW$39,$BW$38) -> -0.0050125418 | DD19: =DB19+DC19 -> 0.034306858 | DF19: =DS18 -> 7230.7196 | DG19: =DF19*$BQ$31 -> 5061.5037 | DH19: =DG19*(1-EL18) -> 4590.9936 | DI19: =DH19*EXP(DB19*$BQ$37)-DH19 -> 3757.4825 | DJ19: =DF19+DI19 -> 10988.202 | DK19: =DJ19-DL19 -> 806.52488 | DL19: =DJ19*EXP((IF(BU19>0.25,$BW$39,$BW$38)*$BQ$37)) -> 10181.677 | DM19: ='Immigration de varroas'!E26 -> 0 | DN19: =IF(EH19>DV19*EG19,-DV19*EG19,-EH19) -> -591.04063 | DO19: =DM19+DN19 -> -591.04063 | DP19: =DL19+DO19 -> 9590.6366 | DQ19: =EY$33 -> 0 | DR19: =DP19*DQ19 -> 0 | DS19: =DP19-DR19 -> 9590.6366 | DT19: =LN(DS19/DF19)/$BQ$37 -> 0.01857197 | DU19: =BA19 -> 40756 | DV19: =DF19*CA19 -> 3198.5964 | DW19: =IF(BR19=0,0.001,DV19/BR19) -> 0.063971927 | DX19: =DW19*315 -> 20.151157 | DY19: =IF((BS19<0.25),DY18,IF(DY18=100,100,IF(CU17>$AI$52,100,""))) | DZ19: =IF(DZ18=100,100,IF(BT19<100,IF((DX17+DX18)>$AI$53,100,""),"")) | EB19: =SUM(DY19:EA19) -> 0 | EC19: =BT18*0.9/20*$BQ$37 -> 15398.438 | ED19: =BR19-BR18 -> 0 | EE19: =EC19-ED19 -> 15398.438 | EF19: =EE19/$BQ$37 -> 1012.5 | EG19: =IF(DW19>0.15,1,$BQ$36) -> 0.6 | EH19: =EE19*EG19*DW19 -> 591.04063 | EJ19: =DI19 -> 3757.4825 | EK19: =EY$58 -> 1489.4481 | EL19: =EX$60 -> 0.1072689 | EP19: 40756 | EQ19: 43132 | ES19: 0.56
BA20: =IF($AC$21="x", EQ20,EP20) -> 40770 | BB20: =IF(EB20>0,"",DF20) -> 9590.6366 | BC20: =IF(EB20>0,"",DT20) -> -0.08946308 | BD20: =IF(EB20>0,"",DM20) -> 0 | BE20: =IF(EB20>0,"",DX20) -> 30.28307 | BF20: =IF(EB20>0,"",IF(BT20<5,"s.o.",CU20)) -> 0.34995923 | BG20: =IF(EB20>0,"",CA20) -> 0.44105687 | BH20: 15-20% | BI20: Retrait complet du couvain de mâles, s’il est réalisé tôt dans la saison, à chaque retrait | BP20: =BA20 -> 40770 | BQ20: =IF($BA$32="d",'Profils de colonie'!I46,IF($BA$32="n",'Profils de colonie'!I74,IF($BA$32="p",'Profils de colonie'!I102,IF($BA$32="a",'Profils de colonie'!I130,IF($BA$32="b",'Profils de colonie'!I158,IF($BA$32="c",'Profils de colonie'!I186,IF($BA$32="r",'Profils de colonie'!I214,IF($BA$32="s",'Profils de colonie'!I242,IF($BA$32="f",'Profils de colonie'!I270,"erreur"))))))))) -> 22 | BR20: =BQ20*$BQ$45 -> 44000 | BS20: =IF($BA$32="d",'Profils de colonie'!G46,IF($BA$32="n",'Profils de colonie'!G74,IF($BA$32="p",'Profils de colonie'!G102,IF($BA$32="a",'Profils de colonie'!G130,IF($BA$32="b",'Profils de colonie'!G158,IF($BA$32="c",'Profils de colonie'!G186,IF($BA$32="r",'Profils de colonie'!G214,IF($BA$32="s",'Profils de colonie'!G242,IF($BA$32="f",'Profils de colonie'!G270,"erreur"))))))))) -> 4 | BT20: =IF(BS20=0,1,$BQ$44*BS20) -> 18000 | BU20: =IF(BR20=0,0,BT20/BR20) -> 0.40909091 | BV20: =BT20*12/20 -> 10800 | BW20: =CU20*BV20 -> 3779.5596 | BX20: =BT20/20 -> 900 | BY20: =IF(BU20=0,0.001,(-$BQ$43*LN(BU20))+$BQ$42) -> 9.4690894 | BZ20: =BY20+12 -> 21.469089 | CA20: =IF(BS20=0,1,BY20/BZ20) -> 0.44105687 | CB20: =1-CA20 -> 0.55894313 | CC20: =DF20*CB20 -> 5360.6204 | CD20: =0.6*BT20 -> 10800 | CE20: =IF($BA$32="d",'Profils de colonie'!K46,IF($BA$32="n",'Profils de colonie'!K74,IF($BA$32="p",'Profils de colonie'!K102,IF($BA$32="a",'Profils de colonie'!K130,IF($BA$32="b",'Profils de colonie'!K158,IF($BA$32="c",'Profils de colonie'!K186,IF($BA$32="r",'Profils de colonie'!K214,IF($BA$32="s",'Profils de colonie'!K214,IF($BA$32="f",'Profils de colonie'!K270,"erreur"))))))))) -> 0.05 | CF20: =CE20*16/25 -> 0.032 | CG20: =CF20*$BQ$43 -> 0.16 | CH20: =CG20*CB20 -> 0.089430901 | CI20: =CG20*CC20 -> 857.69927 | CJ20: =IF(CF20=0,0,CI20/(CD20*CF20)) -> 2.4817687 | CK20: =1-(POISSON(0,CJ20,FALSE)) -> 0.91640476 | CL20: =IF(CK20=0,0,CJ20/CK20) -> 2.7081578 | CM20: =BY20+15 -> 24.469089 | CN20: 1 | CO20: =(1+($BQ$32*CN20))*$BQ$47 -> 4.275 | CP20: =LN(CO20)/14.75 -> 0.098493837 | CQ20: =1-CA20-CH20 -> 0.46951223 | CR20: =(1-CF20)*CD20 -> 10454.4 | CS20: =CC20-CI20 -> 4502.9211 | CT20: =CS20/CR20 -> 0.43072019 | CU20: =1-(POISSON(0,CT20,FALSE)) -> 0.34995923 | CV20: =CT20/(CU20+0.000001) -> 1.230769 | CW20: =1-CG20 -> 0.84 | CX20: =BY20+12 -> 21.469089 | CY20: 1 | CZ20: =(1+($BQ$30*CY20))*$BQ$47 -> 2.258625 | DA20: =IF(DF20>2*CR20,0,LN(CZ20)/12.5) -> 0.065180498 | DB20: =(CH20*CP20+CQ20*DA20) -> 0.039411433 | DC20: =IF(BU20>0.25,$BW$39,$BW$38) -> -0.0050125418 | DD20: =DB20+DC20 -> 0.034398891 | DF20: =DS19 -> 9590.6366 | DG20: =DF20*$BQ$31 -> 6713.4456 | DH20: =DG20*(1-EL19) -> 5993.3017 | DI20: =DH20*EXP(DB20*$BQ$37)-DH20 -> 4920.4616 | DJ20: =DF20+DI20 -> 14511.098 | DK20: =DJ20-DL20 -> 1065.1025 | DL20: =DJ20*EXP((IF(BU20>0.25,$BW$39,$BW$38)*$BQ$37)) -> 13445.996 | DM20: ='Immigration de varroas'!E27 -> 0 | DN20: =IF(EH20>DV20*EG20,-DV20*EG20,-EH20) -> -1145.4842 | DO20: =DM20+DN20 -> -1145.4842 | DP20: =DL20+DO20 -> 12300.511 | DQ20: =EZ$33 -> 0.8 | DR20: =DP20*DQ20 -> 9840.4091 | DS20: =DP20-DR20 -> 2460.1023 | DT20: =LN(DS20/DF20)/$BQ$37 -> -0.08946308 | DU20: =BA20 -> 40770 | DV20: =DF20*CA20 -> 4230.0161 | DW20: =IF(BR20=0,0.001,DV20/BR20) -> 0.096136731 | DX20: =DW20*315 -> 30.28307 | DY20: =IF((BS20<0.25),DY19,IF(DY19=100,100,IF(CU18>$AI$52,100,""))) | DZ20: =IF(DZ19=100,100,IF(BT20<100,IF((DX18+DX19)>$AI$53,100,""),"")) | EB20: =SUM(DY20:EA20) -> 0 | EC20: =BT19*0.9/20*$BQ$37 -> 13858.594 | ED20: =BR20-BR19 -> -6000 | EE20: =EC20-ED20 -> 19858.594 | EF20: =EE20/$BQ$37 -> 1305.7705 | EG20: =IF(DW20>0.15,1,$BQ$36) -> 0.6 | EH20: =EE20*EG20*DW20 -> 1145.4842 | EJ20: =DI20 -> 4920.4616 | EK20: =EZ$58 -> 2220.5923 | EL20: =EY$60 -> 0.12248473 | EP20: 40770 | EQ20: 43146 | ET20: 13.23
C21: Réductions des varroas → | S21: 0.8 | BA21: =IF($AC$21="x", EQ21,EP21) -> 40787 | BB21: =IF(EB21>0,"",DF21) -> 2460.1023 | BC21: =IF(EB21>0,"",DT21) -> 0.014185496 | BD21: =IF(EB21>0,"",DM21) -> 0 | BE21: =IF(EB21>0,"",DX21) -> 8.9596446 | BF21: =IF(EB21>0,"",IF(BT21<5,"s.o.",CU21)) -> 0.12923519 | BG21: =IF(EB21>0,"",CA21) -> 0.43935003 | BP21: =BA21 -> 40787 | BQ21: =IF($BA$32="d",'Profils de colonie'!I47,IF($BA$32="n",'Profils de colonie'!I75,IF($BA$32="p",'Profils de colonie'!I103,IF($BA$32="a",'Profils de colonie'!I131,IF($BA$32="b",'Profils de colonie'!I159,IF($BA$32="c",'Profils de colonie'!I187,IF($BA$32="r",'Profils de colonie'!I215,IF($BA$32="s",'Profils de colonie'!I243,IF($BA$32="f",'Profils de colonie'!I271,"erreur"))))))))) -> 19 | BR21: =BQ21*$BQ$45 -> 38000 | BS21: =IF($BA$32="d",'Profils de colonie'!G47,IF($BA$32="n",'Profils de colonie'!G75,IF($BA$32="p",'Profils de colonie'!G103,IF($BA$32="a",'Profils de colonie'!G131,IF($BA$32="b",'Profils de colonie'!G159,IF($BA$32="c",'Profils de colonie'!G187,IF($BA$32="r",'Profils de colonie'!G215,IF($BA$32="s",'Profils de colonie'!G243,IF($BA$32="f",'Profils de colonie'!G271,"erreur"))))))))) -> 3.5 | BT21: =IF(BS21=0,1,$BQ$44*BS21) -> 15750 | BU21: =IF(BR21=0,0,BT21/BR21) -> 0.41447368 | BV21: =BT21*12/20 -> 9450 | BW21: =CU21*BV21 -> 1221.2725 | BX21: =BT21/20 -> 787.5 | BY21: =IF(BU21=0,0.001,(-$BQ$43*LN(BU21))+$BQ$42) -> 9.403729 | BZ21: =BY21+12 -> 21.403729 | CA21: =IF(BS21=0,1,BY21/BZ21) -> 0.43935003 | CB21: =1-CA21 -> 0.56064997 | CC21: =DF21*CB21 -> 1379.2563 | CD21: =0.6*BT21 -> 9450 | CE21: =IF($BA$32="d",'Profils de colonie'!K47,IF($BA$32="n",'Profils de colonie'!K75,IF($BA$32="p",'Profils de colonie'!K103,IF($BA$32="a",'Profils de colonie'!K131,IF($BA$32="b",'Profils de colonie'!K159,IF($BA$32="c",'Profils de colonie'!K187,IF($BA$32="r",'Profils de colonie'!K215,IF($BA$32="s",'Profils de colonie'!K215,IF($BA$32="f",'Profils de colonie'!K271,"erreur"))))))))) -> 0.02 | CF21: =CE21*16/25 -> 0.0128 | CG21: =CF21*$BQ$43 -> 0.064 | CH21: =CG21*CB21 -> 0.035881598 | CI21: =CG21*CC21 -> 88.272401 | CJ21: =IF(CF21=0,0,CI21/(CD21*CF21)) -> 0.72976522 | CK21: =1-(POISSON(0,CJ21,FALSE)) -> 0.51797786 | CL21: =IF(CK21=0,0,CJ21/CK21) -> 1.4088734 | CM21: =BY21+15 -> 24.403729 | CN21: 1 | CO21: =(1+($BQ$32*CN21))*$BQ$47 -> 4.275 | CP21: =LN(CO21)/14.75 -> 0.098493837 | CQ21: =1-CA21-CH21 -> 0.52476837 | CR21: =(1-CF21)*CD21 -> 9329.04 | CS21: =CC21-CI21 -> 1290.9839 | CT21: =CS21/CR21 -> 0.13838336 | CU21: =1-(POISSON(0,CT21,FALSE)) -> 0.12923519 | CV21: =CT21/(CU21+0.000001) -> 1.0707787 | CW21: =1-CG21 -> 0.936 | CX21: =BY21+12 -> 21.403729 | CY21: 1 | CZ21: =(1+($BQ$30*CY21))*$BQ$47 -> 2.258625 | DA21: =IF(DF21>2*CR21,0,LN(CZ21)/12.5) -> 0.065180498 | DB21: =(CH21*CP21+CQ21*DA21) -> 0.03773878 | DC21: =IF(BU21>0.25,$BW$39,$BW$38) -> -0.0050125418 | DD21: =DB21+DC21 -> 0.032726238 | DF21: =DS20 -> 2460.1023 | DG21: =DF21*$BQ$31 -> 1722.0716 | DH21: =DG21*(1-EL20) -> 1511.1441 | DI21: =DH21*EXP(DB21*$BQ$37)-DH21 -> 1171.5217 | DJ21: =DF21+DI21 -> 3631.624 | DK21: =DJ21-DL21 -> 266.55817 | DL21: =DJ21*EXP((IF(BU21>0.25,$BW$39,$BW$38)*$BQ$37)) -> 3365.0658 | DM21: ='Immigration de varroas'!E28 -> 0 | DN21: =IF(EH21>DV21*EG21,-DV21*EG21,-EH21) -> -312.6276 | DO21: =DM21+DN21 -> -312.6276 | DP21: =DL21+DO21 -> 3052.4382 | DQ21: =FA$33 -> 0 | DR21: =DP21*DQ21 -> 0 | DS21: =DP21-DR21 -> 3052.4382 | DT21: =LN(DS21/DF21)/$BQ$37 -> 0.014185496 | DU21: =BA21 -> 40787 | DV21: =DF21*CA21 -> 1080.846 | DW21: =IF(BR21=0,0.001,DV21/BR21) -> 0.028443316 | DX21: =DW21*315 -> 8.9596446 | DY21: =IF((BS21<0.25),DY20,IF(DY20=100,100,IF(CU19>$AI$52,100,""))) | DZ21: =IF(DZ20=100,100,IF(BT21<100,IF((DX19+DX20)>$AI$53,100,""),"")) | EB21: =SUM(DY21:EA21) -> 0 | EC21: =BT20*0.9/20*$BQ$37 -> 12318.75 | ED21: =BR21-BR20 -> -6000 | EE21: =EC21-ED21 -> 18318.75 | EF21: =EE21/$BQ$37 -> 1204.5205 | EG21: =IF(DW21>0.15,1,$BQ$36) -> 0.6 | EH21: =EE21*EG21*DW21 -> 312.6276 | EJ21: =DI21 -> 1171.5217 | EK21: =FA$58 -> 643.85416 | EL21: =EZ$60 -> 0.13707397 | EP21: 40787 | EQ21: 43160
C22: Profil de colonie* | D22: d | E22: =IF($D$22="a",'Profils de colonie'!B114,IF($D$22="d",'Profils de colonie'!B30,IF($D$22="b",'Profils de colonie'!B142,IF($D$22="c",'Profils de colonie'!B170,IF($D$22="r",'Profils de colonie'!B198,IF($D$22="s",'Profils de colonie'!B226,IF($D$22="f",'Profils de colonie'!B254,IF($D$22="n",'Profils de colonie'!B58,IF($D$22="p",'Profils de colonie'!B86,"erreur"))))))))) -> D : colonie par défaut en climat tempéré, conduite pour éviter l’essaimage (légère reprise du couvain en automne) | AC22: Saisir « x » ci-dessus pour l’hémisphère Sud | BA22: =IF($AC$21="x", EQ22,EP22) -> 40801 | BB22: =IF(EB22>0,"",DF22) -> 3052.4382 | BC22: =IF(EB22>0,"",DT22) -> 0.016264595 | BD22: =IF(EB22>0,"",DM22) -> 0 | BE22: =IF(EB22>0,"",DX22) -> 11.907251 | BF22: =IF(EB22>0,"",IF(BT22<5,"s.o.",CU22)) -> 0.14937273 | BG22: =IF(EB22>0,"",CA22) -> 0.39628172 | BH22: ~35% | BI22: Départ d’un essaim primaire au printemps | BP22: =BA22 -> 40801 | BQ22: =IF($BA$32="d",'Profils de colonie'!I48,IF($BA$32="n",'Profils de colonie'!I76,IF($BA$32="p",'Profils de colonie'!I104,IF($BA$32="a",'Profils de colonie'!I132,IF($BA$32="b",'Profils de colonie'!I160,IF($BA$32="c",'Profils de colonie'!I188,IF($BA$32="r",'Profils de colonie'!I216,IF($BA$32="s",'Profils de colonie'!I244,IF($BA$32="f",'Profils de colonie'!I272,"erreur"))))))))) -> 16 | BR22: =BQ22*$BQ$45 -> 32000 | BS22: =IF($BA$32="d",'Profils de colonie'!G48,IF($BA$32="n",'Profils de colonie'!G76,IF($BA$32="p",'Profils de colonie'!G104,IF($BA$32="a",'Profils de colonie'!G132,IF($BA$32="b",'Profils de colonie'!G160,IF($BA$32="c",'Profils de colonie'!G188,IF($BA$32="r",'Profils de colonie'!G216,IF($BA$32="s",'Profils de colonie'!G244,IF($BA$32="f",'Profils de colonie'!G272,"erreur"))))))))) -> 4 | BT22: =IF(BS22=0,1,$BQ$44*BS22) -> 18000 | BU22: =IF(BR22=0,0,BT22/BR22) -> 0.5625 | BV22: =BT22*12/20 -> 10800 | BW22: =CU22*BV22 -> 1613.2255 | BX22: =BT22/20 -> 900 | BY22: =IF(BU22=0,0.001,(-$BQ$43*LN(BU22))+$BQ$42) -> 7.8768207 | BZ22: =BY22+12 -> 19.876821 | CA22: =IF(BS22=0,1,BY22/BZ22) -> 0.39628172 | CB22: =1-CA22 -> 0.60371828 | CC22: =DF22*CB22 -> 1842.8127 | CD22: =0.6*BT22 -> 10800 | CE22: =IF($BA$32="d",'Profils de colonie'!K48,IF($BA$32="n",'Profils de colonie'!K76,IF($BA$32="p",'Profils de colonie'!K104,IF($BA$32="a",'Profils de colonie'!K132,IF($BA$32="b",'Profils de colonie'!K160,IF($BA$32="c",'Profils de colonie'!K188,IF($BA$32="r",'Profils de colonie'!K216,IF($BA$32="s",'Profils de colonie'!K216,IF($BA$32="f",'Profils de colonie'!K272,"erreur"))))))))) -> 0.02 | CF22: =CE22*16/25 -> 0.0128 | CG22: =CF22*$BQ$43 -> 0.064 | CH22: =CG22*CB22 -> 0.03863797 | CI22: =CG22*CC22 -> 117.94002 | CJ22: =IF(CF22=0,0,CI22/(CD22*CF22)) -> 0.85315405 | CK22: =1-(POISSON(0,CJ22,FALSE)) -> 0.57393103 | CL22: =IF(CK22=0,0,CJ22/CK22) -> 1.4865097 | CM22: =BY22+15 -> 22.876821 | CN22: 1 | CO22: =(1+($BQ$32*CN22))*$BQ$47 -> 4.275 | CP22: =LN(CO22)/14.75 -> 0.098493837 | CQ22: =1-CA22-CH22 -> 0.56508031 | CR22: =(1-CF22)*CD22 -> 10661.76 | CS22: =CC22-CI22 -> 1724.8727 | CT22: =CS22/CR22 -> 0.16178124 | CU22: =1-(POISSON(0,CT22,FALSE)) -> 0.14937273 | CV22: =CT22/(CU22+0.000001) -> 1.0830635 | CW22: =1-CG22 -> 0.936 | CX22: =BY22+12 -> 19.876821 | CY22: 1 | CZ22: =(1+($BQ$30*CY22))*$BQ$47 -> 2.258625 | DA22: =IF(DF22>2*CR22,0,LN(CZ22)/12.5) -> 0.065180498 | DB22: =(CH22*CP22+CQ22*DA22) -> 0.040637818 | DC22: =IF(BU22>0.25,$BW$39,$BW$38) -> -0.0050125418 | DD22: =DB22+DC22 -> 0.035625276 | DF22: =DS21 -> 3052.4382 | DG22: =DF22*$BQ$31 -> 2136.7067 | DH22: =DG22*(1-EL21) -> 1843.8199 | DI22: =DH22*EXP(DB22*$BQ$37)-DH22 -> 1576.9749 | DJ22: =DF22+DI22 -> 4629.4131 | DK22: =DJ22-DL22 -> 339.79507 | DL22: =DJ22*EXP((IF(BU22>0.25,$BW$39,$BW$38)*$BQ$37)) -> 4289.618 | DM22: ='Immigration de varroas'!E29 -> 0 | DN22: =IF(EH22>DV22*EG22,-DV22*EG22,-EH22) -> -380.55361 | DO22: =DM22+DN22 -> -380.55361 | DP22: =DL22+DO22 -> 3909.0644 | DQ22: =FB$33 -> 0 | DR22: =DP22*DQ22 -> 0 | DS22: =DP22-DR22 -> 3909.0644 | DT22: =LN(DS22/DF22)/$BQ$37 -> 0.016264595 | DU22: =BA22 -> 40801 | DV22: =DF22*CA22 -> 1209.6255 | DW22: =IF(BR22=0,0.001,DV22/BR22) -> 0.037800796 | DX22: =DW22*315 -> 11.907251 | DY22: =IF((BS22<0.25),DY21,IF(DY21=100,100,IF(CU20>$AI$52,100,""))) | DZ22: =IF(DZ21=100,100,IF(BT22<100,IF((DX20+DX21)>$AI$53,100,""),"")) | EB22: =SUM(DY22:EA22) -> 0 | EC22: =BT21*0.9/20*$BQ$37 -> 10778.906 | ED22: =BR22-BR21 -> -6000 | EE22: =EC22-ED22 -> 16778.906 | EF22: =EE22/$BQ$37 -> 1103.2705 | EG22: =IF(DW22>0.15,1,$BQ$36) -> 0.6 | EH22: =EE22*EG22*DW22 -> 380.55361 | EJ22: =DI22 -> 1576.9749 | EK22: =FB$58 -> 909.35348 | EL22: =FA$60 -> 0.15414874 | EP22: 40801 | EQ22: 43174 | ET22: 19.53
C23: Population de varroas | D23: 100 | E23: =IF('Modèle principal'!$BB6=0,"",'Modèle principal'!$BB6) -> 92.660083 | F23: =IF('Modèle principal'!$BB7=0,"",'Modèle principal'!$BB7) -> 100.32108 | G23: =IF('Modèle principal'!$BB8=0,"",'Modèle principal'!$BB8) -> 124.42066 | H23: =IF('Modèle principal'!$BB9=0,"",'Modèle principal'!$BB9) -> 158.67495 | I23: =IF('Modèle principal'!$BB10=0,"",'Modèle principal'!$BB10) -> 210.62747 | J23: =BB11 -> 300.29874 | K23: ='Modèle principal'!BB12 -> 475.28153 | L23: ='Modèle principal'!BB13 -> 757.12463 | M23: ='Modèle principal'!BB14 -> 1194.0934 | N23: ='Modèle principal'!BB15 -> 1825.1496 | O23: ='Modèle principal'!BB16 -> 2708.7749 | P23: ='Modèle principal'!BB17 -> 3862.1692 | Q23: ='Modèle principal'!BB18 -> 5378.3159 | R23: ='Modèle principal'!BB19 -> 7230.7196 | S23: ='Modèle principal'!BB20 -> 9590.6366 | T23: ='Modèle principal'!BB21 -> 2460.1023 | U23: ='Modèle principal'!BB22 -> 3052.4382 | V23: ='Modèle principal'!BB23 -> 3909.0644 | W23: ='Modèle principal'!BB24 -> 4537.2432 | X23: ='Modèle principal'!BB25 -> 3398.9404 | Y23: ='Modèle principal'!BB26 -> 2627.3573 | Z23: ='Modèle principal'!BB27 -> 2328.2397 | AA23: ='Modèle principal'!BB28 | AB23: ='Modèle principal'!BB29 | BA23: =IF($AC$21="x", EQ23,EP23) -> 40817 | BB23: =IF(EB23>0,"",DF23) -> 3909.0644 | BC23: =IF(EB23>0,"",DT23) -> 0.009798676 | BD23: =IF(EB23>0,"",DM23) -> 0 | BE23: =IF(EB23>0,"",DX23) -> 19.648781 | BF23: =IF(EB23>0,"",IF(BT23<5,"s.o.",CU23)) -> 0.31433182 | BG23: =IF(EB23>0,"",CA23) -> 0.47871108 | BP23: =BA23 -> 40817 | BQ23: =IF($BA$32="d",'Profils de colonie'!I49,IF($BA$32="n",'Profils de colonie'!I77,IF($BA$32="p",'Profils de colonie'!I105,IF($BA$32="a",'Profils de colonie'!I133,IF($BA$32="b",'Profils de colonie'!I161,IF($BA$32="c",'Profils de colonie'!I189,IF($BA$32="r",'Profils de colonie'!I217,IF($BA$32="s",'Profils de colonie'!I245,IF($BA$32="f",'Profils de colonie'!I273,"erreur"))))))))) -> 15 | BR23: =BQ23*$BQ$45 -> 30000 | BS23: =IF($BA$32="d",'Profils de colonie'!G49,IF($BA$32="n",'Profils de colonie'!G77,IF($BA$32="p",'Profils de colonie'!G105,IF($BA$32="a",'Profils de colonie'!G133,IF($BA$32="b",'Profils de colonie'!G161,IF($BA$32="c",'Profils de colonie'!G189,IF($BA$32="r",'Profils de colonie'!G217,IF($BA$32="s",'Profils de colonie'!G245,IF($BA$32="f",'Profils de colonie'!G273,"erreur"))))))))) -> 2 | BT23: =IF(BS23=0,1,$BQ$44*BS23) -> 9000 | BU23: =IF(BR23=0,0,BT23/BR23) -> 0.3 | BV23: =BT23*12/20 -> 5400 | BW23: =CU23*BV23 -> 1697.3918 | BX23: =BT23/20 -> 450 | BY23: =IF(BU23=0,0.001,(-$BQ$43*LN(BU23))+$BQ$42) -> 11.019864 | BZ23: =BY23+12 -> 23.019864 | CA23: =IF(BS23=0,1,BY23/BZ23) -> 0.47871108 | CB23: =1-CA23 -> 0.52128892 | CC23: =DF23*CB23 -> 2037.752 | CD23: =0.6*BT23 -> 5400 | CE23: =IF($BA$32="d",'Profils de colonie'!K49,IF($BA$32="n",'Profils de colonie'!K77,IF($BA$32="p",'Profils de colonie'!K105,IF($BA$32="a",'Profils de colonie'!K133,IF($BA$32="b",'Profils de colonie'!K161,IF($BA$32="c",'Profils de colonie'!K189,IF($BA$32="r",'Profils de colonie'!K217,IF($BA$32="s",'Profils de colonie'!K217,IF($BA$32="f",'Profils de colonie'!K273,"erreur"))))))))) -> 0 | CF23: =CE23*16/25 -> 0 | CG23: =CF23*$BQ$43 -> 0 | CH23: =CG23*CB23 -> 0 | CI23: =CG23*CC23 -> 0 | CJ23: =IF(CF23=0,0,CI23/(CD23*CF23)) -> 0 | CK23: =1-(POISSON(0,CJ23,FALSE)) -> 0 | CL23: =IF(CK23=0,0,CJ23/CK23) -> 0 | CM23: =BY23+15 -> 26.019864 | CN23: 1 | CO23: =(1+($BQ$32*CN23))*$BQ$47 -> 4.275 | CP23: =LN(CO23)/14.75 -> 0.098493837 | CQ23: =1-CA23-CH23 -> 0.52128892 | CR23: =(1-CF23)*CD23 -> 5400 | CS23: =CC23-CI23 -> 2037.752 | CT23: =CS23/CR23 -> 0.37736148 | CU23: =1-(POISSON(0,CT23,FALSE)) -> 0.31433182 | CV23: =CT23/(CU23+0.000001) -> 1.2005157 | CW23: =1-CG23 -> 1 | CX23: =BY23+12 -> 23.019864 | CY23: 1 | CZ23: =(1+($BQ$30*CY23))*$BQ$47 -> 2.258625 | DA23: =IF(DF23>2*CR23,0,LN(CZ23)/12.5) -> 0.065180498 | DB23: =(CH23*CP23+CQ23*DA23) -> 0.033977871 | DC23: =IF(BU23>0.25,$BW$39,$BW$38) -> -0.0050125418 | DD23: =DB23+DC23 -> 0.028965329 | DF23: =DS22 -> 3909.0644 | DG23: =DF23*$BQ$31 -> 2736.3451 | DH23: =DG23*(1-EL22) -> 2314.541 | DI23: =DH23*EXP(DB23*$BQ$37)-DH23 -> 1565.9364 | DJ23: =DF23+DI23 -> 5475.0008 | DK23: =DJ23-DL23 -> 401.8605 | DL23: =DJ23*EXP((IF(BU23>0.25,$BW$39,$BW$38)*$BQ$37)) -> 5073.1403 | DM23: ='Immigration de varroas'!E30 -> 0 | DN23: =IF(EH23>DV23*EG23,-DV23*EG23,-EH23) -> -535.89711 | DO23: =DM23+DN23 -> -535.89711 | DP23: =DL23+DO23 -> 4537.2432 | DQ23: =FC$33 -> 0 | DR23: =DP23*DQ23 -> 0 | DS23: =DP23-DR23 -> 4537.2432 | DT23: =LN(DS23/DF23)/$BQ$37 -> 0.009798676 | DU23: =BA23 -> 40817 | DV23: =DF23*CA23 -> 1871.3125 | DW23: =IF(BR23=0,0.001,DV23/BR23) -> 0.062377082 | DX23: =DW23*315 -> 19.648781 | DY23: =IF((BS23<0.25),DY22,IF(DY22=100,100,IF(CU21>$AI$53,100,""))) | DZ23: =IF(DZ22=100,100,IF(BT23<100,IF((DX21+DX22)>$AI$53,100,""),"")) | EB23: =SUM(DY23:EA23) -> 0 | EC23: =BT22*0.9/20*$BQ$37 -> 12318.75 | ED23: =BR23-BR22 -> -2000 | EE23: =EC23-ED23 -> 14318.75 | EF23: =EE23/$BQ$37 -> 941.50685 | EG23: =IF(DW23>0.15,1,$BQ$36) -> 0.6 | EH23: =EE23*EG23*DW23 -> 535.89711 | EJ23: =DI23 -> 1565.9364 | EK23: =FC$58 -> 1244.052 | EL23: =FB$60 -> 0.16681469 | EP23: 40817 | EQ23: 43191
C24: Arrivées de varroas (immigration)** | D24: 0 | E24: ='Modèle principal'!BD6 -> 0 | F24: ='Modèle principal'!BD7 -> 0 | G24: ='Modèle principal'!BD8 -> 0 | H24: ='Modèle principal'!BD9 -> 0 | I24: ='Modèle principal'!BD10 -> 0 | J24: ='Modèle principal'!BD11 -> 0 | K24: ='Modèle principal'!BD12 -> 0 | L24: ='Modèle principal'!BD13 -> 0 | M24: ='Modèle principal'!BD14 -> 0 | N24: ='Modèle principal'!BD15 -> 0 | O24: ='Modèle principal'!BD16 -> 0 | P24: ='Modèle principal'!BD17 -> 0 | Q24: ='Modèle principal'!BD18 -> 0 | R24: ='Modèle principal'!BD19 -> 0 | S24: ='Modèle principal'!BD20 -> 0 | T24: ='Modèle principal'!BD21 -> 0 | U24: ='Modèle principal'!BD22 -> 0 | V24: ='Modèle principal'!BD23 -> 0 | W24: ='Modèle principal'!BD24 -> 0 | X24: ='Modèle principal'!BD25 -> 0 | Y24: ='Modèle principal'!BD26 -> 0 | Z24: ='Modèle principal'!BD27 -> 0 | AA24: =SUM(E24:Z24) -> 0 | AB24: Total | AE24: 4 | BA24: =IF($AC$21="x", EQ24,EP24) -> 40831 | BB24: =IF(EB24>0,"",DF24) -> 4537.2432 | BC24: =IF(EB24>0,"",DT24) -> -0.018993263 | BD24: =IF(EB24>0,"",DM24) -> 0 | BE24: =IF(EB24>0,"",DX24) -> 34.768918 | BF24: =IF(EB24>0,"",IF(BT24<5,"s.o.",CU24)) -> 0.75307088 | BG24: =IF(EB24>0,"",CA24) -> 0.583848 | BH24: ~50% | BI24: Division sans introduction de reine, ou remplacement forcé de la reine (26 jours sans ponte) | BP24: =BA24 -> 40831 | BQ24: =IF($BA$32="d",'Profils de colonie'!I50,IF($BA$32="n",'Profils de colonie'!I78,IF($BA$32="p",'Profils de colonie'!I106,IF($BA$32="a",'Profils de colonie'!I134,IF($BA$32="b",'Profils de colonie'!I162,IF($BA$32="c",'Profils de colonie'!I190,IF($BA$32="r",'Profils de colonie'!I218,IF($BA$32="s",'Profils de colonie'!I246,IF($BA$32="f",'Profils de colonie'!I274,"erreur"))))))))) -> 12 | BR24: =BQ24*$BQ$45 -> 24000 | BS24: =IF($BA$32="d",'Profils de colonie'!G50,IF($BA$32="n",'Profils de colonie'!G78,IF($BA$32="p",'Profils de colonie'!G106,IF($BA$32="a",'Profils de colonie'!G134,IF($BA$32="b",'Profils de colonie'!G162,IF($BA$32="c",'Profils de colonie'!G190,IF($BA$32="r",'Profils de colonie'!G218,IF($BA$32="s",'Profils de colonie'!G246,IF($BA$32="f",'Profils de colonie'!G274,"erreur"))))))))) -> 0.5 | BT24: =IF(BS24=0,1,$BQ$44*BS24) -> 2250 | BU24: =IF(BR24=0,0,BT24/BR24) -> 0.09375 | BV24: =BT24*12/20 -> 1350 | BW24: =CU24*BV24 -> 1016.6457 | BX24: =BT24/20 -> 112.5 | BY24: =IF(BU24=0,0.001,(-$BQ$43*LN(BU24))+$BQ$42) -> 16.835618 | BZ24: =BY24+12 -> 28.835618 | CA24: =IF(BS24=0,1,BY24/BZ24) -> 0.583848 | CB24: =1-CA24 -> 0.416152 | CC24: =DF24*CB24 -> 1888.1828 | CD24: =0.6*BT24 -> 1350 | CE24: =IF($BA$32="d",'Profils de colonie'!K50,IF($BA$32="n",'Profils de colonie'!K78,IF($BA$32="p",'Profils de colonie'!K106,IF($BA$32="a",'Profils de colonie'!K134,IF($BA$32="b",'Profils de colonie'!K162,IF($BA$32="c",'Profils de colonie'!K190,IF($BA$32="r",'Profils de colonie'!K218,IF($BA$32="s",'Profils de colonie'!K218,IF($BA$32="f",'Profils de colonie'!K274,"erreur"))))))))) -> 0 | CF24: =CE24*16/25 -> 0 | CG24: =CF24*$BQ$43 -> 0 | CH24: =CG24*CB24 -> 0 | CI24: =CG24*CC24 -> 0 | CJ24: =IF(CF24=0,0,CI24/(CD24*CF24)) -> 0 | CK24: =1-(POISSON(0,CJ24,FALSE)) -> 0 | CL24: =IF(CK24=0,0,CJ24/CK24) -> 0 | CM24: =BY24+15 -> 31.835618 | CN24: 1 | CO24: =(1+($BQ$32*CN24))*$BQ$47 -> 4.275 | CP24: =LN(CO24)/14.75 -> 0.098493837 | CQ24: =1-CA24-CH24 -> 0.416152 | CR24: =(1-CF24)*CD24 -> 1350 | CS24: =CC24-CI24 -> 1888.1828 | CT24: =CS24/CR24 -> 1.3986539 | CU24: =1-(POISSON(0,CT24,FALSE)) -> 0.75307088 | CV24: =CT24/(CU24+0.000001) -> 1.8572649 | CW24: =1-CG24 -> 1 | CX24: =BY24+12 -> 28.835618 | CY24: 1 | CZ24: =(1+($BQ$30*CY24))*$BQ$47 -> 2.258625 | DA24: =IF(DF24>2*CR24,0,LN(CZ24)/12.5) -> 0 | DB24: =(CH24*CP24+CQ24*DA24) -> 0 | DC24: =IF(BU24>0.25,$BW$39,$BW$38) -> -0.0050125418 | DD24: =DB24+DC24 -> -0.0050125418 | DF24: =DS23 -> 4537.2432 | DG24: =DF24*$BQ$31 -> 3176.0702 | DH24: =DG24*(1-EL23) -> 2646.2551 | DI24: =DH24*EXP(DB24*$BQ$37)-DH24 -> 0 | DJ24: =DF24+DI24 -> 4537.2432 | DK24: =DJ24-DL24 -> 333.02987 | DL24: =DJ24*EXP((IF(BU24>0.25,$BW$39,$BW$38)*$BQ$37)) -> 4204.2133 | DM24: ='Immigration de varroas'!E31 -> 0 | DN24: =IF(EH24>DV24*EG24,-DV24*EG24,-EH24) -> -805.27297 | DO24: =DM24+DN24 -> -805.27297 | DP24: =DL24+DO24 -> 3398.9404 | DQ24: =FD$33 -> 0 | DR24: =DP24*DQ24 -> 0 | DS24: =DP24-DR24 -> 3398.9404 | DT24: =LN(DS24/DF24)/$BQ$37 -> -0.018993263 | DU24: =BA24 -> 40831 | DV24: =DF24*CA24 -> 2649.0604 | DW24: =IF(BR24=0,0.001,DV24/BR24) -> 0.11037752 | DX24: =DW24*315 -> 34.768918 | DY24: =IF((BS24<0.25),DY23,IF(DY23=100,100,IF(CU22>$AI$52,100,""))) | DZ24: =IF(DZ23=100,100,IF(BT24<100,IF((DX22+DX23)>$AI$53,100,""),"")) | EA24: =IF(DX$22>60,100,0) -> 0 | EB24: =SUM(DY24:EA24) -> 0 | EC24: =BT23*0.9/20*$BQ$37 -> 6159.375 | ED24: =BR24-BR23 -> -6000 | EE24: =EC24-ED24 -> 12159.375 | EF24: =EE24/$BQ$37 -> 799.52055 | EG24: =IF(DW24>0.15,1,$BQ$36) -> 0.6 | EH24: =EE24*EG24*DW24 -> 805.27297 | EJ24: =DI24 -> 0 | EK24: =FD$58 -> 1669.9539 | EL24: =FC$60 -> 0.1878559 | EP24: 40831 | EQ24: 43205 | ET24: 25.83
C25: % de varroas dans le couvain | D25: % | E25: =1-'Modèle principal'!BG6 -> 0.39637936 | F25: =1-'Modèle principal'!BG7 -> 0.41542803 | G25: =1-'Modèle principal'!BG8 -> 0.49765047 | H25: =1-'Modèle principal'!BG9 -> 0.52921954 | I25: =1-'Modèle principal'!BG10 -> 0.65081532 | J25: =1-'Modèle principal'!BG11 -> 0.73121309 | K25: =1-'Modèle principal'!BG12 -> 0.78455129 | L25: =1-'Modèle principal'!BG13 -> 0.75112538 | M25: =1-'Modèle principal'!BG14 -> 0.70066491 | N25: =1-'Modèle principal'!BG15 -> 0.66897116 | O25: =1-'Modèle principal'!BG16 -> 0.63020079 | P25: =1-'Modèle principal'!BG17 -> 0.60371828 | Q25: =1-'Modèle principal'!BG18 -> 0.57163168 | R25: =1-'Modèle principal'!BG19 -> 0.55763789 | S25: =1-'Modèle principal'!BG20 -> 0.55894313 | T25: =1-'Modèle principal'!BG21 -> 0.56064997 | U25: =1-'Modèle principal'!BG22 -> 0.60371828 | V25: =1-'Modèle principal'!BG23 -> 0.52128892 | W25: =1-'Modèle principal'!BG24 -> 0.416152 | X25: =1-'Modèle principal'!BG25 -> 0.3888158 | Y25: =1-'Modèle principal'!BG26 -> 0.35249654 | Z25: =1-'Modèle principal'!BG27 -> 0.34276567 | AA25: =1-'Modèle principal'!BG28 -> #VALUE! | AB25: =1-'Modèle principal'!BG29 -> #VALUE! | AH25: Tout dépend de la « valeur de r » : le taux logarithmique quotidien global r du 15 avril au 15 septembre dans cette simulation est égal à : | AX25: =LN(BB22/BB12)/(BA22-BA12) -> 0.012155481 | BA25: =IF($AC$21="x", EQ25,EP25) -> 40848 | BB25: =IF(EB25>0,"",DF25) -> 3398.9404 | BC25: =IF(EB25>0,"",DT25) -> -0.016930535 | BD25: =IF(EB25>0,"",DM25) -> 0 | BE25: =IF(EB25>0,"",DX25) -> 36.354126 | BF25: =IF(EB25>0,"",IF(BT25<5,"s.o.",CU25)) -> 0.85884112 | BG25: =IF(EB25>0,"",CA25) -> 0.6111842 | BP25: =BA25 -> 40848 | BQ25: =IF($BA$32="d",'Profils de colonie'!I51,IF($BA$32="n",'Profils de colonie'!I79,IF($BA$32="p",'Profils de colonie'!I107,IF($BA$32="a",'Profils de colonie'!I135,IF($BA$32="b",'Profils de colonie'!I163,IF($BA$32="c",'Profils de colonie'!I191,IF($BA$32="r",'Profils de colonie'!I219,IF($BA$32="s",'Profils de colonie'!I247,IF($BA$32="f",'Profils de colonie'!I275,"erreur"))))))))) -> 9 | BR25: =BQ25*$BQ$45 -> 18000 | BS25: =IF($BA$32="d",'Profils de colonie'!G51,IF($BA$32="n",'Profils de colonie'!G79,IF($BA$32="p",'Profils de colonie'!G107,IF($BA$32="a",'Profils de colonie'!G135,IF($BA$32="b",'Profils de colonie'!G163,IF($BA$32="c",'Profils de colonie'!G191,IF($BA$32="r",'Profils de colonie'!G219,IF($BA$32="s",'Profils de colonie'!G247,IF($BA$32="f",'Profils de colonie'!G275,"erreur"))))))))) -> 0.25 | BT25: =IF(BS25=0,1,$BQ$44*BS25) -> 1125 | BU25: =IF(BR25=0,0,BT25/BR25) -> 0.0625 | BV25: =BT25*12/20 -> 675 | BW25: =CU25*BV25 -> 579.71775 | BX25: =BT25/20 -> 56.25 | BY25: =IF(BU25=0,0.001,(-$BQ$43*LN(BU25))+$BQ$42) -> 18.862944 | BZ25: =BY25+12 -> 30.862944 | CA25: =IF(BS25=0,1,BY25/BZ25) -> 0.6111842 | CB25: =1-CA25 -> 0.3888158 | CC25: =DF25*CB25 -> 1321.5617 | CD25: =0.6*BT25 -> 675 | CE25: =IF($BA$32="d",'Profils de colonie'!K51,IF($BA$32="n",'Profils de colonie'!K79,IF($BA$32="p",'Profils de colonie'!K107,IF($BA$32="a",'Profils de colonie'!K135,IF($BA$32="b",'Profils de colonie'!K163,IF($BA$32="c",'Profils de colonie'!K191,IF($BA$32="r",'Profils de colonie'!K219,IF($BA$32="s",'Profils de colonie'!K219,IF($BA$32="f",'Profils de colonie'!K275,"erreur"))))))))) -> 0 | CF25: =CE25*16/25 -> 0 | CG25: =CF25*$BQ$43 -> 0 | CH25: =CG25*CB25 -> 0 | CI25: =CG25*CC25 -> 0 | CJ25: =IF(CF25=0,0,CI25/(CD25*CF25)) -> 0 | CK25: =1-(POISSON(0,CJ25,FALSE)) -> 0 | CL25: =IF(CK25=0,0,CJ25/CK25) -> 0 | CM25: =BY25+15 -> 33.862944 | CN25: 1 | CO25: =(1+($BQ$32*CN25))*$BQ$47 -> 4.275 | CP25: =LN(CO25)/14.75 -> 0.098493837 | CQ25: =1-CA25-CH25 -> 0.3888158 | CR25: =(1-CF25)*CD25 -> 675 | CS25: =CC25-CI25 -> 1321.5617 | CT25: =CS25/CR25 -> 1.9578692 | CU25: =1-(POISSON(0,CT25,FALSE)) -> 0.85884112 | CV25: =CT25/(CU25+0.000001) -> 2.2796614 | CW25: =1-CG25 -> 1 | CX25: =BY25+12 -> 30.862944 | CY25: 1 | CZ25: =(1+($BQ$30*CY25))*$BQ$47 -> 2.258625 | DA25: =IF(DF25>2*CR25,0,LN(CZ25)/12.5) -> 0 | DB25: =(CH25*CP25+CQ25*DA25) -> 0 | DC25: =IF(BU25>0.25,$BW$39,$BW$38) -> -0.0050125418 | DD25: =DB25+DC25 -> -0.0050125418 | DF25: =DS24 -> 3398.9404 | DG25: =DF25*$BQ$31 -> 2379.2583 | DH25: =DG25*(1-EL24) -> 1932.3006 | DI25: =DH25*EXP(DB25*$BQ$37)-DH25 -> 0 | DJ25: =DF25+DI25 -> 3398.9404 | DK25: =DJ25-DL25 -> 249.47939 | DL25: =DJ25*EXP((IF(BU25>0.25,$BW$39,$BW$38)*$BQ$37)) -> 3149.461 | DM25: ='Immigration de varroas'!E32 -> 0 | DN25: =IF(EH25>DV25*EG25,-DV25*EG25,-EH25) -> -522.10368 | DO25: =DM25+DN25 -> -522.10368 | DP25: =DL25+DO25 -> 2627.3573 | DQ25: =FE$33 -> 0 | DR25: =DP25*DQ25 -> 0 | DS25: =DP25-DR25 -> 2627.3573 | DT25: =LN(DS25/DF25)/$BQ$37 -> -0.016930535 | DU25: =BA25 -> 40848 | DV25: =DF25*CA25 -> 2077.3787 | DW25: =IF(BR25=0,0.001,DV25/BR25) -> 0.11540993 | DX25: =DW25*315 -> 36.354126 | DY25: =IF((BS25<0.25),DY24,IF(DY24=100,100,IF(CU23>$AI$52,100,""))) | DZ25: =IF(DZ24=100,100,IF(BT25<100,IF((DX23+DX24)>$AI$53,100,""),"")) | EA25: =IF(DX$22>60,100,0) -> 0 | EB25: =SUM(DY25:EA25) -> 0 | EC25: =BT24*0.9/20*$BQ$37 -> 1539.8438 | ED25: =BR25-BR24 -> -6000 | EE25: =EC25-ED25 -> 7539.8438 | EF25: =EE25/$BQ$37 -> 495.77055 | EG25: =IF(DW25>0.15,1,$BQ$36) -> 0.6 | EH25: =EE25*EG25*DW25 -> 522.10368 | EJ25: =DI25 -> 0 | EK25: =FE$58 -> 2224.7176 | EL25: =FD$60 -> 0.27185954 | EP25: 40848 | EQ25: 43221
AH26: Avec un r de 0,023, la population de varroas double chaque mois ; pour en savoir plus, faites défiler vers le bas jusqu’à : | AX26: Taux de croissance r | BA26: =IF($AC$21="x", EQ26,EP26) -> 40862 | BB26: =IF(EB26>0,"",DF26) -> 2627.3573 | BC26: =IF(EB26>0,"",DT26) -> -0.0079473534 | BD26: =IF(EB26>0,"",DM26) -> 0 | BE26: =IF(EB26>0,"",DX26) -> 31.52266 | BF26: =IF(EB26>0,"",IF(BT26<5,"s.o.",CU26)) -> 0.93569396 | BG26: =IF(EB26>0,"",CA26) -> 0.64750346 | BH26: 85 %, 3 fois | BI26: Serviettes à l’acide oxalique et à la glycérine à libération prolongée ; pour le résultat final à 45 jours, saisir 85 % dans 3 cellules consécutives, à partir du moment de l’application. | BP26: =BA26 -> 40862 | BQ26: =IF($BA$32="d",'Profils de colonie'!I52,IF($BA$32="n",'Profils de colonie'!I80,IF($BA$32="p",'Profils de colonie'!I108,IF($BA$32="a",'Profils de colonie'!I136,IF($BA$32="b",'Profils de colonie'!I164,IF($BA$32="c",'Profils de colonie'!I192,IF($BA$32="r",'Profils de colonie'!I220,IF($BA$32="s",'Profils de colonie'!I248,IF($BA$32="f",'Profils de colonie'!I276,"erreur"))))))))) -> 8.5 | BR26: =BQ26*$BQ$45 -> 17000 | BS26: =IF($BA$32="d",'Profils de colonie'!G52,IF($BA$32="n",'Profils de colonie'!G80,IF($BA$32="p",'Profils de colonie'!G108,IF($BA$32="a",'Profils de colonie'!G136,IF($BA$32="b",'Profils de colonie'!G164,IF($BA$32="c",'Profils de colonie'!G192,IF($BA$32="r",'Profils de colonie'!G220,IF($BA$32="s",'Profils de colonie'!G248,IF($BA$32="f",'Profils de colonie'!G276,"erreur"))))))))) -> 0.125 | BT26: =IF(BS26=0,1,$BQ$44*BS26) -> 562.5 | BU26: =IF(BR26=0,0,BT26/BR26) -> 0.033088235 | BV26: =BT26*12/20 -> 337.5 | BW26: =CU26*BV26 -> 315.79671 | BX26: =BT26/20 -> 28.125 | BY26: =IF(BU26=0,0.001,(-$BQ$43*LN(BU26))+$BQ$42) -> 22.042887 | BZ26: =BY26+12 -> 34.042887 | CA26: =IF(BS26=0,1,BY26/BZ26) -> 0.64750346 | CB26: =1-CA26 -> 0.35249654 | CC26: =DF26*CB26 -> 926.13435 | CD26: =0.6*BT26 -> 337.5 | CE26: =IF($BA$32="d",'Profils de colonie'!K52,IF($BA$32="n",'Profils de colonie'!K80,IF($BA$32="p",'Profils de colonie'!K108,IF($BA$32="a",'Profils de colonie'!K136,IF($BA$32="b",'Profils de colonie'!K164,IF($BA$32="c",'Profils de colonie'!K192,IF($BA$32="r",'Profils de colonie'!K220,IF($BA$32="s",'Profils de colonie'!K220,IF($BA$32="f",'Profils de colonie'!K276,"erreur"))))))))) -> 0 | CF26: =CE26*16/25 -> 0 | CG26: =CF26*$BQ$43 -> 0 | CH26: =CG26*CB26 -> 0 | CI26: =CG26*CC26 -> 0 | CJ26: =IF(CF26=0,0,CI26/(CD26*CF26)) -> 0 | CK26: =1-(POISSON(0,CJ26,FALSE)) -> 0 | CL26: =IF(CK26=0,0,CJ26/CK26) -> 0 | CM26: =BY26+15 -> 37.042887 | CN26: 1 | CO26: =(1+($BQ$32*CN26))*$BQ$47 -> 4.275 | CP26: =LN(CO26)/14.75 -> 0.098493837 | CQ26: =1-CA26-CH26 -> 0.35249654 | CR26: =(1-CF26)*CD26 -> 337.5 | CS26: =CC26-CI26 -> 926.13435 | CT26: =CS26/CR26 -> 2.7441018 | CU26: =1-(POISSON(0,CT26,FALSE)) -> 0.93569396 | CV26: =CT26/(CU26+0.000001) -> 2.9326884 | CW26: =1-CG26 -> 1 | CX26: =BY26+12 -> 34.042887 | CY26: 1 | CZ26: =(1+($BQ$30*CY26))*$BQ$47 -> 2.258625 | DA26: =IF(DF26>2*CR26,0,LN(CZ26)/12.5) -> 0 | DB26: =(CH26*CP26+CQ26*DA26) -> 0 | DC26: =IF(BU26>0.25,$BW$39,$BW$38) -> -0.0050125418 | DD26: =DB26+DC26 -> -0.0050125418 | DF26: =DS25 -> 2627.3573 | DG26: =DF26*$BQ$31 -> 1839.1501 | DH26: =DG26*(1-EL25) -> 1339.1596 | DI26: =DH26*EXP(DB26*$BQ$37)-DH26 -> 0 | DJ26: =DF26+DI26 -> 2627.3573 | DK26: =DJ26-DL26 -> 192.84584 | DL26: =DJ26*EXP((IF(BU26>0.25,$BW$39,$BW$38)*$BQ$37)) -> 2434.5114 | DM26: ='Immigration de varroas'!E33 -> 0 | DN26: =IF(EH26>DV26*EG26,-DV26*EG26,-EH26) -> -106.27171 | DO26: =DM26+DN26 -> -106.27171 | DP26: =DL26+DO26 -> 2328.2397 | DQ26: =FF$33 -> 0 | DR26: =DP26*DQ26 -> 0 | DS26: =DP26-DR26 -> 2328.2397 | DT26: =LN(DS26/DF26)/$BQ$37 -> -0.0079473534 | DU26: =BA26 -> 40862 | DV26: =DF26*CA26 -> 1701.2229 | DW26: =IF(BR26=0,0.001,DV26/BR26) -> 0.10007194 | DX26: =DW26*315 -> 31.52266 | DY26: =IF((BS26<0.25),DY25,IF(DY25=100,100,IF(CU24>$AI$52,100,""))) | DZ26: =IF(DZ25=100,100,IF(BT26<100,IF((DX24+DX25)>$AI$53,100,""),"")) | EA26: =IF(DX$22>60,100,0) -> 0 | EB26: =SUM(DY26:EA26) -> 0 | EC26: =BT25*0.9/20*$BQ$37 -> 769.92188 | ED26: =BR26-BR25 -> -1000 | EE26: =EC26-ED26 -> 1769.9219 | EF26: =EE26/$BQ$37 -> 116.37842 | EG26: =IF(DW26>0.15,1,$BQ$36) -> 0.6 | EH26: =EE26*EG26*DW26 -> 106.27171 | EJ26: =DI26 -> 0 | EK26: =FF$58 -> 2867.9963 | EL26: =FE$60 -> 0.39045301 | EP26: 40862 | EQ26: 43235 | ET26: 17.955
BA27: =IF($AC$21="x", EQ27,EP27) -> 40878 | BB27: =IF(EB27>0,"",DF27) -> 2328.2397 | BC27: =IF(EB27>0,"",DT27) -> -0.006530786 | BD27: =IF(EB27>0,"",DM27) -> 0 | BE27: =IF(EB27>0,"",DX27) -> 29.212892 | BF27: =IF(EB27>0,"",IF(BT27<5,"s.o.",CU27)) -> 0.9479581 | BG27: =IF(EB27>0,"",CA27) -> 0.65723433 | BP27: =BA27 -> 40878 | BQ27: =IF($BA$32="d",'Profils de colonie'!I53,IF($BA$32="n",'Profils de colonie'!I81,IF($BA$32="p",'Profils de colonie'!I109,IF($BA$32="a",'Profils de colonie'!I137,IF($BA$32="b",'Profils de colonie'!I165,IF($BA$32="c",'Profils de colonie'!I193,IF($BA$32="r",'Profils de colonie'!I221,IF($BA$32="s",'Profils de colonie'!I249,IF($BA$32="f",'Profils de colonie'!I277,"erreur"))))))))) -> 8.25 | BR27: =BQ27*$BQ$45 -> 16500 | BS27: =IF($BA$32="d",'Profils de colonie'!G53,IF($BA$32="n",'Profils de colonie'!G81,IF($BA$32="p",'Profils de colonie'!G109,IF($BA$32="a",'Profils de colonie'!G137,IF($BA$32="b",'Profils de colonie'!G165,IF($BA$32="c",'Profils de colonie'!G193,IF($BA$32="r",'Profils de colonie'!G221,IF($BA$32="s",'Profils de colonie'!G249,IF($BA$32="f",'Profils de colonie'!G277,"erreur"))))))))) -> 0.1 | BT27: =IF(BS27=0,1,$BQ$44*BS27) -> 450 | BU27: =IF(BR27=0,0,BT27/BR27) -> 0.027272727 | BV27: =BT27*12/20 -> 270 | BW27: =CU27*BV27 -> 255.94869 | BX27: =BT27/20 -> 22.5 | BY27: =IF(BU27=0,0.001,(-$BQ$43*LN(BU27))+$BQ$42) -> 23.00934 | BZ27: =BY27+12 -> 35.00934 | CA27: =IF(BS27=0,1,BY27/BZ27) -> 0.65723433 | CB27: =1-CA27 -> 0.34276567 | CC27: =DF27*CB27 -> 798.04065 | CD27: =0.6*BT27 -> 270 | CE27: =IF($BA$32="d",'Profils de colonie'!K53,IF($BA$32="n",'Profils de colonie'!K81,IF($BA$32="p",'Profils de colonie'!K109,IF($BA$32="a",'Profils de colonie'!K137,IF($BA$32="b",'Profils de colonie'!K165,IF($BA$32="c",'Profils de colonie'!K193,IF($BA$32="r",'Profils de colonie'!K221,IF($BA$32="s",'Profils de colonie'!K221,IF($BA$32="f",'Profils de colonie'!K277,"erreur"))))))))) -> 0 | CF27: =CE27*16/25 -> 0 | CG27: =CF27*$BQ$43 -> 0 | CH27: =CG27*CB27 -> 0 | CI27: =CG27*CC27 -> 0 | CJ27: =IF(CF27=0,0,CI27/(CD27*CF27)) -> 0 | CK27: =1-(POISSON(0,CJ27,FALSE)) -> 0 | CL27: =IF(CK27=0,0,CJ27/CK27) -> 0 | CM27: =BY27+15 -> 38.00934 | CN27: 1 | CO27: =(1+($BQ$32*CN27))*$BQ$47 -> 4.275 | CP27: =LN(CO27)/14.75 -> 0.098493837 | CQ27: =1-CA27-CH27 -> 0.34276567 | CR27: =(1-CF27)*CD27 -> 270 | CS27: =CC27-CI27 -> 798.04065 | CT27: =CS27/CR27 -> 2.9557061 | CU27: =1-(POISSON(0,CT27,FALSE)) -> 0.9479581 | CV27: =CT27/(CU27+0.000001) -> 3.117968 | CW27: =1-CG27 -> 1 | CX27: =BY27+12 -> 35.00934 | CY27: 1 | CZ27: =(1+($BQ$30*CY27))*$BQ$47 -> 2.258625 | DA27: =IF(DF27>2*CR27,0,LN(CZ27)/12.5) -> 0 | DB27: =(CH27*CP27+CQ27*DA27) -> 0 | DC27: =IF(BU27>0.25,$BW$39,$BW$38) -> -0.0050125418 | DD27: =DB27+DC27 -> -0.0050125418 | DF27: =DS26 -> 2328.2397 | DG27: =DF27*$BQ$31 -> 1629.7678 | DH27: =DG27*(1-EL26) -> 993.42007 | DI27: =DH27*EXP(DB27*$BQ$37)-DH27 -> 0 | DJ27: =DF27+DI27 -> 2328.2397 | DK27: =DJ27-DL27 -> 170.89086 | DL27: =DJ27*EXP((IF(BU27>0.25,$BW$39,$BW$38)*$BQ$37)) -> 2157.3489 | DM27: ='Immigration de varroas'!E34 -> 0 | DN27: =IF(EH27>DV27*EG27,-DV27*EG27,-EH27) -> -49.242415 | DO27: =DM27+DN27 -> -49.242415 | DP27: =DL27+DO27 -> 2108.1065 | DQ27: =FG$33 -> 0 | DR27: =DP27*DQ27 -> 0 | DS27: =DP27-DR27 -> 2108.1065 | DT27: =LN(DS27/DF27)/$BQ$37 -> -0.006530786 | DU27: =BA27 -> 40878 | DV27: =DF27*CA27 -> 1530.1991 | DW27: =IF(BR27=0,0.001,DV27/BR27) -> 0.092739339 | DX27: =DW27*315 -> 29.212892 | DY27: =IF((BS27<0.25),DY26,IF(DY26=100,100,IF(CU25>$AI$52,100,""))) | DZ27: =IF(DZ26=100,100,IF(BT27<100,IF((DX25+DX26)>$AI$53,100,""),"")) | EA27: =IF(DX$22>60,100,0) -> 0 | EB27: =SUM(DY27:EA27) -> 0 | EC27: =BT26*0.9/20*$BQ$37 -> 384.96094 | ED27: =BR27-BR26 -> -500 | EE27: =EC27-ED27 -> 884.96094 | EF27: =EE27/$BQ$37 -> 58.189212 | EG27: =IF(DW27>0.15,1,$BQ$36) -> 0.6 | EH27: =EE27*EG27*DW27 -> 49.242415 | EJ27: =DI27 -> 0 | EK27: =FG$58 -> 3743.0833 | EL27: =FF$60 -> 0.54265806 | EP27: 40878 | EQ27: 43252
BA28: =IF($AC$21="x", EQ28,EP28) -> 40892 | BB28: =IF(EB28>0,"",DF28) | BC28: =IF(EB28>0,"",DT28) | BD28: =IF(EB28>0,"",DM28) | BE28: =IF(EB28>0,"",DX28) | BF28: =IF(EB28>0,"",IF(BT28<5,"s.o.",CU28)) | BG28: =IF(EB28>0,"",CA28) | BP28: =BA28 -> 40892 | BQ28: =IF($BA$32="d",'Profils de colonie'!I54,IF($BA$32="n",'Profils de colonie'!I82,IF($BA$32="p",'Profils de colonie'!I110,IF($BA$32="a",'Profils de colonie'!I138,IF($BA$32="b",'Profils de colonie'!I166,IF($BA$32="c",'Profils de colonie'!I194,IF($BA$32="r",'Profils de colonie'!I222,IF($BA$32="s",'Profils de colonie'!I250,IF($BA$32="f",'Profils de colonie'!I278,"erreur"))))))))) -> 8 | BR28: =BQ28*$BQ$45 -> 16000 | BS28: =IF($BA$32="d",'Profils de colonie'!G54,IF($BA$32="n",'Profils de colonie'!G82,IF($BA$32="p",'Profils de colonie'!G110,IF($BA$32="a",'Profils de colonie'!G138,IF($BA$32="b",'Profils de colonie'!G166,IF($BA$32="c",'Profils de colonie'!G194,IF($BA$32="r",'Profils de colonie'!G222,IF($BA$32="s",'Profils de colonie'!G250,IF($BA$32="f",'Profils de colonie'!G278,"erreur"))))))))) -> 0 | BT28: =IF(BS28=0,1,$BQ$44*BS28) -> 1 | BU28: =IF(BR28=0,0,BT28/BR28) -> 6.25e-05 | BV28: =BT28*12/20 -> 0.6 | BW28: =CU28*BV28 -> 0 | BX28: =BT28/20 -> 0.05 | BY28: =IF(BU28=0,0.001,(-$BQ$43*LN(BU28))+$BQ$42) -> 53.40172 | BZ28: =BY28+12 -> 65.40172 | CA28: =IF(BS28=0,1,BY28/BZ28) -> 1 | CB28: =1-CA28 -> 0 | CC28: =DF28*CB28 -> 0 | CD28: =0.6*BT28 -> 0.6 | CE28: =IF($BA$32="d",'Profils de colonie'!K54,IF($BA$32="n",'Profils de colonie'!K82,IF($BA$32="p",'Profils de colonie'!K110,IF($BA$32="a",'Profils de colonie'!K138,IF($BA$32="b",'Profils de colonie'!K166,IF($BA$32="c",'Profils de colonie'!K194,IF($BA$32="r",'Profils de colonie'!K222,IF($BA$32="s",'Profils de colonie'!K222,IF($BA$32="f",'Profils de colonie'!K278,"erreur"))))))))) -> 0 | CF28: =CE28*16/25 -> 0 | CG28: =CF28*$BQ$43 -> 0 | CH28: =CG28*CB28 -> 0 | CI28: =CG28*CC28 -> 0 | CJ28: =IF(CF28=0,0,CI28/(CD28*CF28)) -> 0 | CK28: =1-(POISSON(0,CJ28,FALSE)) -> 0 | CL28: =IF(CK28=0,0,CJ28/CK28) -> 0 | CM28: =BY28+15 -> 68.40172 | CN28: 1 | CO28: =(1+($BQ$32*CN28))*$BQ$47 -> 4.275 | CP28: =LN(CO28)/14.75 -> 0.098493837 | CQ28: =1-CA28-CH28 -> 0 | CR28: =(1-CF28)*CD28 -> 0.6 | CS28: =CC28-CI28 -> 0 | CT28: =CS28/CR28 -> 0 | CU28: =1-(POISSON(0,CT28,FALSE)) -> 0 | CV28: =CT28/(CU28+0.000001) -> 0 | CW28: =1-CG28 -> 1 | CX28: =BY28+12 -> 65.40172 | CY28: 1 | CZ28: =(1+($BQ$30*CY28))*$BQ$47 -> 2.258625 | DA28: =IF(DF28>2*CR28,0,LN(CZ28)/12.5) -> 0 | DB28: =(CH28*CP28+CQ28*DA28) -> 0 | DC28: =IF(BU28>0.25,$BW$39,$BW$38) -> -0.0050125418 | DD28: =DB28+DC28 -> -0.0050125418 | DF28: =DS27 -> 2108.1065 | DG28: =DF28*$BQ$31 -> 1475.6745 | DH28: =DG28*(1-EL27) -> 674.88786 | DI28: =DH28*EXP(DB28*$BQ$37)-DH28 -> 0 | DJ28: =DF28+DI28 -> 2108.1065 | DK28: =DJ28-DL28 -> 154.73326 | DL28: =DJ28*EXP((IF(BU28>0.25,$BW$39,$BW$38)*$BQ$37)) -> 1953.3732 | DM28: ='Immigration de varroas'!E35 -> 0 | DN28: =IF(EH28>DV28*EG28,-DV28*EG28,-EH28) -> -63.873156 | DO28: =DM28+DN28 -> -63.873156 | DP28: =DL28+DO28 -> 1889.5001 | DQ28: =FH$33 -> 0 | DR28: =DP28*DQ28 -> 0 | DS28: =DP28-DR28 -> 1889.5001 | DT28: =LN(DS28/DF28)/$BQ$37 -> -0.0071985445 | DU28: =BA28 -> 40892 | DV28: =DF28*CA28 -> 2108.1065 | DW28: =IF(BR28=0,0.001,DV28/BR28) -> 0.13175665 | DX28: =DW28*315 -> 41.503346 | DY28: =IF((BS28<0.25),DY27,IF(DY27=100,100,IF(CU26>$AI$52,100,""))) | DZ28: =IF(DZ27=100,100,IF(BT28<100,IF((DX26+DX27)>$AI$53,100,""),"")) -> 100 | EA28: =IF(DX$22>60,100,0) -> 0 | EB28: =SUM(DY28:EA28) -> 100 | EC28: =BT27*0.9/20*$BQ$37 -> 307.96875 | ED28: =BR28-BR27 -> -500 | EE28: =EC28-ED28 -> 807.96875 | EF28: =EE28/$BQ$37 -> 53.126712 | EG28: =IF(DW28>0.15,1,$BQ$36) -> 0.6 | EH28: =EE28*EG28*DW28 -> 63.873156 | EJ28: =DI28 -> 0 | EK28: =FH$58 -> 4547.2073 | EL28: =FG$60 -> 0.76353852 | EP28: 40892 | EQ28: 43266 | ET28: 11.025
BA29: =IF($AC$21="x", EQ29,EP29) -> 40908 | BB29: =IF(EB28>0,"",DF29) | BC29: =IF(EB29>0,"",DT29) | BD29: =IF(EB29>0,"",DM29) | BE29: =IF(EB29>0,"",DX29) | BF29: =IF(EB29>0,"",IF(BT29<5,"s.o.",CU29)) | BG29: =IF(EB29>0,"",CA29) | BP29: =BA29 -> 40908 | BQ29: =IF($BA$32="d",'Profils de colonie'!I55,IF($BA$32="n",'Profils de colonie'!I83,IF($BA$32="p",'Profils de colonie'!I111,IF($BA$32="a",'Profils de colonie'!I139,IF($BA$32="b",'Profils de colonie'!I167,IF($BA$32="c",'Profils de colonie'!I195,IF($BA$32="r",'Profils de colonie'!I223,IF($BA$32="s",'Profils de colonie'!I251,IF($BA$32="f",'Profils de colonie'!I279,"erreur"))))))))) -> 8 | BR29: =BQ29*$BQ$45 -> 16000 | BS29: =IF($BA$32="d",'Profils de colonie'!G55,IF($BA$32="n",'Profils de colonie'!G83,IF($BA$32="p",'Profils de colonie'!G111,IF($BA$32="a",'Profils de colonie'!G139,IF($BA$32="b",'Profils de colonie'!G167,IF($BA$32="c",'Profils de colonie'!G195,IF($BA$32="r",'Profils de colonie'!G223,IF($BA$32="s",'Profils de colonie'!G251,IF($BA$32="f",'Profils de colonie'!G279,"erreur"))))))))) -> 0.125 | BT29: =IF(BS29=0,1,$BQ$44*BS29) -> 562.5 | BU29: =IF(BR29=0,0,BT29/BR29) -> 0.03515625 | BV29: =BT29*12/20 -> 337.5 | BW29: =CU29*BV29 -> 291.42008 | BX29: =BT29/20 -> 28.125 | BY29: =IF(BU29=0,0.001,(-$BQ$43*LN(BU29))+$BQ$42) -> 21.739764 | BZ29: =BY29+12 -> 33.739764 | CA29: =IF(BS29=0,1,BY29/BZ29) -> 0.64433658 | CB29: =1-CA29 -> 0.35566342 | CC29: =DF29*CB29 -> 672.02605 | CD29: =0.6*BT29 -> 337.5 | CE29: =IF($BA$32="d",'Profils de colonie'!K55,IF($BA$32="n",'Profils de colonie'!K83,IF($BA$32="p",'Profils de colonie'!K111,IF($BA$32="a",'Profils de colonie'!J139,IF($BA$32="b",'Profils de colonie'!K167,IF($BA$32="c",'Profils de colonie'!K195,IF($BA$32="r",'Profils de colonie'!K223,IF($BA$32="s",'Profils de colonie'!K223,IF($BA$32="f",'Profils de colonie'!K279,"erreur"))))))))) -> 0 | CF29: =CE29*16/25 -> 0 | CG29: =CF29*$BQ$43 -> 0 | CH29: =CG29*CB29 -> 0 | CI29: =CG29*CC29 -> 0 | CJ29: =IF(CF29=0,0,CI29/(CD29*CF29)) -> 0 | CK29: =1-(POISSON(0,CJ29,FALSE)) -> 0 | CL29: =IF(CK29=0,0,CJ29/CK29) -> 0 | CM29: =BY29+15 -> 36.739764 | CN29: 1 | CO29: =(1+($BQ$32*CN29))*$BQ$47 -> 4.275 | CP29: =LN(CO29)/14.75 -> 0.098493837 | CQ29: =1-CA29-CH29 -> 0.35566342 | CR29: =(1-CF29)*CD29 -> 337.5 | CS29: =CC29-CI29 -> 672.02605 | CT29: =CS29/CR29 -> 1.9911883 | CU29: =1-(POISSON(0,CT29,FALSE)) -> 0.86346691 | CV29: =CT29/(CU29+0.000001) -> 2.3060362 | CW29: =1-CG29 -> 1 | CX29: =BY29+12 -> 33.739764 | CY29: 1 | CZ29: =(1+($BQ$30*CY29))*$BQ$47 -> 2.258625 | DA29: =IF(DF29>2*CR29,0,LN(CZ29)/12.5) -> 0 | DB29: =(CH29*CP29+CQ29*DA29) -> 0 | DC29: =IF(BU29>0.25,$BW$39,$BW$38) -> -0.0050125418 | DD29: =DB29+DC29 -> -0.0050125418 | DF29: =DS28 -> 1889.5001 | DG29: =DF29*$BQ$31 -> 1322.65 | DH29: =DG29*(1-EL28) -> 312.75579 | DI29: =DH29*EXP(DB29*$BQ$37)-DH29 -> 0 | DJ29: =DF29+DI29 -> 1889.5001 | DK29: =DJ29-DL29 -> 138.68773 | DL29: =DJ29*EXP((IF(BU29>0.25,$BW$39,$BW$38)*$BQ$37)) -> 1750.8123 | DM29: ='Immigration de varroas'!D36 -> 0 | DN29: =IF(EH29>DV29*EG29,-DV29*EG29,-EH29) -> -0.031245329 | DO29: =DM29+DN29 -> -0.031245329 | DP29: =DL29+DO29 -> 1750.7811 | DS29: =DP29-DR29 -> 1750.7811 | DT29: =LN(DS29/DF29)/$BQ$37 -> -0.0050137153 | DU29: =BA29 -> 40908 | DV29: =DF29*CA29 -> 1217.474 | DW29: =IF(BR29=0,0.001,DV29/BR29) -> 0.076092125 | DX29: =DW29*315 -> 23.969019 | DY29: =IF((BS29<0.25),DY28,IF(DY28=100,100,IF(CU27>$AI$52,100,""))) | DZ29: =IF(DZ28=100,100,IF(BT29<100,IF((DX27+DX28)>$AI$53,100,""),"")) -> 100 | EA29: =IF(DX$22>60,100,0) -> 0 | EB29: =SUM(DY29:EA29) -> 100 | EC29: =BT28*0.9/20*$BQ$37 -> 0.684375 | ED29: =BR29-BR28 -> 0 | EE29: =EC29-ED29 -> 0.684375 | EF29: =EE29/$BQ$37 -> 0.045 | EG29: =IF(DW29>0.15,1,$BQ$36) -> 0.6 | EH29: =EE29*EG29*DW29 -> 0.031245329 | EJ29: =DI29 -> 0 | EK29: =FH$58 -> 4547.2073 | EL29: =FG$60 -> 0.76353852 | EP29: 40908 | EQ29: 43281
BA30: Max. | BB30: =MAX(BB5:BB29) -> 9590.6366 | BC30: Total | BD30: =SUM(BD5:BD29) -> 0 | BO30: Ouvrière | BP30: =AH41 -> 1.45 | BQ30: =IF($AH$39="custom",AI41*(1-$BQ$40),IF($AH$39="",BP30*(1-AH50),"erreur")) -> 1.3775 | BR30: Cellule d’ouvrière : nombre moyen de filles par cycle (généralement 1,25–1,45 selon diverses études) | BZ30: =BY30+12 -> 12 | CM30: =BY30+15 -> 15 | CT30: Max | CU30: =MAX(CU5:CU29) -> 0.9479581 | DM30: =SUM(DM5:DM28) -> 0 | DN30: =SUM(DN6:DN29) -> -5805.5993 | DO30: =DM30+DN30 -> -5805.5993 | DY30: Indicateur arbitraire d’effondrement de la colonie (% de couvain infesté) | DZ30: Indicateur d’effondrement différé (comptage de varroas par lavage) | EA30: Effondrement viral si le comptage par lavage à la mi-octobre dépasse 60 malgré le traitement | EB30: Pour masquer les valeurs du tableau | EL30: 4 | EM30: 5 | EN30: 6 | EO30: 7 | EP30: 8 | EQ30: 9 | ER30: 10 | ES30: 11 | ET30: 12 | EU30: 13 | EV30: 14 | EW30: 15 | EX30: 16 | EY30: 17 | EZ30: 18 | FA30: 19 | FB30: 20 | FC30: 21 | FD30: 22 | FE30: 23 | FF30: 24 | FG30: 25 | FH30: 26
C31: * Profils de colonie | BP31: =AH42 -> 0.7 | BQ31: =IF($AH$39="custom",AI42,IF($AH$39="",BP31,"erreur")) -> 0.7 | BR31: Cellule d’ouvrière — % de filles viables et fécondes (plage : 0,50–0,90) | BZ31: =(1+(BQ30*BQ31)) -> 1.96425 | CA31: R calculé par cycle | EJ31: Quantité de couvain | EK31: =BT5 -> 1 | EL31: =BT6 -> 1125 | EM31: =BT7 -> 1485 | EN31: =BT8 -> 3375 | EO31: =BT9 -> 4500 | EP31: =BT10 -> 9000 | EQ31: =BT11 -> 13500 | ER31: =BT12 -> 22500 | ES31: =BT13 -> 27000 | ET31: =BT14 -> 29250 | EU31: =BT15 -> 31500 | EV31: =BT16 -> 29250 | EW31: =BT17 -> 27000 | EX31: =BT18 -> 22500 | EY31: =BT19 -> 20250 | EZ31: =BT20 -> 18000 | FA31: =BT21 -> 15750 | FB31: =BT22 -> 18000 | FC31: =BT23 -> 9000 | FD31: =BT24 -> 2250 | FE31: =BT25 -> 1125 | FF31: =BT26 -> 562.5 | FG31: =BT27 -> 450 | FH31: =BT28 -> 1
C32: ='Profils de colonie'!B30 -> D : colonie par défaut en climat tempéré, conduite pour éviter l’essaimage (légère reprise du couvain en automne) | BA32: =D22 -> d | BB32: Profil de colonie | BO32: Mâle | BP32: =AH43 -> 3.5 | BQ32: =IF($AH$39="custom",AI43,IF($AH$39="",BP32,"erreur")) -> 3.5 | BR32: Nombre moyen de filles par cycle en cellule de mâle | BZ32: =LN(BZ31) -> 0.67511049 | CA32: r calculé par cycle | EJ32: Date de début | EK32: 40544 | EL32: 40558 | EM32: 40575 | EN32: 40589 | EO32: 40603 | EP32: 40617 | EQ32: 40634 | ER32: 40648 | ES32: 40664 | ET32: 40678 | EU32: 40695 | EV32: 40709 | EW32: 40725 | EX32: 40739 | EY32: 40756 | EZ32: 40770 | FA32: 40787 | FB32: 40801 | FC32: 40817 | FD32: 40831 | FE32: 40848 | FF32: 40862 | FG32: 40878 | FH32: 40892
BA33: =D23 -> 100 | BB33: Population initiale de varroas ; les nombres de varroas des essaims sur cadres et des paquets d’abeilles seront appliqués au 1er avril. | BP33: =AH44 -> 0.7 | BQ33: =IF($AH$39="custom",AI44,IF($AH$39="",BP33,"erreur")) -> 0.7 | BR33: Cellule de mâle — % de filles viables et fécondes (plage : 0,50–0,90) | BW33: =LN(1885/1160)/23 -> 0.021109035 | BZ33: =(LN(1+(BQ30*BQ31)))/12 -> 0.056259208 | CA33: Taux logarithmique quotidien r calculé dans la cellule. Ne pas modifier cette cellule. | EJ33: Élimination | EK33: ='Modèle principal'!D21 -> 0 | EL33: ='Modèle principal'!E21 -> 0 | EM33: ='Modèle principal'!F21 -> 0 | EN33: ='Modèle principal'!G21 -> 0 | EO33: ='Modèle principal'!H21 -> 0 | EP33: ='Modèle principal'!I21 -> 0 | EQ33: ='Modèle principal'!J21 -> 0 | ER33: ='Modèle principal'!K21 -> 0 | ... FH33: ='Modèle principal'!AA21 -> 0
C34: ='Profils de colonie'!B58 -> N : Essaim sur cadres, 5 cadres d’abeilles, 3 cadres de couvain, installé le 1er avril | BA34: =D24 -> 0 | BB34: Arrivées de varroas (immigration) | BP34: =AH45 -> 0.005 | BQ34: =IF($AH$39="custom",AI45,IF($AH$39="",BP34,"erreur")) -> 0.005 | BR34: Mortalité de base des varroas en l’absence de couvain | BW34: =1160*EXP(BW33*45) -> 2999.1431 | BZ34: =12/17*BZ33+5/17*BW38 -> 0.038238105 | CA34: r (17 jours) | EJ34: =BA5 -> 40544 | EK34: =DF5 -> 100 | EL34: =EK34*(1-EK$33)*EXP($BW$39*15) -> 92.756897 | EM34: =EL34*(1-EL$33)*EXP($BW$39*15) -> 86.038419 | EN34: =EM34*(1-EM$33)*EXP($BW$39*15) -> 79.806568 | EO34: =EN34*(1-EN$33)*EXP($BW$39*15) -> 74.026096 | EP34: =EO34*(1-EO$33)*EXP($BW$39*15) -> 68.664309 | EQ34: =EP34*(1-EP$33)*EXP($BW$39*15) -> 63.690883 | ER34: =EQ34*(1-EQ$33)*EXP($BW$39*15) -> 59.077686 | ES34: =ER34*(1-ER$33)*EXP($BW$39*15) -> 54.798629 | ... FH34: =FG34*(1-FG$33)*EXP($BW$39*15) -> 3.5480755
C35: ='Profils de colonie'!B86 -> P : Colonie constituée d’un paquet d’abeilles d’environ 1,36 kg (3 lb dans l’original), installé sur des rayons bâtis et bien nourri | BP35: =AH46 -> 0.005 | BQ35: =IF($AH$39="custom",AI46,IF($AH$39="",BP35,"erreur")) -> 0.005 | BR35: Mortalité de base des varroas pendant l’élevage du couvain | EJ35: =BA6 -> 40558 | EL35: =EJ6 -> 15.60932 | EM35: =EL35*(1-EL$33)*EXP($BW$39*15) -> 14.47872 | EN35: =EM35*(1-EM$33)*EXP($BW$39*15) -> 13.430012 | EO35: =EN35*(1-EN$33)*EXP($BW$39*15) -> 12.457262 | EP35: =EO35*(1-EO$33)*EXP($BW$39*15) -> 11.55497 | EQ35: =EP35*(1-EP$33)*EXP($BW$39*15) -> 10.718031 | ER35: =EQ35*(1-EQ$33)*EXP($BW$39*15) -> 9.9417134 | ES35: =ER35*(1-ER$33)*EXP($BW$39*15) -> 9.2216248 | ET35: =ES35*(1-ES$33)*EXP($BW$39*15) -> 8.553693 | ... FH35: =FG35*(1-FG$33)*EXP($BW$39*15) -> 0.59707737
C36: ='Profils de colonie'!B114 -> A : Colonie subtropicale, climat sec ; pas de rupture hivernale de couvain — sud de la Californie | AH36: PERSONNALISATION DU MODÈLE (et analyse de sensibilité des facteurs de résistance au varroa) | BP36: =AH47 -> 0.6 | BQ36: =IF($AH$39="custom",AI47,IF($AH$39="",BP36,"erreur")) -> 0.6 | BR36: Taux d’infestation des abeilles sortantes par rapport à l’ensemble des adultes. Estimation approximative étayée par Kraus 1993, Cervo 2014 et DeGrandi-Hoffman 2015. Mes propres essais (2) suggèrent 0,5–1. | EJ36: =BA7 -> 40575 | EM36: =EJ7 -> 35.782676 | EN36: =EM36*(1-EM$33)*EXP($BW$39*15) -> 33.1909 | EO36: =EN36*(1-EN$33)*EXP($BW$39*15) -> 30.786849 | EP36: =EO36*(1-EO$33)*EXP($BW$39*15) -> 28.556926 | EQ36: =EP36*(1-EP$33)*EXP($BW$39*15) -> 26.488518 | ER36: =EQ36*(1-EQ$33)*EXP($BW$39*15) -> 24.569927 | ES36: =ER36*(1-ER$33)*EXP($BW$39*15) -> 22.790302 | ET36: =ES36*(1-ES$33)*EXP($BW$39*15) -> 21.139577 | EU36: =ET36*(1-ET$33)*EXP($BW$39*15) -> 19.608416 | ... FH36: =FG36*(1-FG$33)*EXP($BW$39*15) -> 1.4756156
C37: ='Profils de colonie'!B142 -> B : Colonie de haute latitude — été court et longue rupture hivernale de couvain | AH37: Les simulations par défaut représentent des abeilles peu résistantes aux varroas ; vous pouvez personnaliser cette résistance dans la cellule AH49. | BQ37: 15.208333 | BR37: Jours par intervalle de simulation | BV37: commentaire | EJ37: =BA8 -> 40589 | EN37: =EJ8 -> 55.543202 | EO37: =EN37*(1-EN$33)*EXP($BW$39*15) -> 51.520151 | EP37: =EO37*(1-EO$33)*EXP($BW$39*15) -> 47.788493 | EQ37: =EP37*(1-EP$33)*EXP($BW$39*15) -> 44.327123 | ER37: =EQ37*(1-EQ$33)*EXP($BW$39*15) -> 41.116464 | ES37: =ER37*(1-ER$33)*EXP($BW$39*15) -> 38.138356 | ET37: =ES37*(1-ES$33)*EXP($BW$39*15) -> 35.375956 | EU37: =ET37*(1-ET$33)*EXP($BW$39*15) -> 32.813639 | EV37: =EU37*(1-EU$33)*EXP($BW$39*15) -> 30.436913 | ... FH37: =FG37*(1-FG$33)*EXP($BW$39*15) -> 2.4693641
C38: ='Profils de colonie'!B170 -> C : colonie californienne sur 8 cadres utilisée pour les amandiers, dont des abeilles sont prélevées par secouage deux fois en avril. Saisir un « traitement » de 25 % en avril pour tenir compte des varroas emportés avec ces abeilles. | AH38: (UTILISATEURS AVANCÉS UNIQUEMENT) Variables de reproduction des varroas et de résistance des abeilles : les variables suivantes sont des déterminants essentiels de la réussite reproductive des varroas et des caractères de résistance des abeilles. | BW38: =LN(1-BQ34) -> -0.0050125418 | BX38: Taux logarithmique quotidien r de mortalité phorétique sans couvain. Ne pas modifier cette cellule. Voir Calatayub 1995 | EJ38: =BA9 -> 40603 | EO38: =EJ9 -> 76.617437 | EP38: =EO38*(1-EO$33)*EXP($BW$39*15) -> 71.067957 | EQ38: =EP38*(1-EP$33)*EXP($BW$39*15) -> 65.920432 | ER38: =EQ38*(1-EQ$33)*EXP($BW$39*15) -> 61.145747 | ES38: =ER38*(1-ER$33)*EXP($BW$39*15) -> 56.716897 | ET38: =ES38*(1-ES$33)*EXP($BW$39*15) -> 52.608834 | EU38: =ET38*(1-ET$33)*EXP($BW$39*15) -> 48.798322 | EV38: =EU38*(1-EU$33)*EXP($BW$39*15) -> 45.263809 | EW38: =EV38*(1-EV$33)*EXP($BW$39*15) -> 41.985305 | ... FH38: =FG38*(1-FG$33)*EXP($BW$39*15) -> 3.6722787
AJ39: Laisser cette case vide pour utiliser les valeurs par défaut en bleu, ou saisir « custom » pour modifier les valeurs des cellules vertes ci-dessous (le V rouge indiquera le changement). | BE39: commentaire | BW39: =LN(1-BQ35) -> -0.0050125418 | BX39: Taux logarithmique quotidien r de mortalité phorétique pendant l’élevage du couvain. Ne pas modifier cette cellule. Voir Andino 2011, Oliver, données non publiées | EJ39: =BA10 -> 40617 | EP39: =EJ10 -> 133.61867 | EQ39: =EP39*(1-EP$33)*EXP($BW$39*15) -> 123.94053 | ER39: =EQ39*(1-EQ$33)*EXP($BW$39*15) -> 114.96339 | ES39: =ER39*(1-ER$33)*EXP($BW$39*15) -> 106.63647 | ET39: =ES39*(1-ES$33)*EXP($BW$39*15) -> 98.912681 | EU39: =ET39*(1-ET$33)*EXP($BW$39*15) -> 91.748334 | EV39: =EU39*(1-EU$33)*EXP($BW$39*15) -> 85.102907 | EW39: =EV39*(1-EV$33)*EXP($BW$39*15) -> 78.938816 | EX39: =EW39*(1-EW$33)*EXP($BW$39*15) -> 73.221196 | ... FH39: =FG39*(1-FG$33)*EXP($BW$39*15) -> 6.9044474
C40: ='Profils de colonie'!B198 -> R : Ruches californiennes de Randy, divisées en 4 après la floraison des amandiers et traitées à l’acide oxalique (saisissez une réduction totale des varroas de 90 % au 1er avril, correspondant à la division en 4, au traitement oxalique et au retrait du cadre de mâles) | AH40: =IF($AH$39="","V","") -> V | AI40: =IF($AH$39="custom","V","") | AJ40: =IF($AH$39="","Les valeurs par défaut en bleu s’appliquent — saisissez « custom » dans la cellule verte pour les modifier",IF(AH39="custom","Les valeurs personnalisées s’appliquent — remarquez les effets considérables de très faibles modifications de certaines variables !","Erreur")) -> Les valeurs par défaut en bleu s’appliquent — saisissez « custom » dans la cellule verte pour les modifier | AZ40: Si vous modifiez ces variables, assurez-vous que le taux r obtenu reste réaliste. | BP40: =AH50 -> 0.05 | BQ40: =IF($AH$39="custom",AI50,IF($AH$39="",BP40,"erreur")) -> 0.05 | BR40: Degré d’hygiène sensible au varroa (VSH), en pourcentage | EJ40: =BA11 -> 40634 | EQ40: =EJ11 -> 239.45866 | ER40: =EQ40*(1-EQ$33)*EXP($BW$39*15) -> 222.11442 | ES40: =ER40*(1-ER$33)*EXP($BW$39*15) -> 206.02644 | ET40: =ES40*(1-ES$33)*EXP($BW$39*15) -> 191.10373 | EU40: =ET40*(1-ET$33)*EXP($BW$39*15) -> 177.26189 | EV40: =EU40*(1-EU$33)*EXP($BW$39*15) -> 164.42263 | EW40: =EV40*(1-EV$33)*EXP($BW$39*15) -> 152.51333 | EX40: =EW40*(1-EW$33)*EXP($BW$39*15) -> 141.46663 | EY40: =EX40*(1-EX$33)*EXP($BW$39*15) -> 131.22006 | ... FH40: =FG40*(1-FG$33)*EXP($BW$39*15) -> 13.339702
AH41: 1.45 | AI41: 0.725 | AJ41: Cellule d’ouvrière : nombre moyen de filles par cycle (« valeur sélective » ; généralement 1,2–1,5 selon diverses études). | AY41: commentaire | BA41: =IF(AH39="custom", AI41*AI42,AH41*AH42) -> 1.015 | BB41: = taux net de reproduction effective (nombre de filles viables et fécondées par fondatrice et par cycle reproductif). Oddie (2017) a trouvé une valeur de 1,24 pour les lignées commerciales et de 0,87 pour les lignées survivantes. | EJ41: =BA12 -> 40648 | ER41: =EJ12 -> 363.52884 | ES41: =ER41*(1-ER$33)*EXP($BW$39*15) -> 337.19808 | ET41: =ES41*(1-ES$33)*EXP($BW$39*15) -> 312.77447 | EU41: =ET41*(1-ET$33)*EXP($BW$39*15) -> 290.11989 | EV41: =EU41*(1-EU$33)*EXP($BW$39*15) -> 269.10621 | EW41: =EV41*(1-EV$33)*EXP($BW$39*15) -> 249.61457 | EX41: =EW41*(1-EW$33)*EXP($BW$39*15) -> 231.53473 | EY41: =EX41*(1-EX$33)*EXP($BW$39*15) -> 214.76443 | EZ41: =EY41*(1-EY$33)*EXP($BW$39*15) -> 199.20882 | ... FH41: =FG41*(1-FG$33)*EXP($BW$39*15) -> 21.83274
C42: ='Profils de colonie'!B226 -> S : colonie essaimant en mai ; saisir une réduction des varroas de 50–60 % par « traitement » le 15 mai. | AH42: 0.7 | AI42: 0.7 | AJ42: Cellule d’ouvrière — pourcentage de filles viables et fécondées avec succès (plage habituelle : 0,50–0,90) | AX42: commentaire | BP42: 5 | BQ42: =IF($AH$39="custom",AI49,IF($AH$39="",BP42,"erreur")) -> 5 | BR42: Constante de l’équation du taux d’invasion des cellules ; une valeur plus faible augmente le taux logarithmique quotidien r des varroas. | EJ42: =BA13 -> 40664 | EL42: Les cellules ombrées en bleu correspondent aux varroas âgés de plus de 75 jours | ES42: =EJ13 -> 583.68109 | ET42: =ES42*(1-ES$33)*EXP($BW$39*15) -> 541.40447 | EU42: =ET42*(1-ET$33)*EXP($BW$39*15) -> 502.18999 | EV42: =EU42*(1-EU$33)*EXP($BW$39*15) -> 465.81585 | EW42: =EV42*(1-EV$33)*EXP($BW$39*15) -> 432.07632 | EX42: =EW42*(1-EW$33)*EXP($BW$39*15) -> 400.78059 | EY42: =EX42*(1-EX$33)*EXP($BW$39*15) -> 371.75164 | EZ42: =EY42*(1-EY$33)*EXP($BW$39*15) -> 344.82529 | FA42: =EZ42*(1-EZ$33)*EXP($BW$39*15) -> 63.969847 | ... FH42: =FG42*(1-FG$33)*EXP($BW$39*15) -> 37.791905
C43: ='Profils de colonie'!B254 -> F : colonie sauvage limitée à une cavité de 40 litres (1 corps Langstroth), essaimant deux fois | AH43: 3.5 | AI43: 3.5 | AJ43: Cellule de mâle — nombre moyen de filles par cycle (habituellement 2,5–4,0) | AT43: } | AU43: Effet dépendant de la quantité de couvain de mâles présente. | BP43: 5 | BQ43: =IF($AH$39="custom",$AI$48,IF($AH$39="",BP43,"erreur")) -> 5 | BR43: Facteur d’augmentation du taux d’invasion des cellules de mâles (d’après Boot) → | EJ43: =BA14 -> 40678 | ET43: =EJ14 -> 856.47072 | EU43: =ET43*(1-ET$33)*EXP($BW$39*15) -> 794.43566 | EV43: =EU43*(1-EU$33)*EXP($BW$39*15) -> 736.89387 | EW43: =EV43*(1-EV$33)*EXP($BW$39*15) -> 683.51989 | EX43: =EW43*(1-EW$33)*EXP($BW$39*15) -> 634.01184 | EY43: =EX43*(1-EX$33)*EXP($BW$39*15) -> 588.08971 | EZ43: =EY43*(1-EY$33)*EXP($BW$39*15) -> 545.49376 | FA43: =EZ43*(1-EZ$33)*EXP($BW$39*15) -> 101.19662 | FB43: =FA43*(1-FA$33)*EXP($BW$39*15) -> 93.866842 | ... FH43: =FG43*(1-FG$33)*EXP($BW$39*15) -> 59.78462
C44: Vous pouvez créer votre propre profil de colonie personnalisé dans l’onglet Profils de colonie | AH44: 0.7 | AI44: 0.7 | AJ44: Cellule de mâle — % de filles viables et fécondes (plage habituelle : 0,50–0,90) | BP44: 4500 | BQ44: 4500 | BR44: Cellules de couvain d’ouvrières pour un cadre couvert de couvain à 65 % | EJ44: =BA15 -> 40695 | EU44: =EJ15 -> 1221.9252 | EV44: =EU44*(1-EU$33)*EXP($BW$39*15) -> 1133.4199 | EW44: =EV44*(1-EV$33)*EXP($BW$39*15) -> 1051.3251 | EX44: =EW44*(1-EW$33)*EXP($BW$39*15) -> 975.17653 | EY44: =EX44*(1-EX$33)*EXP($BW$39*15) -> 904.54349 | EZ44: =EY44*(1-EY$33)*EXP($BW$39*15) -> 839.02647 | FA44: =EZ44*(1-EZ$33)*EXP($BW$39*15) -> 155.65098 | FB44: =FA44*(1-FA$33)*EXP($BW$39*15) -> 144.37702 | FC44: =FB44*(1-FB$33)*EXP($BW$39*15) -> 133.91965 | ... FH44: =FG44*(1-FG$33)*EXP($BW$39*15) -> 91.955
AH45: 0.005 | AI45: 0.005 | AJ45: Mortalité de base des varroas par jour sans couvain (habituellement environ 0,005 ; abeilles à longue durée de vie). La mortalité quotidienne peut être influencée par l’intensité du comportement de toilettage. | BE45: commentaire | BP45: 2000 | BQ45: 2000 | BR45: Abeilles adultes par cadre couvert (total des deux faces), environ 227 g (1/2 lb dans l’original) | EJ45: =BA16 -> 40709 | EV45: =EJ16 -> 1688.6768 | EW45: =EV45*(1-EV$33)*EXP($BW$39*15) -> 1566.3642 | EX45: =EW45*(1-EW$33)*EXP($BW$39*15) -> 1452.9108 | EY45: =EX45*(1-EX$33)*EXP($BW$39*15) -> 1347.675 | EZ45: =EY45*(1-EY$33)*EXP($BW$39*15) -> 1250.0615 | FA45: =EZ45*(1-EZ$33)*EXP($BW$39*15) -> 231.90365 | FB45: =FA45*(1-FA$33)*EXP($BW$39*15) -> 215.10663 | FC45: =FB45*(1-FB$33)*EXP($BW$39*15) -> 199.52624 | FD45: =FC45*(1-FC$33)*EXP($BW$39*15) -> 185.07434 | ... FH45: =FG45*(1-FG$33)*EXP($BW$39*15) -> 137.00331
C46: ** Niveau d’arrivées de varroas (immigration) | AH46: 0.005 | AI46: 0.005 | AJ46: Mortalité de base des varroas par jour pendant l’élevage du couvain (grappe défaite). Fortement influencée par le comportement de toilettage. | BB46: commentaire | EJ46: =BA17 -> 40725 | EW46: =EJ17 -> 2272.9009 | EX46: =EW46*(1-EW$33)*EXP($BW$39*15) -> 2108.2724 | EY46: =EX46*(1-EX$33)*EXP($BW$39*15) -> 1955.568 | EZ46: =EY46*(1-EY$33)*EXP($BW$39*15) -> 1813.9242 | FA46: =EZ46*(1-EZ$33)*EXP($BW$39*15) -> 336.50797 | FB46: =FA46*(1-FA$33)*EXP($BW$39*15) -> 312.13435 | FC46: =FB46*(1-FB$33)*EXP($BW$39*15) -> 289.52613 | FD46: =FC46*(1-FC$33)*EXP($BW$39*15) -> 268.55546 | FE46: =FD46*(1-FD$33)*EXP($BW$39*15) -> 249.10371 | ... FH46: =FG46*(1-FG$33)*EXP($BW$39*15) -> 198.80112
C47: 0 | D47: Aucune colonie voisine | AH47: 0.6 | AI47: 0.6 | AJ47: Taux d’infestation des abeilles qui ne reviennent pas, rapporté à celui des jeunes ouvrières lorsque l’infestation est faible. Ce facteur a un effet important sur le taux global d’augmentation de la population de varroas ! | BF47: commentaire | BP47: 0.95 | BQ47: 0.95 | BR47: Survie habituelle de la nymphe jusqu’au stade adulte | EJ47: =BA18 -> 40739 | EX47: =EJ18 -> 2916.8278 | EY47: =EX47*(1-EX$33)*EXP($BW$39*15) -> 2705.5589 | EZ47: =EY47*(1-EY$33)*EXP($BW$39*15) -> 2509.5925 | FA47: =EZ47*(1-EZ$33)*EXP($BW$39*15) -> 465.56403 | FB47: =FA47*(1-FA$33)*EXP($BW$39*15) -> 431.84274 | FC47: =FB47*(1-FB$33)*EXP($BW$39*15) -> 400.56393 | FD47: =FC47*(1-FC$33)*EXP($BW$39*15) -> 371.55067 | FE47: =FD47*(1-FD$33)*EXP($BW$39*15) -> 344.63887 | FF47: =FE47*(1-FE$33)*EXP($BW$39*15) -> 319.67632 | ... FH47: =FG47*(1-FG$33)*EXP($BW$39*15) -> 275.04446
C48: 1 | D48: Rucher où le varroa est maîtrisé | AH48: 4.5 | AI48: 4.5 | AJ48: Facteur d’augmentation du taux d’invasion des cellules de mâles (d’après Boot). Il est peut-être surestimé, d’après mes dissections de cadres pièges à couvain de mâles en avril. | BF48: commentaire | EJ48: =BA19 -> 40756 | EY48: =EJ19 -> 3757.4825 | EZ48: =EY48*(1-EY$33)*EXP($BW$39*15) -> 3485.3241 | FA48: =EZ48*(1-EZ$33)*EXP($BW$39*15) -> 646.5757 | FB48: =FA48*(1-FA$33)*EXP($BW$39*15) -> 599.74356 | FC48: =FB48*(1-FB$33)*EXP($BW$39*15) -> 556.30351 | FD48: =FC48*(1-FC$33)*EXP($BW$39*15) -> 516.00988 | FE48: =FD48*(1-FD$33)*EXP($BW$39*15) -> 478.63475 | FF48: =FE48*(1-FE$33)*EXP($BW$39*15) -> 443.96674 | FG48: =FF48*(1-FF$33)*EXP($BW$39*15) -> 411.80977 | FH48: =FG48*(1-FG$33)*EXP($BW$39*15) -> 381.98197
C49: 2 | D49: Ruchers en difficulté avec le varroa | AH49: 5 | AI49: 5 | AJ49: Constante de l’équation du taux d’invasion des cellules : une augmentation ajoute un jour à la période phorétique du varroa et diminue la valeur de r ; voir → | BC49: commentaire | BP49: Calculs de r | EJ49: =BA20 -> 40770 | EZ49: =EJ20 -> 4920.4616 | FA49: =EZ49*(1-EZ$33)*EXP($BW$39*15) -> 912.81349 | FB49: =FA49*(1-FA$33)*EXP($BW$39*15) -> 846.69747 | FC49: =FB49*(1-FB$33)*EXP($BW$39*15) -> 785.3703 | FD49: =FC49*(1-FC$33)*EXP($BW$39*15) -> 728.48512 | FE49: =FD49*(1-FD$33)*EXP($BW$39*15) -> 675.72019 | FF49: =FE49*(1-FE$33)*EXP($BW$39*15) -> 626.77708 | FG49: =FF49*(1-FF$33)*EXP($BW$39*15) -> 581.37897 | FH49: =FG49*(1-FG$33)*EXP($BW$39*15) -> 539.26909
C50: 3 | D50: Effondrement de colonies sauvages et pillage important | AH50: 0.05 | AI50: 0.05 | AJ50: Pourcentage de réduction de la réussite reproductive des fondatrices dû aux comportements de désoperculation et de VSH. Une réduction de 50 % confère une forte résistance. | BP50: r(cycle) = | BQ50: (1 fondatrice + (nombre attendu de filles × succès reproductif)) × probabilité que chacune envahisse de nouveau une cellule. Le résultat est inférieur à celui de Martin, mais aboutit à un r réaliste de 0,024 pour un cycle de 17 jours | EJ50: =BA21 -> 40787 | FA50: =EJ21 -> 1171.5217 | FB50: =FA50*(1-FA$33)*EXP($BW$39*15) -> 1086.6672 | FC50: =FB50*(1-FB$33)*EXP($BW$39*15) -> 1007.9587 | FD50: =FC50*(1-FC$33)*EXP($BW$39*15) -> 934.95125 | FE50: =FD50*(1-FD$33)*EXP($BW$39*15) -> 867.23177 | FF50: =FE50*(1-FE$33)*EXP($BW$39*15) -> 804.41728 | FG50: =FF50*(1-FF$33)*EXP($BW$39*15) -> 746.15251 | FH50: =FG50*(1-FG$33)*EXP($BW$39*15) -> 692.10791
C51: 4 | D51: Quartier urbain où les colonies ne sont pas traitées | EJ51: =BA22 -> 40801 | FB51: =EJ22 -> 1576.9749 | FC51: =FB51*(1-FB$33)*EXP($BW$39*15) -> 1462.753 | FD51: =FC51*(1-FC$33)*EXP($BW$39*15) -> 1356.8043 | FE51: =FD51*(1-FD$33)*EXP($BW$39*15) -> 1258.5295 | FF51: =FE51*(1-FE$33)*EXP($BW$39*15) -> 1167.3729 | FG51: =FF51*(1-FF$33)*EXP($BW$39*15) -> 1082.8189 | FH51: =FG51*(1-FG$33)*EXP($BW$39*15) -> 1004.3892
C52: X | D52: Pour personnaliser vous-même : aller à l’onglet « Immigration de varroas ». | AI52: 0.5 | AJ52: Indicateur arbitraire d’effondrement : taux d’infestation du couvain d’ouvrières | BP52: Ouvrière | EJ52: =BA23 -> 40817 | FC52: =EJ23 -> 1565.9364 | FD52: =FC52*(1-FC$33)*EXP($BW$39*15) -> 1452.514 | FE52: =FD52*(1-FD$33)*EXP($BW$39*15) -> 1347.3069 | FF52: =FE52*(1-FE$33)*EXP($BW$39*15) -> 1249.7201 | FG52: =FF52*(1-FF$33)*EXP($BW$39*15) -> 1159.2016 | FH52: =FG52*(1-FG$33)*EXP($BW$39*15) -> 1075.2394
AI53: 60 | AJ53: Indicateur arbitraire d’effondrement : comptage de varroas par lavage d’abeilles adultes | BV53: Jours de phorésie | BW53: Jours/cycle | BX53: r par cycle | EJ53: =BA24 -> 40831 | FD53: =EJ24 -> 0 | FE53: =FD53*(1-FD$33)*EXP($BW$39*15) -> 0 | FF53: =FE53*(1-FE$33)*EXP($BW$39*15) -> 0 | FG53: =FF53*(1-FF$33)*EXP($BW$39*15) -> 0 | FH53: =FG53*(1-FG$33)*EXP($BW$39*15) -> 0
BP54: Hypothèse : | BQ54: =BQ30 -> 1.3775 | BR54: filles | BV54: 0 | BW54: =BV54+12 -> 12 | BX54: =$BQ$58/BW54 -> 0.026536296 | EJ54: =BA25 -> 40848 | FE54: =EJ25 -> 0 | FF54: =FE54*(1-FE$33)*EXP($BW$39*15) -> 0 | FG54: =FF54*(1-FF$33)*EXP($BW$39*15) -> 0 | FH54: =FG54*(1-FG$33)*EXP($BW$39*15) -> 0
BP55: Hypothèse : | BQ55: =BQ31 -> 0.7 | BR55: succès reproductif | BV55: 1 | BW55: =BV55+12 -> 13 | BX55: =$BQ$58/BW55 -> 0.024495042 | EJ55: =BA26 -> 40862 | FF55: =EJ26 -> 0 | FG55: =FF55*(1-FF$33)*EXP($BW$39*15) -> 0 | FH55: =FG55*(1-FG$33)*EXP($BW$39*15) -> 0
AH56: Taux de croissance r | AJ56: Tout repose sur le « taux logarithmique quotidien r » : sa moyenne du 15 avril au 15 septembre dans cette simulation est de | AZ56: =(LN(BB22/BB12))/(BA22-BA12) -> 0.012155481 | BP56: Hypothèse : | BQ56: 0.7 | BR56: Survie de la fondatrice à l’émergence | BV56: 2 | BW56: =BV56+12 -> 14 | BX56: =$BQ$58/BW56 -> 0.022745396 | EJ56: =BA27 -> 40878 | FG56: =EJ27 -> 0 | FH56: =FG56*(1-FG$33)*EXP($BW$39*15) -> 0
AH57: Remarque importante : la valeur de r des varroas dépend de leur densité ; plus les varroas sont nombreux, plus leur croissance est lente. Vérifiez bien votre valeur de r avec une faible population initiale de varroas. | BP57: R(cycle)= | BQ57: =(1+($BQ$54*$BQ$55))*$BQ$56 -> 1.374975 | BV57: 3 | BW57: =BV57+12 -> 15 | BX57: =$BQ$58/BW57 -> 0.021229037 | EJ57: =BA28 -> 40892 | FH57: =EJ28 -> 0
AH58: Le taux logarithmique quotidien d’augmentation des varroas pendant la phase de croissance linéaire de la colonie, pour des lignées commerciales non résistantes, se situe habituellement entre 0,015 et 0,023 (mais peut atteindre 0,030 avec l’immigration). | BP58: r (cycle) = | BQ58: =LN(BQ57) -> 0.31843555 | BV58: 4 | BW58: =BV58+12 -> 16 | BX58: =$BQ$58/BW58 -> 0.019902222 | EJ58: Varroas âgés | EP58: =SUM(EP34) -> 68.664309 | EQ58: =SUM(EQ34:EQ35) -> 74.408914 | ER58: =SUM(ER34:ER36) -> 93.589327 | ES58: =SUM(ES34:ES37) -> 124.94891 | ET58: =SUM(ET34:ET38) -> 168.50757 | EU58: =SUM(EU34:EU39) -> 248.05072 | EV58: =SUM(EV34:EV40) -> 394.50679 | EW58: =SUM(EW34:EW41) -> 615.54682 | EX58: =SUM(EX34:EX42) -> 971.74272 | EY58: =SUM(EY34:EY43) -> 1489.4481 | EZ58: =SUM(EZ34:EZ44) -> 2220.5923 | FA58: =SUM(FA34:FA45) -> 643.85416 | FB58: =SUM(FB34:FB46) -> 909.35348 | FC58: =SUM(FC34:FC47) -> 1244.052 | FD58: =SUM(FD34:FD48) -> 1669.9539 | FE58: =SUM(FE34:FE49) -> 2224.7176 | FF58: =SUM(FF34:FF50) -> 2867.9963 | FG58: =SUM(FG34:FG51) -> 3743.0833 | FH58: =SUM(FH34:FH52) -> 4547.2073
AH59: Consultez le tableau ci-dessous pour voir combien de temps il faut à la population de varroas pour doubler lorsque les valeurs de r diminuent. | BP59: r quotidien maximal théorique = | BQ59: =BQ58/12 -> 0.026536296 | BV59: 5 | BW59: =BV59+12 -> 17 | BX59: =$BQ$58/BW59 -> 0.018731503 | BY59: Plage habituelle | EJ59: Total des varroas | EK59: =SUM(EK34:EK57) -> 100 | EL59: =SUM(EL34:EL57) -> 108.36622 | EM59: =SUM(EM34:EM57) -> 136.29982 | EN59: =SUM(EN34:EN57) -> 181.97068 | EO59: =SUM(EO34:EO57) -> 245.40779 | EP59: =SUM(EP34:EP57) -> 361.25132 | EQ59: =SUM(EQ34:EQ57) -> 574.54417 | ER59: =SUM(ER34:ER57) -> 896.45819 | ... FH59: =SUM(FH34:FH57) -> 4547.2073
BP60: Cycle de 17 jours | BQ60: =BQ58/17 -> 0.018731503 | BV60: 6 | BW60: =BV60+12 -> 18 | BX60: =$BQ$58/BW60 -> 0.017690864 | EJ60: % de varroas âgés | EK60: =IF(EK59=0,0,IF(EK58/EK59=1,0.99,EK58/EK59)) -> 0 | EL60: =IF(EL59=0,0,IF(EL58/EL59=1,0.99,EL58/EL59)) -> 0 | EM60: =IF(EM59=0,0,IF(EM58/EM59=1,0.99,EM58/EM59)) -> 0 | EN60: =IF(EN59=0,0,IF(EN58/EN59=1,0.99,EN58/EN59)) -> 0 | EO60: =IF(EO59=0,0,IF(EO58/EO59=1,0.99,EO58/EO59)) -> 0 | EP60: =IF(EP59=0,0,IF(EP58/EP59=1,0.99,EP58/EP59)) -> 0.19007352 | EQ60: =IF(EQ59=0,0,IF(EQ58/EQ59=1,0.99,EQ58/EQ59)) -> 0.12950948 | ER60: =IF(ER59=0,0,IF(ER58/ER59=1,0.99,ER58/ER59)) -> 0.10439899 | ... FH60: =IF(FH59=0,0,IF(FH58/FH59=1,0.99,FH58/FH59)) -> 0.99
AH61: r | AI61: Jours nécessaires au doublement de la population de varroas | AX61: Comparaison avec quelques taux logarithmiques quotidiens r publiés dans la littérature | BV61: 7 | BW61: =BV61+12 -> 19 | BX61: =$BQ$58/BW61 -> 0.016759766
AH62: =AH63+0.001 -> 0.033 | AI62: =(LN(2))/AH62 -> 21.00446 | AY62: Source | AZ62: Année | BA62: r (quotidien) | BP62: Mâle | BV62: 8 | BW62: =BV62+12 -> 20 | BX62: =$BQ$58/BW62 -> 0.015921777
AH63: =AH64+0.001 -> 0.032 | AI63: =(LN(2))/AH63 -> 21.660849 | BO63: Ne pas déplacer | BP63: Hypothèse : | BQ63: =BQ32 -> 3.5 | BR63: filles | BV63: 9 | BW63: =BV63+12 -> 21 | BX63: =$BQ$58/BW63 -> 0.015163598
AH64: =AH65+0.001 -> 0.031 | AI64: =(LN(2))/AH64 -> 22.359586 | BP64: Hypothèse : | BQ64: =BQ33 -> 0.7 | BR64: Succès reproductif (Martin) | BV64: 10 | BW64: =BV64+12 -> 22 | BX64: =$BQ$58/BW64 -> 0.014474343
AH65: =AH66+0.001 -> 0.03 | AI65: =(LN(2))/AH65 -> 23.104906 | AY65: Harris, Harbo, Villa, Danka 2003 | AZ65: 1993 | BA65: 0.030571429 | BP65: Hypothèse | BQ65: 0.7 | BR65: Survie de la fondatrice à l’émergence | BV65: 11 | BW65: =BV65+12 -> 23 | BX65: =$BQ$58/BW65 -> 0.013845024
AH66: =AH67+0.001 -> 0.029 | AI66: =(LN(2))/AH66 -> 23.901627 | AY66: DeGuzman 2007, abeilles italiennes de Baton Rouge | AZ66: 2007 | BA66: 0.027285714 | BP66: R(cycle)= | BQ66: =(1+(BQ63*BQ64))*BQ65 -> 2.415 | BV66: 12 | BW66: =BV66+12 -> 24 | BX66: =$BQ$58/BW66 -> 0.013268148
AH67: =AH68+0.001 -> 0.028 | AI67: =(LN(2))/AH67 -> 24.755256 | AY67: Pour doubler la population de varroas chaque mois | BA67: 0.023 | BP67: r (cycle) = | BQ67: =LN(BQ66) -> 0.88169929 | BV67: 13 | BW67: =BV67+12 -> 25 | BX67: =$BQ$58/BW67 -> 0.012737422
AH68: =AH69+0.001 -> 0.027 | AI68: =(LN(2))/AH68 -> 25.672118 | AY68: Harbo, Harris 1999, colonie la moins performante | AZ68: 1999 | BA68: 0.022936022 | BP68: r quotidien maximal théorique = | BQ68: =BQ67/15 -> 0.058779952 | BV68: 14 | BW68: =BV68+12 -> 26 | BX68: =$BQ$58/BW68 -> 0.012247521
AH69: =AH70+0.001 -> 0.026 | AI69: =(LN(2))/AH69 -> 26.659507 | AY69: Harris, Harbo, Villa, Danka 2014 | AZ69: 2002 | BA69: 0.022714286 | BV69: 15 | BW69: =BV69+12 -> 27 | BX69: =$BQ$58/BW69 -> 0.011793909
AH70: =AH71+0.001 -> 0.025 | AI70: =(LN(2))/AH70 -> 27.725887 | AY70: Harris, Harbo, Villa, Danka 2004 | AZ70: 1994 | BA70: 0.021428571 | BB70: Plage habituelle pour les lignées commerciales
AH71: 0.024 | AI71: =(LN(2))/AH71 -> 28.881133 | AY71: Harris, Harbo, Villa, Danka 2008 | AZ71: 1997 | BA71: 0.021428571 | BP71: Mortalité quotidienne pendant la période phorétique sans reproduction
AH72: =AH71-0.001 -> 0.023 | AI72: =(LN(2))/AH72 -> 30.136834 | AY72: Danka 1999 — 16 jours | AZ72: 1999 | BA72: 0.021 | BP72: 0.005 | BQ72: par jour | BR72: =1-BP72 -> 0.995 | BS72: Survie | BU72: Valeur de Martin : 0,5 %/jour
AH73: =AH72-0.001 -> 0.022 | AI73: =(LN(2))/AH73 -> 31.50669 | AY73: DeGuzman 2007, abeilles italiennes de Baton Rouge | AZ73: 2007 | BA73: 0.020714286 | BP73: =LN(BR72) -> -0.0050125418 | BQ73: = r (mortalité phorétique)
AH74: =AH73-0.001 -> 0.021 | AI74: =(LN(2))/AH74 -> 33.007009 | AY74: Harris, Harbo, Villa, Danka 2007 | AZ74: 1996 | BA74: 0.019857143 | BP74: =100*EXP(BP73*100) -> 60.577044 | BQ74: Pourcentage de survie à 100 jours
AH75: =AH74-0.001 -> 0.02 | AI75: =(LN(2))/AH75 -> 34.657359 | AY75: DeGuzman 2007 — abeilles russes de Baton Rouge | AZ75: 2007 | BA75: 0.019571429 | BX75: D’après Martin 1999 : « Une perte de 30 % des varroas à chaque cycle reproductif, hors mortalité phorétique, conduit à un nombre moyen de cycles reproductifs de 2,4 pour les varroas se reproduisant dans des cellules d’ouvrières. Cette valeur se situe dans la plage observée dans d’autres études (synthèse dans Martin et Kemp, 1997). »
AH76: =AH75-0.001 -> 0.019 | AI76: =(LN(2))/AH76 -> 36.481431 | AY76: Ruche californienne habituelle de Randy | AZ76: 2016 | BA76: 0.019 | BP76: Mortalité quotidienne pendant la période de reproduction
AH77: =AH76-0.001 -> 0.018 | AI77: =(LN(2))/AH77 -> 38.508177 | AY77: Harris, Harbo, Villa, Danka 2005 | AZ77: 1995 | BA77: 0.018714286 | BP77: 0.01 | BQ77: par jour | BR77: =1-BP77 -> 0.99 | BS77: Survie
AH78: =AH77-0.001 -> 0.017 | AI78: =(LN(2))/AH78 -> 40.773364 | AY78: DeGuzman 2007, abeilles italiennes de Baton Rouge | AZ78: 2007 | BA78: 0.017428571 | BP78: =LN(BR77) -> -0.010050336 | BQ78: = r (mortalité phorétique)
AH79: =AH78-0.001 -> 0.016 | AI79: =(LN(2))/AH79 -> 43.321699 | AY79: Vandame — Mexique — abeilles européennes (EHB) | AZ79: 2000 | BA79: 0.017 | BP79: 3 | BQ79: 19 | BR79: jours : totaux des cycles reproductifs | BU79: =BP79*BQ79 -> 57 | BV79: jours
AH80: =AH79-0.001 -> 0.015 | AI80: =(LN(2))/AH80 -> 46.209812 | AY80: Harris, Harbo, Villa, Danka 2015 | AZ80: 2002 | BA80: 0.013571429 | BP80: =100*EXP(BP78*BU79) -> 56.390519 | BQ80: pourcentage | BR80: =BU79 -> 57 | BS80: jours de survie
AH81: =AH80-0.001 -> 0.014 | AI81: =(LN(2))/AH81 -> 49.510513 | AY81: Harris, Harbo, Villa, Danka 2006 | AZ81: 1995 | BA81: 0.011428571 | BX81: On s’attendrait donc à ce que 50 % des varroas soient encore vivants après 3 cycles reproductifs.
AH82: =AH81-0.001 -> 0.013 | AI82: =(LN(2))/AH82 -> 53.319014 | AY82: Harbo, Harris 1999 — colonie moyenne | AZ82: 1999 | BA82: 0.010356816 | BX82: En tenant compte de la mortalité phorétique supplémentaire, une mortalité quotidienne de 1 % pendant la période reproductive donne un résultat à peu près juste.
AH83: =AH82-0.001 -> 0.012 | AI83: =(LN(2))/AH83 -> 57.762265 | AY83: Vandame 2000 — abeilles européennes (EHB) au Mexique | AZ83: 2000 | BA83: 0.01
AH84: =AH83-0.001 -> 0.011 | AI84: =(LN(2))/AH84 -> 63.01338 | AY84: DeGuzman 2007 — abeilles russes de Baton Rouge | AZ84: 2007 | BA84: 0.0087142857
AH85: =AH84-0.001 -> 0.01 | AI85: =(LN(2))/AH85 -> 69.314718 | AY85: Harris, Harbo, Villa, Danka 2013 | AZ85: 2001 | BA85: 0.0067142857
AH86: =AH85-0.001 -> 0.009 | AI86: =(LN(2))/AH86 -> 77.016353 | AY86: Harris, Harbo, Villa, Danka 2009 | AZ86: 1999 | BA86: 0.0047142857
AH87: =AH86-0.001 -> 0.008 | AI87: =(LN(2))/AH87 -> 86.643398 | AY87: Harbo, Harris 1999 — moyenne des colonies résistantes | AZ87: 1999 | BA87: 0.003967064 | BB87: Notre objectif | CB87: Le maximum est d’environ 3 | CC87: Valeurs extraites du graphique de Boot | CD87: Estimations approximatives | CE87: Valeurs calculées de la durée phorétique, en jours
AH88: =AH87-0.001 -> 0.007 | AI88: =(LN(2))/AH88 -> 99.021026 | AY88: Harris, Harbo, Villa, Danka 2012 | AZ88: 2000 | BA88: 0.0034285714 | CA88: Larves de 8 jours pour 8 000 abeilles | CB88: couvain : abeilles | CC88: =BW128 -> 0 | CD88: Cycle reproductif approximatif | CG88: Ordonnée à l’origine
AH89: =AH88-0.001 -> 0.006 | AI89: =(LN(2))/AH89 -> 115.52453 | AY89: Harris, Harbo, Villa, Danka 2010 | AZ89: 1999 | BA89: 0.0032857143 | BZ89: 40 | CA89: 0 | CB89: 0.001 | CC89: 40 | CD89: =12+CC89 -> 52 | CE89: =-$CG$92*LN(CB89)+$CG$89 -> 39.538776 | CG89: 5
AH90: =AH89-0.001 -> 0.005 | AI90: =(LN(2))/AH90 -> 138.62944 | AY90: DeGuzman 2007 — abeilles russes de Baton Rouge | AZ90: 2007 | BA90: 0.003 | BZ90: 30 | CA90: 10 | CB90: =CA90*20/8000 -> 0.025 | CC90: 30 | CD90: =12+CC90 -> 42 | CE90: =-$CG$92*LN(CB90)+$CG$89 -> 23.444397
AH91: =AH90-0.001 -> 0.004 | AI91: =(LN(2))/AH91 -> 173.2868 | AY91: Harris, Harbo, Villa, Danka 2011 | AZ91: 2000 | BA91: 0.0021428571 | BZ91: 20 | CA91: 25 | CB91: =CA91*20/8000 -> 0.0625 | CC91: 20 | CD91: =12+CC91 -> 32 | CE91: =-$CG$92*LN(CB91)+$CG$89 -> 18.862944 | CG91: Exposant
AH92: =AH91-0.001 -> 0.003 | AI92: =(LN(2))/AH92 -> 231.04906 | AY92: Harbo, Harris 1999 — colonie la plus résistante | AZ92: 1999 | BA92: -0.0080662155 | BU92: 1.45 | BV92: 16.2 | BW92: =LN(BU92)/BV92 -> 0.022936022 | BZ92: 17 | CA92: 40 | CB92: =CA92*20/8000 -> 0.1 | CC92: 17 | CD92: =12+CC92 -> 29 | CE92: =-$CG$92*LN(CB92)+$CG$89 -> 16.512925 | CG92: 5
AH93: =AH92-0.001 -> 0.002 | AI93: =(LN(2))/AH93 -> 346.57359 | BU93: 1.22 | BV93: 19.2 | BW93: =LN(BU93)/BV93 -> 0.010356816 | CA93: 50 | CB93: =CA93*20/8000 -> 0.125 | CC93: 14.285714 | CD93: =12+CC93 -> 26.285714 | CE93: =-$CG$92*LN(CB93)+$CG$89 -> 15.397208
BU94: 1.08 | BV94: 19.4 | BW94: =LN(BU94)/BV94 -> 0.003967064 | CA94: 100 | CB94: =CA94*20/8000 -> 0.25 | CC94: 12.5 | CD94: =12+CC94 -> 24.5 | CE94: =-$CG$92*LN(CB94)+$CG$89 -> 11.931472
BU95: 0.83 | BV95: 23.1 | BW95: =LN(BU95)/BV95 -> -0.0080662155 | CA95: 150 | CB95: =CA95*20/8000 -> 0.375 | CC95: 10.526316 | CD95: =12+CC95 -> 22.526316 | CE95: =-$CG$92*LN(CB95)+$CG$89 -> 9.9041463
CA96: 200 | CB96: =CA96*20/8000 -> 0.5 | CC96: 9.0909091 | CD96: =12+CC96 -> 21.090909 | CE96: =-$CG$92*LN(CB96)+$CG$89 -> 8.4657359
CA97: 250 | CB97: =CA97*20/8000 -> 0.625 | CC97: 7.6923077 | CD97: =12+CC97 -> 19.692308 | CE97: =-$CG$92*LN(CB97)+$CG$89 -> 7.3500181
CA98: 300 | CB98: =CA98*20/8000 -> 0.75 | CC98: 6.6666667 | CD98: =12+CC98 -> 18.666667 | CE98: =-$CG$92*LN(CB98)+$CG$89 -> 6.4384104
CA99: 350 | CB99: =CA99*20/8000 -> 0.875 | CC99: 4.2105263 | CD99: =12+CC99 -> 16.210526 | CE99: =-$CG$92*LN(CB99)+$CG$89 -> 5.667657
CA100: 400 | CB100: =CA100*20/8000 -> 1 | CC100: 3.6363636 | CD100: =12+CC100 -> 15.636364 | CE100: =-$CG$92*LN(CB100)+$CG$89 -> 5
...

Sheet Paramètres libres
AE2: © Randy Oliver 2016, 2017, 2018, 2019, 2020 | BO2: Entrées et conversions de l’onglet Profils de colonie | BT2: Valeurs calculées | CG2: Calculs pour le couvain de mâles | CQ2: Calculs pour le couvain d’ouvrières | DA2: Taux logarithmique quotidien r potentiel | DB2: Taux reproductif potentiel | DE2: Population de varroas | DH2: Gain de varroas | DJ2: Pertes de varroas | DK2: Pertes de varroas | DL2: Gain de varroas | DM2: Pertes de varroas | DQ2: Pertes de varroas | DR2: Population de varroas | DU2: Calcul du comptage par lavage à l’alcool, en supposant 315 abeilles par échantillon | EB2: Calcul des pertes de varroas par dérive hors de la ruche | EI2: Ajustement de r lié au vieillissement des varroas
J3: 100 | K3: 50 | P3: 50 | Q3: 85 | R3: sb | BE3: commentaire | BO3: Dans cette ligne, j’ai placé des notes et des validations des calculs sous forme de commentaires. Ceux qui sont surlignés en rouge demandent un examen plus approfondi → | BQ3: commentaire | BS3: commentaire | BV3: commentaire | BX3: commentaire | BY3: commentaire | CC3: commentaire | CE3: commentaire | CJ3: Commentaire | CK3: Commentaire | CL3: commentaire | CM3: commentaire | CT3: Commentaire | CU3: Commentaire | CX3: commentaire | DA3: commentaire | DB3: commentaire | DC3: commentaire | DF3: commentaire | DG3: commentaire | DH3: commentaire | DK3: commentaire | DL3: commentaire | DM3: commentaire | DQ3: commentaire | DX3: commentaire | EB3: commentaire | EF3: commentaire | EG3: commentaire | EJ3: commentaire | EK3: commentaire
AZ4: Date de début de la période | BA4: Population de varroas au début de la période | BB4: Taux logarithmique quotidien net d’accroissement des varroas (r) | BC4: Arrivées de varroas par dérive (immigration) | BD4: =DW4 -> Comptage par lavage à l’alcool d’environ 120 mL de jeunes abeilles (½ tasse dans l’original) | BE4: % estimé de cellules d’ouvrières envahies (effondrement habituel si > 30 %) | BF4: % estimé de varroas phorétiques (pour les calculs d’efficacité des traitements) | BG4: EFFICACITÉ DES TRAITEMENTS (pourcentage approximatif de réduction globale). Remarque : lorsque le pourcentage de couvain infesté approche 30 %, même avec un traitement très efficace, la colonie peut mettre longtemps à se remettre de l’épidémie de virus des ailes déformées (DWV) dans la ruche. Cette récupération dépend largement de la quantité de couvain élevée ; les chances de récupération sont donc plus faibles en fin de saison. | BM4: Les valeurs en vert correspondent aux données choisies par l’utilisateur | BO4: DATE | BP4: Nombre saisi de cadres couverts d’abeilles adultes | BQ4: Nombre calculé d’abeilles adultes | BR4: Nombre de cadres de couvain saisi | BS4: Nombre de cellules de couvain calculé* | BT4: Rapport couvain / abeilles | BU4: Nombre total calculé de nymphes | BV4: Nombre calculé de nymphes d’ouvrières parasitées | BW4: Larves de 8 jours | BX4: Durée approximative de phorésie en jours (d’après Boot) | BY4: Cycle reproductif moyen du varroa (dans le couvain d’ouvrières) | BZ4: % de varroas phorétiques | CA4: % de varroas dans le couvain | CB4: Nombre de varroas dans le couvain | CC4: Cellules de couvain operculé | CD4: % de couvain de mâles saisi, en surface | CE4: % de couvain mâle converti en proportion de cellules | CF4: % estimé des varroas reproducteurs présents dans le couvain mâle | CG4: % de l’ensemble des varroas présents dans le couvain mâle | CH4: Varroas dans le couvain de mâles | CI4: Nombre moyen de varroas par cellule de mâle operculée | CJ4: Pourcentage de cellules de mâles envahies | CK4: Nombre moyen de varroas par cellule de mâle infestée | CL4: Durée moyenne, en jours, du cycle reproductif du varroa dans le couvain mâle | CM4: Ajustement du nombre de filles selon la densité | CN4: R par cycle | CO4: Taux logarithmique quotidien r des varroas dans les cellules de mâles | CP4: % de l’ensemble des varroas dans le couvain d’ouvrières | CQ4: Cellules de couvain d’ouvrières operculé | CR4: Varroas dans le couvain d’ouvrières | CS4: Nombre moyen de varroas par cellule d’ouvrière operculée | CT4: Pourcentage de cellules d’ouvrières envahies | CU4: Nombre moyen de varroas par cellule d’ouvrière envahie | CV4: % estimé de varroas reproducteurs dans le couvain d’ouvrières | CW4: Durée moyenne, en jours, du cycle reproductif du varroa dans le couvain d’ouvrières | CX4: Ajustement du nombre de filles selon la densité | CY4: R par cycle | CZ4: Taux logarithmique quotidien r des varroas en cellules d’ouvrières | DA4: Taux logarithmique quotidien r potentiel dû à la reproduction des varroas dans le couvain (mâles et ouvrières) | DB4: Taux logarithmique quotidien r négatif dû à la mortalité des varroas | DC4: Taux logarithmique quotidien net r dû à la reproduction et à la seule mortalité naturelle | DE4: Total des varroas au début de la période | DF4: Varroas fécondés | DG4: Varroas potentiellement reproducteurs après correction pour le vieillissement | DH4: Gain net de varroas par reproduction | DI4: Total des varroas après reproduction | DJ4: Perte de varroas par mortalité naturelle | DK4: Varroas restants après la mortalité naturelle | DL4: Arrivées de varroas sélectionnées (immigration) | DM4: Nombre (négatif) de varroas emportés par les abeilles qui ne reviennent pas | DN4: Variation nette des varroas par période due à la dérive entrante et sortante | DO4: Total des varroas avant l’effet du traitement | DP4: % du total des varroas tués par le traitement | DQ4: Nombre de varroas éliminés par le traitement | DR4: Varroas restants à la fin de la période | DS4: Taux logarithmique quotidien r net pour la période | DT4: DATE | DU4: Nombre de varroas phorétiques | DV4: Taux d’infestation des abeilles adultes | DW4: Comptage par lavage à l’alcool d’environ 120 mL de jeunes abeilles (½ tasse dans l’original) | DX4: Indicateur arbitraire d’effondrement de la colonie (% de couvain infesté) | DY4: Indicateur d’effondrement différé (comptage de varroas par lavage) | DZ4: Effondrement viral si le comptage par lavage à la mi-octobre dépasse 60 malgré le traitement | EA4: Pour masquer les valeurs du tableau | EB4: Nombre approximatif d’abeilles adultes émergeant par période | EC4: Variation de la population d’abeilles adultes par période | ED4: Mortalité nette des abeilles adultes par période | EE4: Mortalité nette des abeilles adultes par jour | EF4: Coefficient multiplicateur (%) pour les varroas sur les abeilles sortantes | EG4: Perte de varroas par période sur les abeilles sorties qui ne reviennent pas | EI4: Nouveaux varroas | EJ4: Varroas âgés de plus de 75 jours | EK4: % de la population totale de varroas âgés de plus de 75 jours | EO4: Dates pour les hémisphères Nord ou Sud | ER4: Pourcentage calculé de réduction dû à un essaimage emportant 70 % des abeilles | ES4: % de Traynor × 315
AZ5: =IF($AB$21="x", EP5,EO5) -> 40544 | BA5: =IF(EA5>0,"",DE5) -> 50 | BB5: =IF(EA5>0,"",DS5) -> -0.0050125418 | BC5: =IF(EA5>0,"",DL5) -> 0 | BD5: =IF(EA5>0,"",DW5) -> 0.984375 | BE5: =IF(EA5>0,"",IF(BS5<5,"s.o.",CT5)) -> s.o. | BF5: =IF(EA5>0,"",BZ5) -> 1 | BN5: Toutes les valeurs sont des moyennes pour chaque période de 15 jours | BO5: =AZ5 -> 40544 | BP5: =IF($AZ$32="d",'Profils de colonie'!I31,IF($AZ$32="n",'Profils de colonie'!I59,IF($AZ$32="p",'Profils de colonie'!I87,IF($AZ$32="a",'Profils de colonie'!I115,IF($AZ$32="b",'Profils de colonie'!I143,IF($AZ$32="c",'Profils de colonie'!I171,IF($AZ$32="r",'Profils de colonie'!I199,IF($AZ$32="s",'Profils de colonie'!I227,IF($AZ$32="f",'Profils de colonie'!I255,"erreur"))))))))) -> 8 | BQ5: =BP5*$BP$45 -> 16000 | BR5: =IF($AZ$32="d",'Profils de colonie'!G31,IF($AZ$32="n",'Profils de colonie'!G59,IF($AZ$32="p",'Profils de colonie'!G87,IF($AZ$32="a",'Profils de colonie'!G115,IF($AZ$32="b",'Profils de colonie'!G143,IF($AZ$32="c",'Profils de colonie'!G171,IF($AZ$32="r",'Profils de colonie'!G199,IF($AZ$32="s",'Profils de colonie'!G227,IF($AZ$32="f",'Profils de colonie'!G255,"erreur"))))))))) -> 0 | BS5: =IF(BR5=0,1,$BP$44*BR5) -> 1 | BT5: =IF(BQ5=0,0,BS5/BQ5) -> 6.25e-05 | BU5: =BS5*12/20 -> 0.6 | BV5: =CT5*BU5 -> 0 | BW5: =BS5/20 -> 0.05 | BX5: =IF(BT5=0,0.001,(-$BP$43*LN(BT5))+$BP$42) -> 53.40172 | BY5: =BX5+12 -> 65.40172 | BZ5: =IF(BR5=0,1,BX5/BY5) -> 1 | CA5: =1-BZ5 -> 0 | CB5: =DE5*CA5 -> 0 | CC5: =0.6*BS5 -> 0.6 | CD5: =IF($AZ$32="d",'Profils de colonie'!K31,IF($AZ$32="n",'Profils de colonie'!K59,IF($AZ$32="p",'Profils de colonie'!K87,IF($AZ$32="a",'Profils de colonie'!K115,IF($AZ$32="b",'Profils de colonie'!K143,IF($AZ$32="c",'Profils de colonie'!K171,IF($AZ$32="r",'Profils de colonie'!K199,IF($AZ$32="s",'Profils de colonie'!K199,IF($AZ$32="f",'Profils de colonie'!K255,"erreur"))))))))) -> 0 | CE5: =CD5*16/25 -> 0 | CF5: =CE5*$BP$43 -> 0 | CG5: =CF5*CA5 -> 0 | CH5: =CF5*CB5 -> 0 | CI5: =IF(CE5=0,0,CH5/(CC5*CE5)) -> 0 | CJ5: =1-(POISSON(0,CI5,FALSE)) -> 0 | CK5: =IF(CJ5=0,0,CI5/CJ5) -> 0 | CL5: =BX5+15 -> 68.40172 | CM5: 1 | CN5: =(1+($BP$32*CM5))*$BP$47 -> 4.275 | CO5: =LN(CN5)/14.75 -> 0.098493837 | CP5: =1-BZ5-CG5 -> 0 | CQ5: =(1-CE5)*CC5 -> 0.6 | CR5: =CB5-CH5 -> 0 | CS5: =CR5/CQ5 -> 0 | CT5: =1-(POISSON(0,CS5,FALSE)) -> 0 | CU5: =CS5/(CT5+0.000001) -> 0 | CV5: =1-CF5 -> 1 | CW5: =BX5+12 -> 65.40172 | CX5: 1 | CY5: =(1+($BP$30*CX5))*$BP$47 -> 2.258625 | CZ5: =IF(DE5>2*CQ5,0,LN(CY5)/12.5) -> 0 | DA5: =(CG5*CO5+CP5*CZ5) -> 0 | DB5: =IF(BT5>0.25,$BV$39,$BV$38) -> -0.0050125418 | DC5: =DA5+DB5 -> -0.0050125418 | DE5: =IF(OR($AZ$32="n",$AZ$32="p"),0,AZ33) -> 50 | DF5: =DE5*$BP$31 -> 35 | DG5: =DF5 -> 35 | DH5: =DG5*EXP(DA5*$BP$37)-DG5 -> 0 | DI5: =DE5+DH5 -> 50 | DJ5: =DI5-DK5 -> 3.6699583 | DK5: =DI5*EXP((IF(BT5>0.25,$BV$39,$BV$38)*$BP$37)) -> 46.330042 | DL5: ='Immigration de varroas'!E12 -> 0 | DO5: =DK5+DN5 -> 46.330042 | DP5: =EJ$33 -> 0 | DQ5: =DO5*DP5 -> 0 | DR5: =DO5-DQ5 -> 46.330042 | DS5: =LN(DR5/DE5)/$BP$37 -> -0.0050125418 | DT5: =AZ5 -> 40544 | DU5: =DE5*BZ5 -> 50 | DV5: =IF(BQ5=0,0.001,DU5/BQ5) -> 0.003125 | DW5: =DV5*315 -> 0.984375 | EI5: =DE5 -> 50 | EJ5: 0 | EK5: 0.5 | EO5: 40544 | EP5: 42917
AZ6: =IF($AB$21="x", EP6,EO6) -> 40558 | BA6: =IF(EA6>0,"",DE6) -> 46.330042 | BB6: =IF(EA6>0,"",DS6) -> 0.014079146 | BC6: =IF(EA6>0,"",DL6) -> 0 | BD6: =IF(EA6>0,"",DW6) -> 0.55057609 | BE6: =IF(EA6>0,"",IF(BS6<5,"s.o.",CT6)) -> 0.026839571 | BF6: =IF(EA6>0,"",BZ6) -> 0.60362064 | BG6: 0.95 | BH6: Acaricide de synthèse à haute efficacité (par exemple, amitraz appliqué pendant plusieurs semaines) | BO6: =AZ6 -> 40558 | BP6: =IF($AZ$32="d",'Profils de colonie'!I32,IF($AZ$32="n",'Profils de colonie'!I60,IF($AZ$32="p",'Profils de colonie'!I88,IF($AZ$32="a",'Profils de colonie'!I116,IF($AZ$32="b",'Profils de colonie'!I144,IF($AZ$32="c",'Profils de colonie'!I172,IF($AZ$32="r",'Profils de colonie'!I200,IF($AZ$32="s",'Profils de colonie'!I228,IF($AZ$32="f",'Profils de colonie'!I256,"erreur"))))))))) -> 8 | BQ6: =BP6*$BP$45 -> 16000 | BR6: =IF($AZ$32="d",'Profils de colonie'!G32,IF($AZ$32="n",'Profils de colonie'!G60,IF($AZ$32="p",'Profils de colonie'!G88,IF($AZ$32="a",'Profils de colonie'!G116,IF($AZ$32="b",'Profils de colonie'!G144,IF($AZ$32="c",'Profils de colonie'!G172,IF($AZ$32="r",'Profils de colonie'!G200,IF($AZ$32="s",'Profils de colonie'!G228,IF($AZ$32="f",'Profils de colonie'!G256,"erreur"))))))))) -> 0.25 | BS6: =IF(BR6=0,1,$BP$44*BR6) -> 1125 | BT6: =IF(BQ6=0,0,BS6/BQ6) -> 0.0703125 | BU6: =BS6*12/20 -> 675 | BV6: =CT6*BU6 -> 18.11671 | BW6: =BS6/20 -> 56.25 | BX6: =IF(BT6=0,0.001,(-$BP$43*LN(BT6))+$BP$42) -> 18.274028 | BY6: =BX6+12 -> 30.274028 | BZ6: =IF(BR6=0,1,BX6/BY6) -> 0.60362064 | CA6: =1-BZ6 -> 0.39637936 | CB6: =DE6*CA6 -> 18.364272 | CC6: =0.6*BS6 -> 675 | CD6: =IF($AZ$32="d",'Profils de colonie'!K32,IF($AZ$32="n",'Profils de colonie'!K60,IF($AZ$32="p",'Profils de colonie'!K88,IF($AZ$32="a",'Profils de colonie'!K116,IF($AZ$32="b",'Profils de colonie'!K144,IF($AZ$32="c",'Profils de colonie'!K172,IF($AZ$32="r",'Profils de colonie'!K200,IF($AZ$32="s",'Profils de colonie'!K200,IF($AZ$32="f",'Profils de colonie'!K256,"erreur"))))))))) -> 0 | CE6: =CD6*16/25 -> 0 | CF6: =CE6*$BP$43 -> 0 | CG6: =CF6*CA6 -> 0 | CH6: =CF6*CB6 -> 0 | CI6: =IF(CE6=0,0,CH6/(CC6*CE6)) -> 0 | CJ6: =1-(POISSON(0,CI6,FALSE)) -> 0 | CK6: =IF(CJ6=0,0,CI6/CJ6) -> 0 | CL6: =BX6+15 -> 33.274028 | CM6: 1 | CN6: =(1+($BP$32*CM6))*$BP$47 -> 4.275 | CO6: =LN(CN6)/14.75 -> 0.098493837 | CP6: =1-BZ6-CG6 -> 0.39637936 | CQ6: =(1-CE6)*CC6 -> 675 | CR6: =CB6-CH6 -> 18.364272 | CS6: =CR6/CQ6 -> 0.027206329 | CT6: =1-(POISSON(0,CS6,FALSE)) -> 0.026839571 | CU6: =CS6/(CT6+0.000001) -> 1.0136271 | CV6: =1-CF6 -> 1 | CW6: =BX6+12 -> 30.274028 | CX6: 1 | CY6: =(1+($BP$30*CX6))*$BP$47 -> 2.258625 | CZ6: =IF(DE6>2*CQ6,0,LN(CY6)/12.5) -> 0.065180498 | DA6: =(CG6*CO6+CP6*CZ6) -> 0.025836204 | DB6: =IF(BT6>0.25,$BV$39,$BV$38) -> -0.0050125418 | DC6: =DA6+DB6 -> 0.020823662 | DE6: =IF(OR($AZ$32="n",$AZ$32="p"),0,DR5) -> 46.330042 | DF6: =DE6*$BP$31 -> 32.431029 | DG6: =DF6 -> 32.431029 | DH6: =DG6*EXP(DA6*$BP$37)-DG6 -> 15.60932 | DI6: =DE6+DH6 -> 61.939361 | DJ6: =DI6-DK6 -> 4.5462975 | DK6: =DI6*EXP((IF(BT6>0.25,$BV$39,$BV$38)*$BP$37)) -> 57.393064 | DL6: ='Immigration de varroas'!E13 -> 0 | DM6: =IF(EG6>DU6*EF6,-DU6*EF6,-EG6) -> -0.00071771525 | DN6: =DL6+DM6 -> -0.00071771525 | DO6: =DK6+DN6 -> 57.392346 | DP6: =EK$33 -> 0 | DQ6: =DO6*DP6 -> 0 | DR6: =DO6-DQ6 -> 57.392346 | DS6: =LN(DR6/DE6)/$BP$37 -> 0.014079146 | DT6: =AZ6 -> 40558 | DU6: =DE6*BZ6 -> 27.965769 | DV6: =IF(BQ6=0,0.001,DU6/BQ6) -> 0.0017478606 | DW6: =DV6*315 -> 0.55057609 | EB6: =BS5*0.9/20*$BP$37 -> 0.684375 | EC6: =BQ6-BQ5 -> 0 | ED6: =EB6-EC6 -> 0.684375 | EE6: =ED6/$BP$37 -> 0.045 | EF6: =IF(DV6>0.15,1,$BP$36) -> 0.6 | EG6: =ED6*EF6*DV6 -> 0.00071771525 | EI6: =DH6 -> 15.60932 | EJ6: 0 | EK6: =EJ$60 -> 0 | EO6: 40558 | EP6: 42931 | ES6: 5.67
AZ7: =IF($AB$21="x", EP7,EO7) -> 40575 | BA7: =IF(EA7>0,"",DE7) -> 57.392346 | BB7: =IF(EA7>0,"",DS7) -> 0.014156209 | BC7: =IF(EA7>0,"",DL7) -> 0 | BD7: =IF(EA7>0,"",DW7) -> 0.66051477 | BE7: =IF(EA7>0,"",IF(BS7<5,"s.o.",CT7)) -> 0.026404282 | BF7: =IF(EA7>0,"",BZ7) -> 0.58457197 | BO7: =AZ7 -> 40575 | BP7: =IF($AZ$32="d",'Profils de colonie'!I33,IF($AZ$32="n",'Profils de colonie'!I61,IF($AZ$32="p",'Profils de colonie'!I89,IF($AZ$32="a",'Profils de colonie'!I117,IF($AZ$32="b",'Profils de colonie'!I145,IF($AZ$32="c",'Profils de colonie'!I173,IF($AZ$32="r",'Profils de colonie'!I201,IF($AZ$32="s",'Profils de colonie'!I229,IF($AZ$32="f",'Profils de colonie'!I257,"erreur"))))))))) -> 8 | BQ7: =BP7*$BP$45 -> 16000 | BR7: =IF($AZ$32="d",'Profils de colonie'!G33,IF($AZ$32="n",'Profils de colonie'!G61,IF($AZ$32="p",'Profils de colonie'!G89,IF($AZ$32="a",'Profils de colonie'!G117,IF($AZ$32="b",'Profils de colonie'!G145,IF($AZ$32="c",'Profils de colonie'!G173,IF($AZ$32="r",'Profils de colonie'!G201,IF($AZ$32="s",'Profils de colonie'!G229,IF($AZ$32="f",'Profils de colonie'!G257,"erreur"))))))))) -> 0.33 | BS7: =IF(BR7=0,1,$BP$44*BR7) -> 1485 | BT7: =IF(BQ7=0,0,BS7/BQ7) -> 0.0928125 | BU7: =BS7*12/20 -> 891 | BV7: =CT7*BU7 -> 23.526215 | BW7: =BS7/20 -> 74.25 | BX7: =IF(BT7=0,0.001,(-$BP$43*LN(BT7))+$BP$42) -> 16.88587 | BY7: =BX7+12 -> 28.88587 | BZ7: =IF(BR7=0,1,BX7/BY7) -> 0.58457197 | CA7: =1-BZ7 -> 0.41542803 | CB7: =DE7*CA7 -> 23.842389 | CC7: =0.6*BS7 -> 891 | CD7: =IF($AZ$32="d",'Profils de colonie'!K33,IF($AZ$32="n",'Profils de colonie'!K61,IF($AZ$32="p",'Profils de colonie'!K89,IF($AZ$32="a",'Profils de colonie'!K117,IF($AZ$32="b",'Profils de colonie'!K145,IF($AZ$32="c",'Profils de colonie'!K173,IF($AZ$32="r",'Profils de colonie'!K201,IF($AZ$32="s",'Profils de colonie'!K201,IF($AZ$32="f",'Profils de colonie'!K257,"erreur"))))))))) -> 0 | CE7: =CD7*16/25 -> 0 | CF7: =CE7*$BP$43 -> 0 | CG7: =CF7*CA7 -> 0 | CH7: =CF7*CB7 -> 0 | CI7: =IF(CE7=0,0,CH7/(CC7*CE7)) -> 0 | CJ7: =1-(POISSON(0,CI7,FALSE)) -> 0 | CK7: =IF(CJ7=0,0,CI7/CJ7) -> 0 | CL7: =BX7+15 -> 31.88587 | CM7: 1 | CN7: =(1+($BP$32*CM7))*$BP$47 -> 4.275 | CO7: =LN(CN7)/14.75 -> 0.098493837 | CP7: =1-BZ7-CG7 -> 0.41542803 | CQ7: =(1-CE7)*CC7 -> 891 | CR7: =CB7-CH7 -> 23.842389 | CS7: =CR7/CQ7 -> 0.026759135 | CT7: =1-(POISSON(0,CS7,FALSE)) -> 0.026404282 | CU7: =CS7/(CT7+0.000001) -> 1.0134009 | CV7: =1-CF7 -> 1 | CW7: =BX7+12 -> 28.88587 | CX7: 1 | CY7: =(1+($BP$30*CX7))*$BP$47 -> 2.258625 | CZ7: =IF(DE7>2*CQ7,0,LN(CY7)/12.5) -> 0.065180498 | DA7: =(CG7*CO7+CP7*CZ7) -> 0.027077806 | DB7: =IF(BT7>0.25,$BV$39,$BV$38) -> -0.0050125418 | DC7: =DA7+DB7 -> 0.022065264 | DE7: =IF(OR($AZ$32="n",$AZ$32="p"),0,DR6) -> 57.392346 | DF7: =DE7*$BP$31 -> 40.174642 | DG7: =DF7 -> 40.174642 | DH7: =DG7*EXP(DA7*$BP$37)-DG7 -> 20.470789 | DI7: =DE7+DH7 -> 77.863135 | DJ7: =DI7-DK7 -> 5.7150892 | DK7: =DI7*EXP((IF(BT7>0.25,$BV$39,$BV$38)*$BP$37)) -> 72.148046 | DL7: ='Immigration de varroas'!E14 -> 0 | DM7: =IF(EG7>DU7*EF7,-DU7*EF7,-EG7) -> -0.96865671 | DN7: =DL7+DM7 -> -0.96865671 | DO7: =DK7+DN7 -> 71.179389 | DP7: =EL$33 -> 0 | DQ7: =DO7*DP7 -> 0 | DR7: =DO7-DQ7 -> 71.179389 | DS7: =LN(DR7/DE7)/$BP$37 -> 0.014156209 | DT7: =AZ7 -> 40575 | DU7: =DE7*BZ7 -> 33.549957 | DV7: =IF(BQ7=0,0.001,DU7/BQ7) -> 0.0020968723 | DW7: =DV7*315 -> 0.66051477 | DX7: =IF((BR7<0.25),DX6,IF(DX6=100,100,IF(CT5>$AH$52,100,""))) | DY7: =IF(DY6=100,100,IF(BS7<100,IF((DW5+DW6)>$AH$53,100,""),"")) | EA7: =SUM(DX7:DZ7) -> 0 | EB7: =BS6*0.9/20*$BP$37 -> 769.92188 | EC7: =BQ7-BQ6 -> 0 | ED7: =EB7-EC7 -> 769.92188 | EE7: =ED7/$BP$37 -> 50.625 | EF7: =IF(DV7>0.15,1,$BP$36) -> 0.6 | EG7: =ED7*EF7*DV7 -> 0.96865671 | EI7: =DH7 -> 20.470789 | EJ7: 0 | EK7: =EK$60 -> 0 | EO7: 40575 | EP7: 42948
AZ8: =IF($AB$21="x", EP8,EO8) -> 40589 | BA8: =IF(EA8>0,"",DE8) -> 71.179389 | BB8: =IF(EA8>0,"",DS8) -> 0.015990546 | BC8: =IF(EA8>0,"",DL8) -> 0 | BD8: =IF(EA8>0,"",DW8) -> 0.80453099 | BE8: =IF(EA8>0,"",IF(BS8<5,"s.o.",CT8)) -> 0.017340464 | BF8: =IF(EA8>0,"",BZ8) -> 0.50234953 | BG8: 0.9 | BH8: Deux traitements de 50 g d’Apiguard à 10 jours d’intervalle, dans une rehausse | BO8: =AZ8 -> 40589 | BP8: =IF($AZ$32="d",'Profils de colonie'!I34,IF($AZ$32="n",'Profils de colonie'!I62,IF($AZ$32="p",'Profils de colonie'!I90,IF($AZ$32="a",'Profils de colonie'!I118,IF($AZ$32="b",'Profils de colonie'!I146,IF($AZ$32="c",'Profils de colonie'!I174,IF($AZ$32="r",'Profils de colonie'!I202,IF($AZ$32="s",'Profils de colonie'!I230,IF($AZ$32="f",'Profils de colonie'!I258,"erreur"))))))))) -> 7 | BQ8: =BP8*$BP$45 -> 14000 | BR8: =IF($AZ$32="d",'Profils de colonie'!G34,IF($AZ$32="n",'Profils de colonie'!G62,IF($AZ$32="p",'Profils de colonie'!G90,IF($AZ$32="a",'Profils de colonie'!G118,IF($AZ$32="b",'Profils de colonie'!G146,IF($AZ$32="c",'Profils de colonie'!G174,IF($AZ$32="r",'Profils de colonie'!G202,IF($AZ$32="s",'Profils de colonie'!G230,IF($AZ$32="f",'Profils de colonie'!G258,"erreur"))))))))) -> 0.75 | BS8: =IF(BR8=0,1,$BP$44*BR8) -> 3375 | BT8: =IF(BQ8=0,0,BS8/BQ8) -> 0.24107143 | BU8: =BS8*12/20 -> 2025 | BV8: =CT8*BU8 -> 35.11444 | BW8: =BS8/20 -> 168.75 | BX8: =IF(BT8=0,0.001,(-$BP$43*LN(BT8))+$BP$42) -> 12.11331 | BY8: =BX8+12 -> 24.11331 | BZ8: =IF(BR8=0,1,BX8/BY8) -> 0.50234953 | CA8: =1-BZ8 -> 0.49765047 | CB8: =DE8*CA8 -> 35.422456 | CC8: =0.6*BS8 -> 2025 | CD8: =IF($AZ$32="d",'Profils de colonie'!K34,IF($AZ$32="n",'Profils de colonie'!K62,IF($AZ$32="p",'Profils de colonie'!K90,IF($AZ$32="a",'Profils de colonie'!K118,IF($AZ$32="b",'Profils de colonie'!K146,IF($AZ$32="c",'Profils de colonie'!K174,IF($AZ$32="r",'Profils de colonie'!K202,IF($AZ$32="s",'Profils de colonie'!K202,IF($AZ$32="f",'Profils de colonie'!K258,"erreur"))))))))) -> 0 | CE8: =CD8*16/25 -> 0 | CF8: =CE8*$BP$43 -> 0 | CG8: =CF8*CA8 -> 0 | CH8: =CF8*CB8 -> 0 | CI8: =IF(CE8=0,0,CH8/(CC8*CE8)) -> 0 | CJ8: =1-(POISSON(0,CI8,FALSE)) -> 0 | CK8: =IF(CJ8=0,0,CI8/CJ8) -> 0 | CL8: =BX8+15 -> 27.11331 | CM8: 1 | CN8: =(1+($BP$32*CM8))*$BP$47 -> 4.275 | CO8: =LN(CN8)/14.75 -> 0.098493837 | CP8: =1-BZ8-CG8 -> 0.49765047 | CQ8: =(1-CE8)*CC8 -> 2025 | CR8: =CB8-CH8 -> 35.422456 | CS8: =CR8/CQ8 -> 0.017492571 | CT8: =1-(POISSON(0,CS8,FALSE)) -> 0.017340464 | CU8: =CS8/(CT8+0.000001) -> 1.0087136 | CV8: =1-CF8 -> 1 | CW8: =BX8+12 -> 24.11331 | CX8: 1 | CY8: =(1+($BP$30*CX8))*$BP$47 -> 2.258625 | CZ8: =IF(DE8>2*CQ8,0,LN(CY8)/12.5) -> 0.065180498 | DA8: =(CG8*CO8+CP8*CZ8) -> 0.032437105 | DB8: =IF(BT8>0.25,$BV$39,$BV$38) -> -0.0050125418 | DC8: =DA8+DB8 -> 0.027424563 | DE8: =IF(OR($AZ$32="n",$AZ$32="p"),0,DR7) -> 71.179389 | DF8: =DE8*$BP$31 -> 49.825572 | DG8: =DF8 -> 49.825572 | DH8: =DG8*EXP(DA8*$BP$37)-DG8 -> 31.775521 | DI8: =DE8+DH8 -> 102.95491 | DJ8: =DI8-DK8 -> 7.5568046 | DK8: =DI8*EXP((IF(BT8>0.25,$BV$39,$BV$38)*$BP$37)) -> 95.398105 | DL8: ='Immigration de varroas'!E15 -> 0 | DM8: =IF(EG8>DU8*EF8,-DU8*EF8,-EG8) -> -4.6222939 | DN8: =DL8+DM8 -> -4.6222939 | DO8: =DK8+DN8 -> 90.775811 | DP8: =EM$33 -> 0 | DQ8: =DO8*DP8 -> 0 | DR8: =DO8-DQ8 -> 90.775811 | DS8: =LN(DR8/DE8)/$BP$37 -> 0.015990546 | DT8: =AZ8 -> 40589 | DU8: =DE8*BZ8 -> 35.756933 | DV8: =IF(BQ8=0,0.001,DU8/BQ8) -> 0.0025540666 | DW8: =DV8*315 -> 0.80453099 | DX8: =IF((BR8<0.25),DX7,IF(DX7=100,100,IF(CT6>$AH$52,100,""))) | DY8: =IF(DY7=100,100,IF(BS8<100,IF((DW6+DW7)>$AH$53,100,""),"")) | EA8: =SUM(DX8:DZ8) -> 0 | EB8: =BS7*0.9/20*$BP$37 -> 1016.2969 | EC8: =BQ8-BQ7 -> -2000 | ED8: =EB8-EC8 -> 3016.2969 | EE8: =ED8/$BP$37 -> 198.33185 | EF8: =IF(DV8>0.15,1,$BP$36) -> 0.6 | EG8: =ED8*EF8*DV8 -> 4.6222939 | EI8: =DH8 -> 31.775521 | EJ8: 0 | EK8: =EL$60 -> 0 | EO8: 40589 | EP8: 42962 | ES8: 6.3
AZ9: =IF($AB$21="x", EP9,EO9) -> 40603 | BA9: =IF(EA9>0,"",DE9) -> 90.775811 | BB9: =IF(EA9>0,"",DS9) -> 0.018623555 | BC9: =IF(EA9>0,"",DL9) -> 0 | BD9: =IF(EA9>0,"",DW9) -> 0.96154826 | BE9: =IF(EA9>0,"",IF(BS9<5,"s.o.",CT9)) -> 0.01763536 | BF9: =IF(EA9>0,"",BZ9) -> 0.47078046 | BO9: =AZ9 -> 40603 | BP9: =IF($AZ$32="d",'Profils de colonie'!I35,IF($AZ$32="n",'Profils de colonie'!I63,IF($AZ$32="p",'Profils de colonie'!I91,IF($AZ$32="a",'Profils de colonie'!I119,IF($AZ$32="b",'Profils de colonie'!I147,IF($AZ$32="c",'Profils de colonie'!I175,IF($AZ$32="r",'Profils de colonie'!I203,IF($AZ$32="s",'Profils de colonie'!I231,IF($AZ$32="f",'Profils de colonie'!I259,"erreur"))))))))) -> 7 | BQ9: =BP9*$BP$45 -> 14000 | BR9: =IF($AZ$32="d",'Profils de colonie'!G35,IF($AZ$32="n",'Profils de colonie'!G63,IF($AZ$32="p",'Profils de colonie'!G91,IF($AZ$32="a",'Profils de colonie'!G119,IF($AZ$32="b",'Profils de colonie'!G147,IF($AZ$32="c",'Profils de colonie'!G175,IF($AZ$32="r",'Profils de colonie'!G203,IF($AZ$32="s",'Profils de colonie'!G231,IF($AZ$32="f",'Profils de colonie'!G259,"erreur"))))))))) -> 1 | BS9: =IF(BR9=0,1,$BP$44*BR9) -> 4500 | BT9: =IF(BQ9=0,0,BS9/BQ9) -> 0.32142857 | BU9: =BS9*12/20 -> 2700 | BV9: =CT9*BU9 -> 47.615473 | BW9: =BS9/20 -> 225 | BX9: =IF(BT9=0,0.001,(-$BP$43*LN(BT9))+$BP$42) -> 10.6749 | BY9: =BX9+12 -> 22.6749 | BZ9: =IF(BR9=0,1,BX9/BY9) -> 0.47078046 | CA9: =1-BZ9 -> 0.52921954 | CB9: =DE9*CA9 -> 48.040333 | CC9: =0.6*BS9 -> 2700 | CD9: =IF($AZ$32="d",'Profils de colonie'!K35,IF($AZ$32="n",'Profils de colonie'!K63,IF($AZ$32="p",'Profils de colonie'!K91,IF($AZ$32="a",'Profils de colonie'!K119,IF($AZ$32="b",'Profils de colonie'!K147,IF($AZ$32="c",'Profils de colonie'!K175,IF($AZ$32="r",'Profils de colonie'!K203,IF($AZ$32="s",'Profils de colonie'!K203,IF($AZ$32="f",'Profils de colonie'!K259,"erreur"))))))))) -> 0 | CE9: =CD9*16/25 -> 0 | CF9: =CE9*$BP$43 -> 0 | CG9: =CF9*CA9 -> 0 | CH9: =CF9*CB9 -> 0 | CI9: =IF(CE9=0,0,CH9/(CC9*CE9)) -> 0 | CJ9: =1-(POISSON(0,CI9,FALSE)) -> 0 | CK9: =IF(CJ9=0,0,CI9/CJ9) -> 0 | CL9: =BX9+15 -> 25.6749 | CM9: 1 | CN9: =(1+($BP$32*CM9))*$BP$47 -> 4.275 | CO9: =LN(CN9)/14.75 -> 0.098493837 | CP9: =1-BZ9-CG9 -> 0.52921954 | CQ9: =(1-CE9)*CC9 -> 2700 | CR9: =CB9-CH9 -> 48.040333 | CS9: =CR9/CQ9 -> 0.017792716 | CT9: =1-(POISSON(0,CS9,FALSE)) -> 0.01763536 | CU9: =CS9/(CT9+0.000001) -> 1.0088655 | CV9: =1-CF9 -> 1 | CW9: =BX9+12 -> 22.6749 | CX9: 1 | CY9: =(1+($BP$30*CX9))*$BP$47 -> 2.258625 | CZ9: =IF(DE9>2*CQ9,0,LN(CY9)/12.5) -> 0.065180498 | DA9: =(CG9*CO9+CP9*CZ9) -> 0.034494793 | DB9: =IF(BT9>0.25,$BV$39,$BV$38) -> -0.0050125418 | DC9: =DA9+DB9 -> 0.029482251 | DE9: =IF(OR($AZ$32="n",$AZ$32="p"),0,DR8) -> 90.775811 | DF9: =DE9*$BP$31 -> 63.543068 | DG9: =DF9 -> 63.543068 | DH9: =DG9*EXP(DA9*$BP$37)-DG9 -> 43.831808 | DI9: =DE9+DH9 -> 134.60762 | DJ9: =DI9-DK9 -> 9.8800871 | DK9: =DI9*EXP((IF(BT9>0.25,$BV$39,$BV$38)*$BP$37)) -> 124.72753 | DL9: ='Immigration de varroas'!E16 -> 0 | DM9: =IF(EG9>DU9*EF9,-DU9*EF9,-EG9) -> -4.2303831 | DN9: =DL9+DM9 -> -4.2303831 | DO9: =DK9+DN9 -> 120.49715 | DP9: =EN$33 -> 0 | DQ9: =DO9*DP9 -> 0 | DR9: =DO9-DQ9 -> 120.49715 | DS9: =LN(DR9/DE9)/$BP$37 -> 0.018623555 | DT9: =AZ9 -> 40603 | DU9: =DE9*BZ9 -> 42.735478 | DV9: =IF(BQ9=0,0.001,DU9/BQ9) -> 0.0030525342 | DW9: =DV9*315 -> 0.96154826 | DX9: =IF((BR9<0.25),DX8,IF(DX8=100,100,IF(CT7>$AH$52,100,""))) | DY9: =IF(DY8=100,100,IF(BS9<100,IF((DW7+DW8)>$AH$53,100,""),"")) | EA9: =SUM(DX9:DZ9) -> 0 | EB9: =BS8*0.9/20*$BP$37 -> 2309.7656 | EC9: =BQ9-BQ8 -> 0 | ED9: =EB9-EC9 -> 2309.7656 | EE9: =ED9/$BP$37 -> 151.875 | EF9: =IF(DV9>0.15,1,$BP$36) -> 0.6 | EG9: =ED9*EF9*DV9 -> 4.2303831 | EI9: =DH9 -> 43.831808 | EJ9: 0 | EK9: =EM$60 -> 0 | EO9: 40603 | EP9: 42979
AZ10: =IF($AB$21="x", EP10,EO10) -> 40617 | BA10: =IF(EA10>0,"",DE10) -> 120.49715 | BB10: =IF(EA10>0,"",DS10) -> 0.023321869 | BC10: =IF(EA10>0,"",DL10) -> 0 | BD10: =IF(EA10>0,"",DW10) -> 1.1044886 | BE10: =IF(EA10>0,"",IF(BS10<5,"s.o.",CT10)) -> 0.014417537 | BF10: =IF(EA10>0,"",BZ10) -> 0.34918468 | BG10: 0.9 | BH10: Traitement puissant à l’acide formique (diffusion progressive ou traitement flash intensif) | BO10: =AZ10 -> 40617 | BP10: =IF($AZ$32="d",'Profils de colonie'!I36,IF($AZ$32="n",'Profils de colonie'!I64,IF($AZ$32="p",'Profils de colonie'!I92,IF($AZ$32="a",'Profils de colonie'!I120,IF($AZ$32="b",'Profils de colonie'!I148,IF($AZ$32="c",'Profils de colonie'!I176,IF($AZ$32="r",'Profils de colonie'!I204,IF($AZ$32="s",'Profils de colonie'!I232,IF($AZ$32="f",'Profils de colonie'!I260,"erreur"))))))))) -> 6 | BQ10: =BP10*$BP$45 -> 12000 | BR10: =IF($AZ$32="d",'Profils de colonie'!G36,IF($AZ$32="n",'Profils de colonie'!G64,IF($AZ$32="p",'Profils de colonie'!G92,IF($AZ$32="a",'Profils de colonie'!G120,IF($AZ$32="b",'Profils de colonie'!G148,IF($AZ$32="c",'Profils de colonie'!G176,IF($AZ$32="r",'Profils de colonie'!G204,IF($AZ$32="s",'Profils de colonie'!G232,IF($AZ$32="f",'Profils de colonie'!G260,"erreur"))))))))) -> 2 | BS10: =IF(BR10=0,1,$BP$44*BR10) -> 9000 | BT10: =IF(BQ10=0,0,BS10/BQ10) -> 0.75 | BU10: =BS10*12/20 -> 5400 | BV10: =CT10*BU10 -> 77.854701 | BW10: =BS10/20 -> 450 | BX10: =IF(BT10=0,0.001,(-$BP$43*LN(BT10))+$BP$42) -> 6.4384104 | BY10: =BX10+12 -> 18.43841 | BZ10: =IF(BR10=0,1,BX10/BY10) -> 0.34918468 | CA10: =1-BZ10 -> 0.65081532 | CB10: =DE10*CA10 -> 78.421391 | CC10: =0.6*BS10 -> 5400 | CD10: =IF($AZ$32="d",'Profils de colonie'!K36,IF($AZ$32="n",'Profils de colonie'!K64,IF($AZ$32="p",'Profils de colonie'!K92,IF($AZ$32="a",'Profils de colonie'!K120,IF($AZ$32="b",'Profils de colonie'!K148,IF($AZ$32="c",'Profils de colonie'!K176,IF($AZ$32="r",'Profils de colonie'!K204,IF($AZ$32="s",'Profils de colonie'!K204,IF($AZ$32="f",'Profils de colonie'!K260,"erreur"))))))))) -> 0 | CE10: =CD10*16/25 -> 0 | CF10: =CE10*$BP$43 -> 0 | CG10: =CF10*CA10 -> 0 | CH10: =CF10*CB10 -> 0 | CI10: =IF(CE10=0,0,CH10/(CC10*CE10)) -> 0 | CJ10: =1-(POISSON(0,CI10,FALSE)) -> 0 | CK10: =IF(CJ10=0,0,CI10/CJ10) -> 0 | CL10: =BX10+15 -> 21.43841 | CM10: 1 | CN10: =(1+($BP$32*CM10))*$BP$47 -> 4.275 | CO10: =LN(CN10)/14.75 -> 0.098493837 | CP10: =1-BZ10-CG10 -> 0.65081532 | CQ10: =(1-CE10)*CC10 -> 5400 | CR10: =CB10-CH10 -> 78.421391 | CS10: =CR10/CQ10 -> 0.01452248 | CT10: =1-(POISSON(0,CS10,FALSE)) -> 0.014417537 | CU10: =CS10/(CT10+0.000001) -> 1.007209 | CV10: =1-CF10 -> 1 | CW10: =BX10+12 -> 18.43841 | CX10: 1 | CY10: =(1+($BP$30*CX10))*$BP$47 -> 2.258625 | CZ10: =IF(DE10>2*CQ10,0,LN(CY10)/12.5) -> 0.065180498 | DA10: =(CG10*CO10+CP10*CZ10) -> 0.042420467 | DB10: =IF(BT10>0.25,$BV$39,$BV$38) -> -0.0050125418 | DC10: =DA10+DB10 -> 0.037407925 | DE10: =IF(OR($AZ$32="n",$AZ$32="p"),0,DR9) -> 120.49715 | DF10: =DE10*$BP$31 -> 84.348004 | DG10: =DF10 -> 84.348004 | DH10: =DG10*EXP(DA10*$BP$37)-DG10 -> 76.441446 | DI10: =DE10+DH10 -> 196.9386 | DJ10: =DI10-DK10 -> 14.455129 | DK10: =DI10*EXP((IF(BT10>0.25,$BV$39,$BV$38)*$BP$37)) -> 182.48347 | DL10: ='Immigration de varroas'!E17 -> 0 | DM10: =IF(EG10>DU10*EF10,-DU10*EF10,-EG10) -> -10.686585 | DN10: =DL10+DM10 -> -10.686585 | DO10: =DK10+DN10 -> 171.79688 | DP10: =EO$33 -> 0 | DQ10: =DO10*DP10 -> 0 | DR10: =DO10-DQ10 -> 171.79688 | DS10: =LN(DR10/DE10)/$BP$37 -> 0.023321869 | DT10: =AZ10 -> 40617 | DU10: =DE10*BZ10 -> 42.075758 | DV10: =IF(BQ10=0,0.001,DU10/BQ10) -> 0.0035063132 | DW10: =DV10*315 -> 1.1044886 | DX10: =IF((BR10<0.25),DX9,IF(DX9=100,100,IF(CT8>$AH$52,100,""))) | DY10: =IF(DY9=100,100,IF(BS10<100,IF((DW8+DW9)>$AH$53,100,""),"")) | EA10: =SUM(DX10:DZ10) -> 0 | EB10: =BS9*0.9/20*$BP$37 -> 3079.6875 | EC10: =BQ10-BQ9 -> -2000 | ED10: =EB10-EC10 -> 5079.6875 | EE10: =ED10/$BP$37 -> 334.00685 | EF10: =IF(DV10>0.15,1,$BP$36) -> 0.6 | EG10: =ED10*EF10*DV10 -> 10.686585 | EI10: =DH10 -> 76.441446 | EJ10: =EO$58 -> 34.332155 | EK10: =EN$60 -> 0 | EO10: 40617 | EP10: 42993 | ES10: 10.08
AZ11: =IF($AB$21="x", EP11,EO11) -> 40634 | BA11: =IF(EA11>0,"",DE11) -> 171.79688 | BB11: =IF(EA11>0,"",DS11) -> 0.03018934 | BC11: =IF(EA11>0,"",DL11) -> 0 | BD11: =IF(EA11>0,"",DW11) -> 1.2121398 | BE11: =IF(EA11>0,"",IF(BS11<5,"s.o.",CT11)) -> 0.014192599 | BF11: =IF(EA11>0,"",BZ11) -> 0.26878691 | BO11: =AZ11 -> 40634 | BP11: =IF($AZ$32="d",'Profils de colonie'!I37,IF($AZ$32="n",'Profils de colonie'!I65,IF($AZ$32="p",'Profils de colonie'!I93,IF($AZ$32="a",'Profils de colonie'!I121,IF($AZ$32="b",'Profils de colonie'!I149,IF($AZ$32="c",'Profils de colonie'!I177,IF($AZ$32="r",'Profils de colonie'!I205,IF($AZ$32="s",'Profils de colonie'!I233,IF($AZ$32="f",'Profils de colonie'!I261,"erreur"))))))))) -> 6 | BQ11: =BP11*$BP$45 -> 12000 | BR11: =IF($AZ$32="d",'Profils de colonie'!G37,IF($AZ$32="n",'Profils de colonie'!G65,IF($AZ$32="p",'Profils de colonie'!G93,IF($AZ$32="a",'Profils de colonie'!G121,IF($AZ$32="b",'Profils de colonie'!G149,IF($AZ$32="c",'Profils de colonie'!G177,IF($AZ$32="r",'Profils de colonie'!G205,IF($AZ$32="s",'Profils de colonie'!G233,IF($AZ$32="f",'Profils de colonie'!G261,"erreur"))))))))) -> 3 | BS11: =IF(BR11=0,1,$BP$44*BR11) -> 13500 | BT11: =IF(BQ11=0,0,BS11/BQ11) -> 1.125 | BU11: =BS11*12/20 -> 8100 | BV11: =CT11*BU11 -> 114.96005 | BW11: =BS11/20 -> 675 | BX11: =IF(BT11=0,0.001,(-$BP$43*LN(BT11))+$BP$42) -> 4.4110848 | BY11: =BX11+12 -> 16.411085 | BZ11: =IF(BR11=0,1,BX11/BY11) -> 0.26878691 | CA11: =1-BZ11 -> 0.73121309 | CB11: =DE11*CA11 -> 125.62013 | CC11: =0.6*BS11 -> 8100 | CD11: =IF($AZ$32="d",'Profils de colonie'!K37,IF($AZ$32="n",'Profils de colonie'!K65,IF($AZ$32="p",'Profils de colonie'!K93,IF($AZ$32="a",'Profils de colonie'!K121,IF($AZ$32="b",'Profils de colonie'!K149,IF($AZ$32="c",'Profils de colonie'!K177,IF($AZ$32="r",'Profils de colonie'!K205,IF($AZ$32="s",'Profils de colonie'!K205,IF($AZ$32="f",'Profils de colonie'!K261,"erreur"))))))))) -> 0.03 | CE11: =CD11*16/25 -> 0.0192 | CF11: =CE11*$BP$43 -> 0.096 | CG11: =CF11*CA11 -> 0.070196456 | CH11: =CF11*CB11 -> 12.059532 | CI11: =IF(CE11=0,0,CH11/(CC11*CE11)) -> 0.077543289 | CJ11: =1-(POISSON(0,CI11,FALSE)) -> 0.074613035 | CK11: =IF(CJ11=0,0,CI11/CJ11) -> 1.0392727 | CL11: =BX11+15 -> 19.411085 | CM11: 1 | CN11: =(1+($BP$32*CM11))*$BP$47 -> 4.275 | CO11: =LN(CN11)/14.75 -> 0.098493837 | CP11: =1-BZ11-CG11 -> 0.66101663 | CQ11: =(1-CE11)*CC11 -> 7944.48 | CR11: =CB11-CH11 -> 113.5606 | CS11: =CR11/CQ11 -> 0.014294277 | CT11: =1-(POISSON(0,CS11,FALSE)) -> 0.014192599 | CU11: =CS11/(CT11+0.000001) -> 1.0070932 | CV11: =1-CF11 -> 0.904 | CW11: =BX11+12 -> 16.411085 | CX11: 1 | CY11: =(1+($BP$30*CX11))*$BP$47 -> 2.258625 | CZ11: =IF(DE11>2*CQ11,0,LN(CY11)/12.5) -> 0.065180498 | DA11: =(CG11*CO11+CP11*CZ11) -> 0.049999311 | DB11: =IF(BT11>0.25,$BV$39,$BV$38) -> -0.0050125418 | DC11: =DA11+DB11 -> 0.04498677 | DE11: =IF(OR($AZ$32="n",$AZ$32="p"),AZ33,DR10) -> 171.79688 | DF11: =DE11*$BP$31 -> 120.25782 | DG11: =DF11 -> 120.25782 | DH11: =DG11*EXP(DA11*$BP$37)-DG11 -> 136.99108 | DI11: =DE11+DH11 -> 308.78797 | DJ11: =DI11-DK11 -> 22.664779 | DK11: =DI11*EXP((IF(BT11>0.25,$BV$39,$BV$38)*$BP$37)) -> 286.12319 | DL11: ='Immigration de varroas'!E18 -> 0 | DM11: =IF(EG11>DU11*EF11,-DU11*EF11,-EG11) -> -14.220997 | DN11: =DL11+DM11 -> -14.220997 | DO11: =DK11+DN11 -> 271.90219 | DP11: =EP$33 -> 0 | DQ11: =DO11*DP11 -> 0 | DR11: =DO11-DQ11 -> 271.90219 | DS11: =LN(DR11/DE11)/$BP$37 -> 0.03018934 | DT11: =AZ11 -> 40634 | DU11: =DE11*BZ11 -> 46.176753 | DV11: =IF(BQ11=0,0.001,DU11/BQ11) -> 0.0038480628 | DW11: =DV11*315 -> 1.2121398 | DX11: =IF((BR11<0.25),DX10,IF(DX10=100,100,IF(CT9>$AH$52,100,""))) | DY11: =IF(DY10=100,100,IF(BS11<100,IF((DW9+DW10)>$AH$53,100,""),"")) | EA11: =SUM(DX11:DZ11) -> 0 | EB11: =BS10*0.9/20*$BP$37 -> 6159.375 | EC11: =BQ11-BQ10 -> 0 | ED11: =EB11-EC11 -> 6159.375 | EE11: =ED11/$BP$37 -> 405 | EF11: =IF(DV11>0.15,1,$BP$36) -> 0.6 | EG11: =ED11*EF11*DV11 -> 14.220997 | EI11: =DH11 -> 136.99108 | EJ11: =EP$58 -> 42.563473 | EK11: =IF(OR($AZ$32="n",$AZ$32="p"),0.15,EO60) -> 0.16612725 | EO11: 40634 | EP11: 43009
AZ12: =IF($AB$21="x", EP12,EO12) -> 40648 | BA12: =IF(EA12>0,"",DE12) -> 271.90219 | BB12: =IF(EA12>0,"",DS12) -> 0.037146174 | BC12: =IF(EA12>0,"",DL12) -> 0 | BD12: =IF(EA12>0,"",DW12) -> 1.153313 | BE12: =IF(EA12>0,"",IF(BS12<5,"s.o.",CT12)) -> 0.013189769 | BF12: =IF(EA12>0,"",BZ12) -> 0.21544871 | BG12: 0.5 | BH12: Traitement unique, de faible intensité, à l’acide formique pour une réduction rapide | BO12: =AZ12 -> 40648 | BP12: =IF($AZ$32="d",'Profils de colonie'!I38,IF($AZ$32="n",'Profils de colonie'!I66,IF($AZ$32="p",'Profils de colonie'!I94,IF($AZ$32="a",'Profils de colonie'!I122,IF($AZ$32="b",'Profils de colonie'!I150,IF($AZ$32="c",'Profils de colonie'!I178,IF($AZ$32="r",'Profils de colonie'!I206,IF($AZ$32="s",'Profils de colonie'!I234,IF($AZ$32="f",'Profils de colonie'!I262,"erreur"))))))))) -> 8 | BQ12: =BP12*$BP$45 -> 16000 | BR12: =IF($AZ$32="d",'Profils de colonie'!G38,IF($AZ$32="n",'Profils de colonie'!G66,IF($AZ$32="p",'Profils de colonie'!G94,IF($AZ$32="a",'Profils de colonie'!G122,IF($AZ$32="b",'Profils de colonie'!G150,IF($AZ$32="c",'Profils de colonie'!G178,IF($AZ$32="r",'Profils de colonie'!G206,IF($AZ$32="s",'Profils de colonie'!G234,IF($AZ$32="f",'Profils de colonie'!G262,"erreur"))))))))) -> 5 | BS12: =IF(BR12=0,1,$BP$44*BR12) -> 22500 | BT12: =IF(BQ12=0,0,BS12/BQ12) -> 1.40625 | BU12: =BS12*12/20 -> 13500 | BV12: =CT12*BU12 -> 178.06188 | BW12: =BS12/20 -> 1125 | BX12: =IF(BT12=0,0.001,(-$BP$43*LN(BT12))+$BP$42) -> 3.2953671 | BY12: =BX12+12 -> 15.295367 | BZ12: =IF(BR12=0,1,BX12/BY12) -> 0.21544871 | CA12: =1-BZ12 -> 0.78455129 | CB12: =DE12*CA12 -> 213.32121 | CC12: =0.6*BS12 -> 13500 | CD12: =IF($AZ$32="d",'Profils de colonie'!K38,IF($AZ$32="n",'Profils de colonie'!K66,IF($AZ$32="p",'Profils de colonie'!K94,IF($AZ$32="a",'Profils de colonie'!K122,IF($AZ$32="b",'Profils de colonie'!K150,IF($AZ$32="c",'Profils de colonie'!K178,IF($AZ$32="r",'Profils de colonie'!K206,IF($AZ$32="s",'Profils de colonie'!K206,IF($AZ$32="f",'Profils de colonie'!K262,"erreur"))))))))) -> 0.06 | CE12: =CD12*16/25 -> 0.0384 | CF12: =CE12*$BP$43 -> 0.192 | CG12: =CF12*CA12 -> 0.15063385 | CH12: =CF12*CB12 -> 40.957673 | CI12: =IF(CE12=0,0,CH12/(CC12*CE12)) -> 0.079007857 | CJ12: =1-(POISSON(0,CI12,FALSE)) -> 0.075967336 | CK12: =IF(CJ12=0,0,CI12/CJ12) -> 1.0400241 | CL12: =BX12+15 -> 18.295367 | CM12: 1 | CN12: =(1+($BP$32*CM12))*$BP$47 -> 4.275 | CO12: =LN(CN12)/14.75 -> 0.098493837 | CP12: =1-BZ12-CG12 -> 0.63391744 | CQ12: =(1-CE12)*CC12 -> 12981.6 | CR12: =CB12-CH12 -> 172.36354 | CS12: =CR12/CQ12 -> 0.013277527 | CT12: =1-(POISSON(0,CS12,FALSE)) -> 0.013189769 | CU12: =CS12/(CT12+0.000001) -> 1.0065771 | CV12: =1-CF12 -> 0.808 | CW12: =BX12+12 -> 15.295367 | CX12: 1 | CY12: =(1+($BP$30*CX12))*$BP$47 -> 2.258625 | CZ12: =IF(DE12>2*CQ12,0,LN(CY12)/12.5) -> 0.065180498 | DA12: =(CG12*CO12+CP12*CZ12) -> 0.05615556 | DB12: =IF(BT12>0.25,$BV$39,$BV$38) -> -0.0050125418 | DC12: =DA12+DB12 -> 0.051143018 | DE12: =DR11 -> 271.90219 | DF12: =DE12*$BP$31 -> 190.33153 | DG12: =DF12 -> 190.33153 | DH12: =DG12*EXP(DA12*$BP$37)-DG12 -> 256.77636 | DI12: =DE12+DH12 -> 528.67855 | DJ12: =DI12-DK12 -> 38.804565 | DK12: =DI12*EXP((IF(BT12>0.25,$BV$39,$BV$38)*$BP$37)) -> 489.87399 | DL12: ='Immigration de varroas'!E19 -> 0 | DM12: =IF(EG12>DU12*EF12,-DU12*EF12,-EG12) -> -11.509102 | DN12: =DL12+DM12 -> -11.509102 | DO12: =DK12+DN12 -> 478.36488 | DP12: =EQ$33 -> 0 | DQ12: =DO12*DP12 -> 0 | DR12: =DO12-DQ12 -> 478.36488 | DS12: =LN(DR12/DE12)/$BP$37 -> 0.037146174 | DT12: =AZ12 -> 40648 | DU12: =DE12*BZ12 -> 58.580975 | DV12: =IF(BQ12=0,0.001,DU12/BQ12) -> 0.003661311 | DW12: =DV12*315 -> 1.153313 | DX12: =IF((BR12<0.25),DX11,IF(DX11=100,100,IF(CT10>$AH$52,100,""))) | DY12: =IF(DY11=100,100,IF(BS12<100,IF((DW10+DW11)>$AH$53,100,""),"")) | EA12: =SUM(DX12:DZ12) -> 0 | EB12: =BS11*0.9/20*$BP$37 -> 9239.0625 | EC12: =BQ12-BQ11 -> 4000 | ED12: =EB12-EC12 -> 5239.0625 | EE12: =ED12/$BP$37 -> 344.4863 | EF12: =IF(DV12>0.15,1,$BP$36) -> 0.6 | EG12: =ED12*EF12*DV12 -> 11.509102 | EI12: =DH12 -> 256.77636 | EJ12: =EQ$58 -> 53.536682 | EK12: =EP$60 -> 0.12949658 | EO12: 40648 | EP12: 43023 | ER12: 0.62 | ES12: 7.875
